Workbook

Sheet OCT-DIC 2021
A1: Promotora de turismo de Nariño Ltda
A2: NIT 891.200.373 - 3
A3: EJECUCION DE GASTOS
A4: Periodo: Octubre a Diciembre de 2021
A5: Fecha de Impresion: 2022-4-20
D6: Modificaciones | K6: Disponibilidades | M6: Compromisos | O6: Obligaciones
A7: Codigo | B7: Nombre | C7: Apropiacion Inicial | D7: Adiciones | E7: Reducciones | F7: Creditos | G7: Contra Creditos | H7: Apropiacion Def | I7: Aplazam | J7: Desaplazam | K7: Totales | L7: Sin Afectacion | M7: Totales | N7: Sin Afectacion | O7: Totales | P7: Sin Afectacion | Q7: Pagos | R7: Saldo Disponible | S7: Tipo
A8: 2 | B8: Gastos | C8: 3880280644 | D8: 5.6409232e+09 | E8: 0 | F8: 1.0305992e+09 | G8: 1.0305992e+09 | H8: 9.5212038e+09 | I8: 0 | J8: 0 | K8: 5.3339827e+09 | L8: -5.4312225e+09 | M8: 1.0765205e+10 | N8: 5.0678699e+09 | O8: 5.6973353e+09 | P8: 2.3873974e+09 | Q8: 3.3099379e+09 | R8: 4.1872211e+09 | S8: Titulo
A9: 2.1 | B9: Funcionamiento | C9: 3880280644 | D9: 5.6409232e+09 | E9: 0 | F9: 1.0305992e+09 | G9: 1.0305992e+09 | H9: 9.5212038e+09 | I9: 0 | J9: 0 | K9: 5.3339827e+09 | L9: -5.4312225e+09 | M9: 1.0765205e+10 | N9: 5.0678699e+09 | O9: 5.6973353e+09 | P9: 2.3873974e+09 | Q9: 3.3099379e+09 | R9: 4.1872211e+09 | S9: Titulo
A10: 2.1.1 | B10: Gastos de personal | C10: 1733419710 | D10: 0 | E10: 0 | F10: 98447257 | G10: 0 | H10: 1.831867e+09 | I10: 0 | J10: 0 | K10: 415407863 | L10: -600000 | M10: 416007863 | N10: -81364474 | O10: 497372337 | P10: 32058335 | Q10: 465314002 | R10: 1.4164591e+09 | S10: Titulo
A11: 2.1.1.01 | B11: Planta de personal permanente | C11: 1733419710 | D11: 0 | E11: 0 | F11: 98447257 | G11: 0 | H11: 1.831867e+09 | I11: 0 | J11: 0 | K11: 415407863 | L11: -600000 | M11: 416007863 | N11: -81364474 | O11: 497372337 | P11: 32058335 | Q11: 465314002 | R11: 1.4164591e+09 | S11: Titulo
A12: 2.1.1.01.01 | B12: Factores constitutivos de salario | C12: 923737936 | D12: 0 | E12: 0 | F12: 8147256.7 | G12: 0 | H12: 9.3188519e+08 | I12: 0 | J12: 0 | K12: 231615327 | L12: 0 | M12: 231615327 | N12: -2239916 | O12: 233855243 | P12: -40496509 | Q12: 274351752 | R12: 7.0026987e+08 | S12: Titulo
A13: 2.1.1.01.01.001 | B13: Factores salariales comunes | C13: 923737936 | D13: 0 | E13: 0 | F13: 8147256.7 | G13: 0 | H13: 9.3188519e+08 | I13: 0 | J13: 0 | K13: 231615327 | L13: 0 | M13: 231615327 | N13: -2239916 | O13: 233855243 | P13: -40496509 | Q13: 274351752 | R13: 7.0026987e+08 | S13: Titulo
A14: 2.1.1.01.01.001.01 | B14: Sueldo básico | C14: 725666112 | D14: 0 | E14: 0 | F14: 0 | G14: 0 | H14: 725666112 | I14: 0 | J14: 0 | K14: 1.4898685e+08 | L14: 0 | M14: 1.4898685e+08 | N14: 0 | O14: 1.4898685e+08 | P14: -51684000 | Q14: 2.0067085e+08 | R14: 5.7667926e+08 | S14: Titulo
A15: 2.1.1.01.01.001.01.001 | B15: SUELDOS | C15: 725666112 | D15: 0 | E15: 0 | F15: 0 | G15: 0 | H15: 725666112 | I15: 0 | J15: 0 | K15: 1.4898685e+08 | L15: 0 | M15: 1.4898685e+08 | N15: 0 | O15: 1.4898685e+08 | P15: -51684000 | Q15: 2.0067085e+08 | R15: 5.7667926e+08 | S15: Titulo
A16: 2.1.1.01.01.001.01.001.01 | B16: Rentas propias (administración central) o recursos propios (entidades descentralizadas) | C16: 725666112 | D16: 0 | E16: 0 | F16: 0 | G16: 0 | H16: 725666112 | I16: 0 | J16: 0 | K16: 1.4898685e+08 | L16: 0 | M16: 1.4898685e+08 | N16: 0 | O16: 1.4898685e+08 | P16: -51684000 | Q16: 2.0067085e+08 | R16: 5.7667926e+08 | S16: Titulo
A17: 2.1.1.01.01.001.01.001.01.3 | B17: GENERAL | C17: 725666112 | D17: 0 | E17: 0 | F17: 0 | G17: 0 | H17: 725666112 | I17: 0 | J17: 0 | K17: 1.4898685e+08 | L17: 0 | M17: 1.4898685e+08 | N17: 0 | O17: 1.4898685e+08 | P17: -51684000 | Q17: 2.0067085e+08 | R17: 5.7667926e+08 | S17: Detalle
A18: 2.1.1.01.01.001.02 | B18: Horas extras, dominicales, festivos y recargos | C18: 28000000 | D18: 0 | E18: 0 | F18: 8147256.7 | G18: 0 | H18: 36147257 | I18: 0 | J18: 0 | K18: 11705487 | L18: 0 | M18: 11705487 | N18: 0 | O18: 11705487 | P18: -2650184 | Q18: 14355671 | R18: 24441770 | S18: Titulo
A19: 2.1.1.01.01.001.02.001 | B19: HORAS EXTRAS | C19: 15000000 | D19: 0 | E19: 0 | F19: 3813923.3 | G19: 0 | H19: 18813923 | I19: 0 | J19: 0 | K19: 7372153.3 | L19: 0 | M19: 7372153.3 | N19: 0 | O19: 7372153.3 | P19: -2142988 | Q19: 9515141.3 | R19: 11441770 | S19: Titulo
... A402: 2.1.8.04.03.001.01.3 | B402: GENERAL | C402: 95000000 | D402: 0 | E402: 0 | F402: 0 | G402: 0 | H402: 95000000 | I402: 0 | J402: 0 | K402: 0 | L402: 0 | M402: 0 | N402: 0 | O402: 0 | P402: 0 | Q402: 0 | R402: 95000000 | S402: Detalle

Sheet ENE-MAR 2022
A1: Promotora de turismo de Nariño Ltda
A2: NIT 891.200.373 - 3
A3: EJECUCION DE GASTOS
A4: Periodo: Enero a Marzo de 2022
A5: Fecha de Impresion: 2022-4-20
D6: Modificaciones | K6: Disponibilidades | M6: Compromisos | O6: Obligaciones
A7: Codigo | B7: Nombre | C7: Apropiacion Inicial | D7: Adiciones | E7: Reducciones | F7: Creditos | G7: Contra Creditos | H7: Apropiacion Def | I7: Aplazam | J7: Desaplazam | K7: Totales | L7: Sin Afectacion | M7: Totales | N7: Sin Afectacion | O7: Totales | P7: Sin Afectacion | Q7: Pagos | R7: Saldo Disponible | S7: Tipo
A8: 2 | B8: Gastos | C8: 1.1052077e+10 | D8: 0 | E8: 0 | F8: 20000000 | G8: 20000000 | H8: 1.1052077e+10 | I8: 0 | J8: 0 | K8: 6.3505823e+09 | L8: 3.4774846e+09 | M8: 2.8730977e+09 | N8: 6.5547002e+08 | O8: 2.2176277e+09 | P8: 8.9408308e+08 | Q8: 1.3235446e+09 | R8: 4.7014946e+09 | S8: Titulo
A9: 2.1 | B9: Funcionamiento | C9: 2.4204335e+09 | D9: 0 | E9: 0 | F9: 20000000 | G9: 20000000 | H9: 2.4204335e+09 | I9: 0 | J9: 0 | K9: 4.7628249e+08 | L9: 159724928 | M9: 3.1655757e+08 | N9: 63281858 | O9: 2.5327571e+08 | P9: 86019406 | Q9: 1.672563e+08 | R9: 1.944151e+09 | S9: Titulo
A10: 2.1.1 | B10: Gastos de personal | C10: 6.0322238e+08 | D10: 0 | E10: 0 | F10: 0 | G10: 0 | H10: 6.0322238e+08 | I10: 0 | J10: 0 | K10: 116571939 | L10: 0 | M10: 116571939 | N10: 0 | O10: 116571939 | P10: 7427553 | Q10: 109144386 | R10: 4.8665044e+08 | S10: Titulo
A11: 2.1.1.01 | B11: Planta de personal permanente | C11: 6.0322238e+08 | D11: 0 | E11: 0 | F11: 0 | G11: 0 | H11: 6.0322238e+08 | I11: 0 | J11: 0 | K11: 116571939 | L11: 0 | M11: 116571939 | N11: 0 | O11: 116571939 | P11: 7427553 | Q11: 109144386 | R11: 4.8665044e+08 | S11: Titulo
A12: 2.1.1.01.01 | B12: Factores constitutivos de salario | C12: 4.8244627e+08 | D12: 0 | E12: 0 | F12: 0 | G12: 0 | H12: 4.8244627e+08 | I12: 0 | J12: 0 | K12: 101622676 | L12: 0 | M12: 101622676 | N12: 0 | O12: 101622676 | P12: 42382 | Q12: 101580294 | R12: 3.808236e+08 | S12: Titulo
A13: 2.1.1.01.01.001 | B13: Factores salariales comunes | C13: 4.8244627e+08 | D13: 0 | E13: 0 | F13: 0 | G13: 0 | H13: 4.8244627e+08 | I13: 0 | J13: 0 | K13: 101622676 | L13: 0 | M13: 101622676 | N13: 0 | O13: 101622676 | P13: 42382 | Q13: 101580294 | R13: 3.808236e+08 | S13: Titulo
A14: 2.1.1.01.01.001.01 | B14: Sueldo básico | C14: 3.9174831e+08 | D14: 0 | E14: 0 | F14: 0 | G14: 0 | H14: 3.9174831e+08 | I14: 0 | J14: 0 | K14: 95810459 | L14: 0 | M14: 95810459 | N14: 0 | O14: 95810459 | P14: 0 | Q14: 95810459 | R14: 2.9593785e+08 | S14: Detalle
A15: 2.1.1.01.01.001.02 | B15: Horas extras, dominicales, festivos y recargos | C15: 12005465 | D15: 0 | E15: 0 | F15: 0 | G15: 0 | H15: 12005465 | I15: 0 | J15: 0 | K15: 3519331 | L15: 0 | M15: 3519331 | N15: 0 | O15: 3519331 | P15: 0 | Q15: 3519331 | R15: 8486133.8 | S15: Detalle
A16: 2.1.1.01.01.001.05 | B16: Auxilio de transporte | C16: 7030320 | D16: 0 | E16: 0 | F16: 0 | G16: 0 | H16: 7030320 | I16: 0 | J16: 0 | K16: 2105190 | L16: 0 | M16: 2105190 | N16: 0 | O16: 2105190 | P16: 0 | Q16: 2105190 | R16: 4925130 | S16: Detalle
A17: 2.1.1.01.01.001.06 | B17: Prima de servicio | C17: 20277722 | D17: 0 | E17: 0 | F17: 0 | G17: 0 | H17: 20277722 | I17: 0 | J17: 0 | K17: 93847 | L17: 0 | M17: 93847 | N17: 0 | O17: 93847 | P17: 21190 | Q17: 72657 | R17: 20183875 | S17: Detalle
A18: 2.1.1.01.01.001.08 | B18: Prestaciones sociales | C18: 51384454 | D18: 0 | E18: 0 | F18: 0 | G18: 0 | H18: 51384454 | I18: 0 | J18: 0 | K18: 93849 | L18: 0 | M18: 93849 | N18: 0 | O18: 93849 | P18: 21192 | Q18: 72657 | R18: 51290604 | S18: Titulo
A19: 2.1.1.01.01.001.08.01 | B19: Prima de navidad | C19: 33258159 | D19: 0 | E19: 0 | F19: 0 | G19: 0 | H19: 33258159 | I19: 0 | J19: 0 | K19: 0 | L19: 0 | M19: 0 | N19: 0 | O19: 0 | P19: 0 | Q19: 0 | R19: 33258159 | S19: Detalle
... A187: 2.4.5.02.08.021 | B187: OTROS GASTOS POR ADQUISICIÒN DE SERVICIOS H SINDAMANOY - VIGENCIA 2021 | C187: 1970000 | D187: 0 | E187: 0 | F187: 0 | G187: 0 | H187: 1970000 | I187: 0 | J187: 0 | K187: 1970000 | L187: 0 | M187: 1970000 | N187: 1436823.5 | O187: 533176.48 | P187: 533176.48 | Q187: 0 | R187: 0 | S187: Detalle

Sheet ENERO - MARZO 
A1: MORASURCO
A2: ENERGIA OCTUBRE A DICIEMBRE 2021
A3: Cuenta | B3: Fuente | C3: Fecha | D3: Comprobante | E3: Numero | F3: Tercero | G3: Identificacion | H3: Detalle | I3: Doc Afectado | J3: Numero | K3: Credito | L3: Contra Credito
A4: 2.1.2.02.02.006.007.01.1 | C4: 44517 | D4: Obligacion presupuestal | E4: 2021101466 | F4: CENTRALES ELECTRICAS DE NARINO S.A. E.S.P | G4: 891200200 | H4: REGISTRO FAC 34670885, POR CONCEPTO DE SERVICIO DE ENERGIA PERIODO 21 DE SEPTIEMBRE DE 2021 - 21 DE OCTUBRE DE 2021, CORRESPONDE AL MES DE OCTUBRE DE 2021 CODIGO CLIENTE N0. 215954, REF DE PAGO NO.83489926 - OPERACION COMERCIAL HOTEL MORASURCO - TURNARINO LTDA. | I4: Compromiso presupuestal | J4: 2021001610 | K4: 1,528,480.00 | L4: 0.00
A5: 2.1.2.02.02.006.007.01.1 | C5: 44517 | D5: Obligacion presupuestal | E5: 2021101466 | F5: CENTRALES ELECTRICAS DE NARINO S.A. E.S.P | G5: 891200200 | H5: REGISTRO FAC 34670885, POR CONCEPTO DE SERVICIO DE ENERGIA PERIODO 21 DE SEPTIEMBRE DE 2021 - 21 DE OCTUBRE DE 2021, CORRESPONDE AL MES DE OCTUBRE DE 2021 CODIGO CLIENTE N0. 215954, REF DE PAGO NO.83489926 - OPERACION COMERCIAL HOTEL MORASURCO - TURNARINO LTDA. | I5: Compromiso presupuestal | J5: 2021000016 | K5: 1,583,840.00 | L5: 0.00
A6: 2.1.2.02.02.006.007.01.1 | C6: 44530 | D6: Obligacion presupuestal | E6: 2021101655 | F6: CENTRALES ELECTRICAS DE NARINO S.A. E.S.P | G6: 891200200 | H6: REGISTRO DE FACTURA NO. 35457397 CODIGO INTERNO CE-215954 PERIODO DEL 21 DEOCTUBRE A 22 DE NOVIEMBRE DE 2021, REFERENCIA DE PAGO NO.84333716 PARA OPERACIÓN CCIAL HOTEL MORASURCO DE PROPIEDAD DE TURNARIÑO LTDA, | I6: Compromiso presupuestal | J6: 2021001610 | K6: 3,544,100.00 | L6: 0.00
A7: 2.1.2.02.02.006.007.01.1 | C7: 44561 | D7: Obligacion presupuestal | E7: 2021101997 | F7: CENTRALES ELECTRICAS DE NARINO S.A. E.S.P | G7: 891200200 | H7: REGISTRO DE FACTURA NO. 36054152 CODIGO INTERNO CE-215954 PERIODO DEL 22 DE NOVIEMBRE A 21 DE DICIEMBRE DE 2021, REFERENCIA DE PAGO NO.84971974 PARA OPERACIÓN CCIAL HOTEL MORASURCO DE PROPIEDAD DE TURNARIÑO LTDA, | I7: Compromiso presupuestal | J7: 2021001610 | K7: 3,640,880.00 | L7: 0.00
J8: SUMAS | K8: 10297300 | L8: 0.00
A9: ENERGIA ENERO A MARZO 2022
A10: Cuenta | B10: Fuente | C10: Fecha | D10: Comprobante | E10: Numero | F10: Tercero | G10: Identificacion | H10: Detalle | I10: Doc Afectado | J10: Numero | K10: Credito | L10: Contra Credito
A11: 2.4.5.02.06.007 | C11: 44592 | D11: Obligacion presupuestal | E11: 2022100025 | F11: CENTRALES ELECTRICAS DE NARINO S.A. E.S.P | G11: 891200200 | H11: REGISTRO DE FACTURA NO. 36841724 CODIGO INTERNO CE-215954 PERIODO DEL 21 DE DICIEMBRE A 22 DE ENERO DE 2022, REFERENCIA DE PAGO NO.85702377 PARA OPERACIÓN CCIAL HOTEL MORASURCO DE PROPIEDAD DE TURNARIÑO LTDA, | I11: Compromiso presupuestal | J11: 2022000012 | K11: 3,359,020.00 | L11: 0.00
A12: 2.4.5.02.06.007 | C12: 44620 | D12: Obligacion presupuestal | E12: 2022100105 | F12: CENTRALES ELECTRICAS DE NARINO S.A. E.S.P | G12: 891200200 | H12: REGISTRO DE FACTURA NO.3741377 CODIGO INTERNO CE-215954 PERIODO DEL 22 DE ENERO A 19 DE FEBRERO DE 2022, REFERENCIA DE PAGO NO.86279352 PARA OPERACIÓN CCIAL HOTEL MORASURCO DE PROPIEDAD DE TURNARIÑO LTDA, | I12: Compromiso presupuestal | J12: 2022000012 | K12: 2,770,820.00 | L12: 0.00
A13: 2.4.5.02.06.007 | C13: 44651 | D13: Obligacion presupuestal | E13: 2022100314 | F13: CENTRALES ELECTRICAS DE NARINO S.A. E.S.P | G13: 891200200 | H13: SERVICIO DE ENERGIA ELECTRICA, HOTEL MORASURCO Y HOTEL SINDAMANOY PARA OPERACION CCIAL TURNARIÑO LTDA VIGENCIA 2022 | I13: Compromiso presupuestal | J13: 2022000012 | K13: 3,467,660.00 | L13: 0.00
J14: SUMAS | K14: 9597500 | L14: 0.00
A15: SINDAMANOY
A16: ENERGIA OCTUBRE A DICIEMBRE 2021
A17: Cuenta | B17: Fuente | C17: Fecha | D17: Comprobante | E17: Numero | F17: Tercero | G17: Identificacion | H17: Detalle | I17: Doc Afectado | J17: Numero | K17: Credito | L17: Contra Credito
A18: 2.1.2.02.02.006.008.01.2 | C18: 44517 | D18: Obligacion presupuestal | E18: 2021590227 | F18: CENTRALES ELECTRICAS DE NARINO S.A. E.S.P | G18: 891200200 | H18: REGISTRO DE FACTURA NO. 34151943 CODIGO INTERNO CE-1071403 PERIODO DEL 07 DE OCTUBRE A 05 DE NOVIEMBRE DE 2021, REFERENCIA DE PAGO No.83592590, OPERACIÓN CCIAL HOTEL SINDAMANOY - TURNARIÑO LTDA, | I18: Compromiso presupuestal | J18: 2021001610 | K18: 824,870.00 | L18: 0.00
A19: 2.1.2.02.02.006.008.01.2 | C19: 44517 | D19: Obligacion presupuestal | E19: 2021590227 | F19: CENTRALES ELECTRICAS DE NARINO S.A. E.S.P | G19: 891200200 | H19: REGISTRO DE FACTURA NO. 34151943 CODIGO INTERNO CE-1071403 PERIODO DEL 07 DE OCTUBRE A 05 DE NOVIEMBRE DE 2021, REFERENCIA DE PAGO No.83592590, OPERACIÓN CCIAL HOTEL SINDAMANOY - TURNARIÑO LTDA, | I19: Compromiso presupuestal | J19: 2021000016 | K19: 1,908,220.00 | L19: 0.00
A20: 2.1.2.02.02.006.008.01.2 | C20: 44537 | D20: Obligacion presupuestal | E20: 2021590240 | F20: CENTRALES ELECTRICAS DE NARINO S.A. E.S.P | G20: 891200200 | H20: REGISTRO DE FACTURA NO. 35108956 CODIGO INTERNO CE-1071403 PERIODO DEL 05 DE NOVIEMBRE A 05 DE DICIEMBRE DE 2021, REFERENCIA DE PAGO No.840007175, OPERACIÓN CCIAL HOTEL SINDAMANOY - TURNARIÑO LTDA, | I20: Compromiso presupuestal | J20: 2021001610 | K20: 2,844,280.00 | L20: 0.00
A21: 2.1.2.02.02.006.008.01.2 | C21: 44556 | D21: Obligacion presupuestal | E21: 2021590264 | F21: CENTRALES ELECTRICAS DE NARINO S.A. E.S.P | G21: 891200200 | H21: REGISTRO DE FACTURA NO. 35746140 CODIGO INTERNO CE-1071403 PERIODO DEL 05 DE DICIEMBRE A 05 DE ENERO DE 2022, REFERENCIA DE PAGO No.83592590, OPERACIÓN CCIAL HOTEL SINDAMANOY - TURNARIÑO LTDA, | I21: Compromiso presupuestal | J21: 2021001610 | K21: 3,955,300.00 | L21: 0.00
J22: SUMAS | K22: 9532670 | L22: 0.00
A24: ENERGIA ENERO A MARZO 2022
A25: Cuenta | B25: Fuente | C25: Fecha | D25: Comprobante | E25: Numero | F25: Tercero | G25: Identificacion | H25: Detalle | I25: Doc Afectado | J25: Numero | K25: Credito | L25: Contra Credito
A26: 2.4.5.02.06.008 | C26: 44592 | D26: Obligacion presupuestal | E26: 2022590009 | F26: CENTRALES ELECTRICAS DE NARINO S.A. E.S.P | G26: 891200200 | H26: REGISTRO DE FACTURA NO. 36340692 CODIGO INTERNO CE-1071403 PERIODO DEL 07 DE ENERO A 06 DE FEBRERO DE 2022, REFERENCIA DE PAGO No.85349271, OPERACIÓN CCIAL HOTEL SINDAMANOY - TURNARIÑO LTDA | I26: Compromiso presupuestal | J26: 2022000012 | K26: 3,441,750.00 | L26: 0.00
A27: 2.4.5.02.06.008 | C27: 44624 | D27: Obligacion presupuestal | E27: 2022590040 | F27: CENTRALES ELECTRICAS DE NARINO S.A. E.S.P | G27: 891200200 | H27: REGISTRO DE FACTURA NO. 37040452 CODIGO INTERNO CE-1071403 PERIODO DEL 07 DE FEBRERO A 06 DE MARZO DE 2022, REFERENCIA DE PAGO No.85349271, OPERACIÓN CCIAL HOTEL SINDAMANOY - TURNARIÑO LTDA | I27: Compromiso presupuestal | J27: 2022000012 | K27: 3,156,500.00 | L27: 0.00
A28: 2.4.5.02.06.008 | C28: 44651 | D28: Obligacion presupuestal | E28: 2022590057 | F28: CENTRALES ELECTRICAS DE NARINO S.A. E.S.P | G28: 891200200 | H28: REGISTRO DE FACTURA NO. 37723803 CODIGO INTERNO CE-1071403 PERIODO DEL 07 DE MARZO A 07 DE ABRIL DE 2022, REFERENCIA DE PAGO NO.86664486, OPERACIÓN CCIAL HOTEL SINDAMANOY - TURNARIÑO LTDA | I28: Compromiso presupuestal | J28: 2022000012 | K28: 2,500,300.00 | L28: 0.00
J29: SUMAS | K29: 10399073 | L29: 0.00
B31: OCTUBRE A DICIEMBRE | D31: =K8+K22 -> 19829970
B32: ENERO A MARZO | D32: =K14+K29 -> 19996573
A34: MORASURCO
A35: ACUEDUCTO Y ALCANTARILLADO OCTUBRE A DICIEMBRE 2021
A36: Cuenta | B36: Fuente | C36: Fecha | D36: Comprobante | E36: Numero | F36: Tercero | G36: Identificacion | H36: Detalle | I36: Doc Afectado | J36: Numero | K36: Credito | L36: Contra Credito
A37: 2.1.2.02.02.006.005.01.1 | C37: 44476 | D37: Obligacion presupuestal | E37: 2021101179 | F37: EMPRESA DE OBRAS SANITARIAS DE PASTO EMPOPASTO S.A. E.S.P. | G37: 891200686 | H37: REGISTRO FAC.20484410 SERVICIO DE ACUEDUCTO Y ALCANTARILLADO DEL MES DE OCTUBRE PERIODO 02 DE OCTUBRE DE 2021 A 01 DE OCTUBRE DE 2021, CODIGO 2607 - OPERACION COMERCIAL HOTEL MORASURCO - TURNARINO LTDA | I37: Compromiso presupuestal | J37: 2021000377 | K37: 6,500,830.00 | L37: 0.00
A38: 2.1.2.02.02.006.005.01.1 | C38: 44530 | D38: Obligacion presupuestal | E38: 2021101656 | F38: EMPRESA DE OBRAS SANITARIAS DE PASTO EMPOPASTO S.A. E.S.P. | G38: 891200686 | H38: REGISTRO FAC.20685021 SERVICIO DE ACUEDUCTO Y ALCANTARILLADO DEL MES DE NOVIEMBRE PERIODO 02 DE NOVIEMBRE DE 2021 A 01 DE DICIEMBRE DE 2021, CODIGO 2607 - OPERACION COMERCIAL HOTEL MORASURCO - TURNARINO LTDA | I38: Compromiso presupuestal | J38: 2021000377 | K38: 6,443,520.00 | L38: 0.00
A39: 2.1.2.02.02.006.005.01.1 | C39: 44561 | D39: Obligacion presupuestal | E39: 2021101996 | F39: EMPRESA DE OBRAS SANITARIAS DE PASTO EMPOPASTO S.A. E.S.P. | G39: 891200686 | H39: REGISTRO FAC. 20785503 DEL MES DE DICIEMBRE, SERVICIO DE AGUA MES DE DICIEMBRE DE 2021, CODIGO 2607 - OPERACION HOTEL MORASURCO - TURNARINO LTDA | I39: Compromiso presupuestal | J39: 2021000377 | K39: 3,430,300.00 | L39: 0.00
J40: SUMAS | K40: 16374650 | L40: 0.00
A42: ASEO OCTUBRE A DICIEMBRE 2021 MORASURCO Y SINDAMANOY
A43: Cuenta | B43: Fuente | C43: Fecha | D43: Comprobante | E43: Numero | F43: Tercero | G43: Identificacion | H43: Detalle | I43: Doc Afectado | J43: Numero | K43: Credito | L43: Contra Credito
A44: 2.1.2.02.02.008.007.01.1 | C44: 44476 | D44: Obligacion presupuestal | E44: 2021101180 | F44: EMPRESA METROPOLITANA DE ASEO DE PASTO S A ESP | G44: 814000704 | H44: REGISTRO FAC. 14331567 DEL MES DE OCTUBRE, SERVICIO DE ASEO MES DE OCTUBRE DE 2021, CODIGO 2607 - OPERACION HOTEL MORASURCO - TURNARINO LTDA | I44: Compromiso presupuestal | J44: 2021000017 | K44: 419,100.00 | L44: 0.00
A45: 2.1.2.02.02.008.007.01.1 | C45: 44512 | D45: Obligacion presupuestal | E45: 2021101453 | F45: EMPRESA METROPOLITANA DE ASEO DE PASTO S A ESP | G45: 814000704 | H45: REGISTRO FAC. 14451259 DEL MES DE NOVIEMBRE, SERVICIO DE ASEO MES DE OCTUBRE DE 2021, CODIGO 2607 - OPERACION HOTEL MORASURCO - TURNARINO LTDA | I45: Compromiso presupuestal | J45: 2021000017 | K45: 427,700.00 | L45: 0.00
A46: 2.1.2.02.02.008.007.01.1 | C46: 44530 | D46: Obligacion presupuestal | E46: 2021101657 | F46: EMPRESA METROPOLITANA DE ASEO DE PASTO S A ESP | G46: 814000704 | H46: REGISTRO FAC. 14561621 DEL MES DE NOVIEMBRE, SERVICIO DE ASEO MES DE NOVIEMBRE DE 2021, CODIGO 2607 - OPERACION HOTEL MORASURCO - TURNARINO LTDA | I46: Compromiso presupuestal | J46: 2021000017 | K46: 427,820.00 | L46: 0.00
A47: 2.1.2.02.02.008.007.01.1 | C47: 44561 | D47: Obligacion presupuestal | E47: 2021101995 | F47: EMPRESA METROPOLITANA DE ASEO DE PASTO S A ESP | G47: 814000704 | H47: REGISTRO FAC. 14681700 DEL MES DE DICIEMBRE, SERVICIO DE ASEO MES DE DICIEMBRE DE 2021, CODIGO 2607 - OPERACION HOTEL MORASURCO - TURNARINO LTDA | I47: Compromiso presupuestal | J47: 2021000017 | K47: 427,850.00 | L47: 0.00
A48: 2.1.2.02.02.008.007.01.1 | C48: 44560 | D48: Obligacion presupuestal | E48: 2021590267 | F48: EMPRESA METROPOLITANA DE ASEO DE PASTO S A ESP | G48: 814000704 | H48: REGISTRO FAC. 14674731 DEL MES DE DICIEMBRE, SERVICIO DE ASEO PERIODO 02 DE NOVIEMBRE DE 2021 AL 01 DE ENERO DE 2022, CODIGO 5017594 - OPERACION HOTEL SINDAMANOY - TURNARINO LTDA | I48: Compromiso presupuestal | J48: 2021000017 | K48: 663,550.00 | L48: 0.00
J49: SUMAS | K49: 2366020 | L49: 0.00
A51: Cuenta
A52: ACUEDUCTO Y ALCANTARILLADO ENERO A MARZO 2022
A53: Cuenta | B53: Fuente | C53: Fecha | D53: Comprobante | E53: Numero | F53: Tercero | G53: Identificacion | H53: Detalle | I53: Doc Afectado | J53: Numero | K53: Credito | L53: Contra Credito
A54: 2.4.5.02.06.005 | C54: 44592 | D54: Obligacion presupuestal | E54: 2022100023 | F54: EMPRESA DE OBRAS SANITARIAS DE PASTO EMPOPASTO S.A. E.S.P. | G54: 891200686 | H54: REGISTRO FAC. 20886466 DEL MES DE ENERO DE 2022, SERVICIO DE SUMINISTRO AGUA PERIODO 04 DE ENERO DE 2022-01 DE FEBRERO DE 2022, CODIGO 2607 - OPERACION HOTEL MORASURCO - TURNARINO LTDA | I54: Compromiso presupuestal | J54: 2022000011 | K54: 1,222,340.00 | L54: 0.00
A55: 2.4.5.02.06.005 | C55: 44620 | D55: Obligacion presupuestal | E55: 2022100132 | F55: EMPRESA DE OBRAS SANITARIAS DE PASTO EMPOPASTO S.A. E.S.P. | G55: 891200686 | H55: REGISTRO FAC. 20987753 DEL MES DE FEBRERO DE 2022, SERVICIO DE SUMINISTRO AGUA PERIODO 02 DE FEBRERO DE 2022-02 DE MARZO DE 2022, CODIGO 2607 - OPERACION HOTEL MORASURCO - TURNARINO LTDA | I55: Compromiso presupuestal | J55: 2022000011 | K55: 1,774,320.00 | L55: 0.00
A56: 2.4.5.02.06.005 | C56: 44651 | D56: Obligacion presupuestal | E56: 2022100315 | F56: EMPRESA DE OBRAS SANITARIAS DE PASTO EMPOPASTO S.A. E.S.P. | G56: 891200686 | H56: REGISTRO FAC. 21089229 DEL MES DE MARZO DE 2022, SERVICIO DE SUMINISTRO AGUA PERIODO 03 DE MARZO DE 2022-01 DE ABRIL DE 2022, CODIGO 2607 - OPERACION HOTEL MORASURCO - TURNARINO LTDA | I56: Compromiso presupuestal | J56: 2022000011 | K56: 1,875,470.00 | L56: 0.00
J57: SUMAS | K57: 4872130 | L57: 0.00
A59: ASEO ENERO A MARZO 2022 MORASURCO Y SINDAMANOY
A60: Cuenta | B60: Fuente | C60: Fecha | D60: Comprobante | E60: Numero | F60: Tercero | G60: Identificacion | H60: Detalle | I60: Doc Afectado | J60: Numero | K60: Credito | L60: Contra Credito
A61: 2.4.5.02.08.011 | C61: 44592 | D61: Obligacion presupuestal | E61: 2022100024 | F61: EMPRESA METROPOLITANA DE ASEO DE PASTO S A ESP | G61: 814000704 | H61: REGISTRO FAC. 14792698 DEL MES DE FEBRERO DE 2022, SERVICIO DE ASEO MES DE ENERO DE 2022, CODIGO 2607 - OPERACION HOTEL MORASURCO - TURNARINO LTDA | I61: Compromiso presupuestal | J61: 2022000014 | K61: 429,030.00 | L61: 0.00
A62: 2.4.5.02.08.011 | C62: 44620 | D62: Obligacion presupuestal | E62: 2022100133 | F62: EMPRESA METROPOLITANA DE ASEO DE PASTO S A ESP | G62: 814000704 | H62: REGISTRO FAC. 14913639 DEL MES DE MARZO DE 2022, SERVICIO DE ASEO MES DE FEBRERO DE 2022, CODIGO 2607 - OPERACION HOTEL MORASURCO - TURNARINO LTDA | I62: Compromiso presupuestal | J62: 2022000014 | K62: 430,170.00 | L62: 0.00
A63: 2.4.5.02.08.011 | C63: 44651 | D63: Obligacion presupuestal | E63: 2022100316 | F63: EMPRESA METROPOLITANA DE ASEO DE PASTO S A ESP | G63: 814000704 | H63: REGISTRO FAC. 15025291 DEL MES DE ABRIL DE 2022, SERVICIO DE ASEO MES DE MARZO DE 2022, CODIGO 2607 - OPERACION HOTEL MORASURCO - TURNARINO LTDA | I63: Compromiso presupuestal | J63: 2022000014 | K63: 439,850.00 | L63: 0.00
A64: 2.4.5.02.08.011 | C64: 44622 | D64: Obligacion presupuestal | E64: 2022590036 | F64: EMPRESA METROPOLITANA DE ASEO DE PASTO S A ESP | G64: 814000704 | H64: REGISTRO FAC.14906630 DEL MES DE FEBRERO, SERVICIO DE ASEO PERIODO 02 DE FEBRERO DE 2022 AL 01 DE MARZO DE 2022, CODIGO 5017594 - OPERACION HOTEL SINDAMANOY - TURNARINO LTDA | I64: Compromiso presupuestal | J64: 2022000014 | K64: 29,880.00 | L64: 0.00
J65: SUMAS | K65: 1328930 | L65: 0.00
B67: OCTUBRE A DICIEMBRE | D67: =K40+K49 -> 18740670
B68: ENERO A MARZO | D68: =+K57+K65 -> 6201060
A70: MORASURCO
A71: TV CABLE Y TELEFONO DE ENERO A MARZO 2022
A72: Cuenta | B72: Fuente | C72: Fecha | D72: Comprobante | E72: Numero | F72: Tercero | G72: Identificacion | H72: Detalle | I72: Doc Afectado | J72: Numero | K72: Credito | L72: Contra Credito
A73: 2.4.5.02.08.006 | C73: 44574 | D73: Obligacion presupuestal | E73: 2022100003 | F73: LEGON TELECOMUNICACIONES S.A.S. | G73: 800179562 | H73: REGISTRO FAC N0. FEL820020 SERVICIO TELEVISION POR CABLE CORRESPONDIENTE AL MES DE 01 AL 31 DE ENERO DE 2022, OPERACION COMERCIAL HOTEL MORASURCO - TURNARINO LTDA. | I73: Compromiso presupuestal | J73: 2022000064 | K73: 478,991.55 | L73: 0.00
A74: 2.4.5.02.08.006 | C74: 44603 | D74: Obligacion presupuestal | E74: 2022100056 | F74: LEGON TELECOMUNICACIONES S.A.S. | G74: 800179562 | H74: SERVICIO DE TELEVISI?N POR CABLE, OPERACION COMERCIAL HOTEL MORASURCO DE PROPIEDAD DE TURNARIÑO LTDA, PERIODO DESDE EL 1 DE FEBRERO HASTA EL 28 DE FEBRERO DE 2022 FACTURA NUMERO FEL933304 | I74: Compromiso presupuestal | J74: 2022000149 | K74: 478,991.55 | L74: 0.00
A75: 2.4.5.02.08.006 | C75: 44645 | D75: Obligacion presupuestal | E75: 2022100241 | F75: LEGON TELECOMUNICACIONES S.A.S. | G75: 800179562 | H75: REGISTRO FAC N0. FEL980314 SERVICIO TELEVISION POR CABLE CORRESPONDIENTE AL MES DE 01 AL 31 DE MARZO DE 2022, OPERACION COMERCIAL HOTEL MORASURCO - TURNARINO LTDA. | I75: Compromiso presupuestal | J75: 2022000396 | K75: 478,991.55 | L75: 0.00
A76: 2.4.5.02.08.008 | C76: 44579 | D76: Obligacion presupuestal | E76: 2022100005 | F76: COLOMBIA TELECOMUNICACIONES S.A. E.S.P. | G76: 830122566 | H76: REGISTRO FACTURA N0. EC - 249099122 POR CONCEPTO TELEFONIA MOVIL 3156531121 PERIODO 13 DE DICIEMBRE DE 2021 A ENERO 12 DE 2022, REFERENCIA PARA PAGOS 10214494 - OPERACION COMERCIAL HOTEL MORASURCO | I76: Compromiso presupuestal | J76: 2022000010 | K76: 28,747.00 | L76: 0.00
A77: 2.4.5.02.08.008 | C77: 44579 | D77: Obligacion presupuestal | E77: 2022100006 | F77: COMCEL S.A | G77: 800153993 | H77: SERVICIOS DE TELEFONIA FIJA, CELULAR E INTERNET AÑO 2022 OPERACIÓN CCIAL HOTEL MORASURCO Y HOTEL SINDAMANOY | I77: Compromiso presupuestal | J77: 2022000010 | K77: 194,834.00 | L77: 0.00
A78: 2.4.5.02.08.008 | C78: 44592 | D78: Obligacion presupuestal | E78: 2022100022 | F78: COLOMBIA TELECOMUNICACIONES S.A. E.S.P. | G78: 830122566 | H78: REGISTRO FAC NO.5808-00000030735830, SERVICIO DE INTERNET CORRESPONDIENTE AL MES DE ENERO 01 DE 2022 A ENERO 31 DE 2022, PERIDODO ENERO, REF. DE PAGO NO.181162110 - OPERACION COMERCIAL HOTEL MORASURCO | I78: Compromiso presupuestal | J78: 2022000010 | K78: 160,500.00 | L78: 0.00
A79: 2.4.5.02.08.008 | C79: 44592 | D79: Obligacion presupuestal | E79: 2022100026 | F79: COLOMBIA TELECOMUNICACIONES S.A. E.S.P. | G79: 830122566 | H79: REGISTRO FAC NO. BEC-206053083, SERVICIO DE INTERNET CORRESPONDIENTE DEL 02 DE ENERO AL 01 DE FEBRERO DE 2022, REF. DE PAGO NO.25941580271 - OPERACION COMERCIAL HOTEL MORASURCO | I79: Compromiso presupuestal | J79: 2022000010 | K79: 199,172.00 | L79: 0.00
A80: 2.4.5.02.08.008 | C80: 44594 | D80: Obligacion presupuestal | E80: 2022100048 | F80: COLOMBIA TELECOMUNICACIONES S.A. E.S.P. | G80: 830122566 | H80: SERVICIOS DE TELEFONIA FIJA, CELULAR E INTERNET AÑO 2022 OPERACIÓN CCIAL HOTEL MORASURCO Y HOTEL SINDAMANOY | I80: Compromiso presupuestal | J80: 2022000010 | K80: 190,844.00 | L80: 0.00
A81: 2.4.5.02.08.008 | C81: 44611 | D81: Obligacion presupuestal | E81: 2022100070 | F81: COLOMBIA TELECOMUNICACIONES S.A. E.S.P. | G81: 830122566 | H81: REGISTRO FACTURA N0. EC - 249230728 POR CONCEPTO TELEFONIA MOVIL 3156531121 PERIODO 13 DE ENERO DE 2022 A 12 DE FEBRERO DE 2022, REFERENCIA PARA PAGOS 10214494 - OPERACION COMERCIAL HOTEL MORASURCO | I81: Compromiso presupuestal | J81: 2022000010 | K81: 23,968.00 | L81: 0.00
A82: 2.4.5.02.08.008 | C82: 44620 | D82: Obligacion presupuestal | E82: 2022100118 | F82: COLOMBIA TELECOMUNICACIONES S.A. E.S.P. | G82: 830122566 | H82: REGISTRO FACTURA N0. EC - 249292887 POR CONCEPTO TELEFONIA MOVIL 3128279082, 3128277797 Y 3176582550, PERIODO 27 DE ENERO A 26 DE FEBRERO DE 2022, REFERENCIA PARA PAGOS 43200001 - OPERACION COMERCIAL HOTEL MORASURCO | I82: Compromiso presupuestal | J82: 2022000010 | K82: 47,950.00 | L82: 0.00
A83: 2.4.5.02.08.008 | C83: 44621 | D83: Obligacion presupuestal | E83: 2022100152 | F83: COMCEL S.A | G83: 800153993 | H83: SERVICIOS DE TELEFONIA FIJA, CELULAR E INTERNET AÑO 2022 OPERACIÓN CCIAL HOTEL MORASURCO Y HOTEL SINDAMANOY | I83: Compromiso presupuestal | J83: 2022000010 | K83: 190,654.00 | L83: 0.00
A84: 2.4.5.02.08.008 | C84: 44622 | D84: Obligacion presupuestal | E84: 2022100153 | F84: COLOMBIA TELECOMUNICACIONES S.A. E.S.P. | G84: 830122566 | H84: REGISTRO FAC NO.5808-00000030750389, SERVICIO DE INTERNET CORRESPONDIENTE AL MES DE FEBRERO 01 DE 2022 A FEBRERO 28 DE 2022, PERIDODO FEBRERO, REF. DE PAGO NO.181162110 - OPERACION COMERCIAL HOTEL MORASURCO | I84: Compromiso presupuestal | J84: 2022000010 | K84: 160,500.00 | L84: 0.00
... A90: 2.4.5.02.08.008 | C90: 44592 | D90: Obligacion presupuestal | E90: 2022400011 | F90: COLOMBIA TELECOMUNICACIONES S.A. E.S.P. | G90: 830122566 | H90: REGISTRO FACTURA N0. EC - 249161077 POR CONCEPTO TELEFONIA MOVIL 3128279082, 3128277797 Y 3176582550, PERIODO 27 DE DICIEMBRE A 26 DE ENERO DE 2022, REFERENCIA PARA PAGOS 43200001 - OPERACION COMERCIAL HOTEL MORASURCO | I90: Compromiso presupuestal | J90: 2022000010 | K90: 47,950.00 | L90: 0.00
J91: SUMAS | K91: 3499923.6 | L91: 0.00
A92: SINDAMANOY
A93: TV CABLE Y TELEFONO DE OCTUBRE A DICIEMBRE 2021
A94: Cuenta | B94: Fuente | C94: Fecha | D94: Comprobante | E94: Numero | F94: Tercero | G94: Identificacion | H94: Detalle | I94: Doc Afectado | J94: Numero | K94: Credito | L94: Contra Credito
A95: 2.1.2.02.02.008.004.01.2 | C95: 44471 | D95: Obligacion presupuestal | E95: 2021590193 | F95: COMCEL S.A | G95: 800153993 | H95: REGISTRO FACTURA NO. R 949944678 SERVICIO DE TELEVISION, PERIODO DEL 1 AL 31 DE OCTUBRE DE 2021, REFERENCIA DE PAGO NO.34503417, PARA OPERACION CCIAL HOTEL SINDAMANOY - TURNARINO LTDA. | I95: Compromiso presupuestal | J95: 2021000013 | K95: 58,404.00 | L95: 0.00
A96: 2.1.2.02.02.008.004.01.2 | C96: 44471 | D96: Obligacion presupuestal | E96: 2021590194 | F96: COMCEL S.A | G96: 800153993 | H96: REGISTRO FACTURA NO. R 949944640 SERVICIO DE TELEVISION, PERIODO DEL 1 AL 31 DE OCTUBRE DE 2021, REFERENCIA DE PAGO NO.34503078, PARA OPERACION CCIAL HOTEL SINDAMANOY - TURNARINO LTDA. | I96: Compromiso presupuestal | J96: 2021000013 | K96: 58,404.00 | L96: 0.00
A97: 2.1.2.02.02.008.004.01.2 | C97: 44471 | D97: Obligacion presupuestal | E97: 2021590195 | F97: COMCEL S.A | G97: 800153993 | H97: REGISTRO FACTURA NO. R 949944653 SERVICIO DE TELEVISION, PERIODO DEL 1 AL 31 DE OCTUBRE DE 2021, REFERENCIA DE PAGO NO.34503219, PARA OPERACION CCIAL HOTEL SINDAMANOY - TURNARINO LTDA. | I97: Compromiso presupuestal | J97: 2021000013 | K97: 58,404.00 | L97: 0.00
A98: 2.1.2.02.02.008.004.01.2 | C98: 44471 | D98: Obligacion presupuestal | E98: 2021590196 | F98: COMCEL S.A | G98: 800153993 | H98: REGISTRO FACTURA NO. R 949944658 SERVICIO DE TELEVISION, PERIODO DEL 1 AL 31 DE OCTUBRE DE 2021, REFERENCIA DE PAGO NO.34503235, PARA OPERACION CCIAL HOTEL SINDAMANOY - TURNARINO LTDA | I98: Compromiso presupuestal | J98: 2021000013 | K98: 58,404.00 | L98: 0.00
A99: 2.1.2.02.02.008.004.01.2 | C99: 44471 | D99: Obligacion presupuestal | E99: 2021590197 | F99: COMCEL S.A | G99: 800153993 | H99: REGISTRO FACTURA NO. R 949944671 SERVICIO DE TELEVISION, PERIODO DEL 1 AL 31 DE OCTUBRE DE 2021, REFERENCIA DE PAGO NO.34503342, PARA OPERACION CCIAL HOTEL SINDAMANOY - TURNARINO LTDA. | I99: Compromiso presupuestal | J99: 2021000013 | K99: 58,404.00 | L99: 0.00
A100: 2.1.2.02.02.008.004.01.2 | C100: 44501 | D100: Obligacion presupuestal | E100: 2021590212 | F100: COMCEL S.A | G100: 800153993 | H100: REGISTRO FACTURA NO. R 953428747 SERVICIO DE TELEVISION, PERIODO DEL 1 AL 30 DE NOVIEMBRE DE 2021, REFERENCIA DE PAGO NO.34502799, PARA OPERACION CCIAL HOTEL SINDAMANOY - TURNARINO LTDA. | I100: Compromiso presupuestal | J100: 2021000013 | K100: 58,404.00 | L100: 0.00
A101: 2.1.2.02.02.008.004.01.2 | C101: 44501 | D101: Obligacion presupuestal | E101: 2021590218 | F101: COMCEL S.A | G101: 800153993 | H101: REGISTRO FACTURA NO. R 953428800 SERVICIO DE TELEVISION, PERIODO DEL 1 AL 30 DE NOVIEMBRE DE 2021, REFERENCIA DE PAGO NO.34503417, PARA OPERACION CCIAL HOTEL SINDAMANOY - TURNARINO LTDA. | I101: Compromiso presupuestal | J101: 2021000013 | K101: 58,404.00 | L101: 0.00
A102: 2.1.2.02.02.008.004.01.2 | C102: 44501 | D102: Obligacion presupuestal | E102: 2021590219 | F102: COMCEL S.A | G102: 800153993 | H102: REGISTRO FACTURA NO. R 953428758 SERVICIO DE TELEVISION, PERIODO DEL 1 AL 30 DE NOVIEMBRE DE 2021, REFERENCIA DE PAGO NO.34503078, PARA OPERACION CCIAL HOTEL SINDAMANOY - TURNARINO LTDA. | I102: Compromiso presupuestal | J102: 2021000013 | K102: 58,404.00 | L102: 0.00
A103: 2.1.2.02.02.008.004.01.2 | C103: 44501 | D103: Obligacion presupuestal | E103: 2021590220 | F103: COMCEL S.A | G103: 800153993 | H103: REGISTRO FACTURA NO. R 953428780 SERVICIO DE TELEVISION, PERIODO DEL 1 AL 30 DE NOVIEMBRE DE 2021, REFERENCIA DE PAGO NO.34503235, PARA OPERACION CCIAL HOTEL SINDAMANOY - TURNARINO LTDA. | I103: Compromiso presupuestal | J103: 2021000013 | K103: 58,404.00 | L103: 0.00
A104: 2.1.2.02.02.008.004.01.2 | C104: 44501 | D104: Obligacion presupuestal | E104: 2021590221 | F104: COMCEL S.A | G104: 800153993 | H104: REGISTRO FACTURA NO. R 953428794 SERVICIO DE TELEVISION, PERIODO DEL 1 AL 30 DE NOVIEMBRE DE 2021, REFERENCIA DE PAGO NO.34503342, PARA OPERACION CCIAL HOTEL SINDAMANOY - TURNARINO LTDA | I104: Compromiso presupuestal | J104: 2021000013 | K104: 58,404.00 | L104: 0.00
A105: 2.1.2.02.02.008.004.01.2 | C105: 44501 | D105: Obligacion presupuestal | E105: 2021590222 | F105: COMCEL S.A | G105: 800153993 | H105: REGISTRO FACTURA NO. R 953428769 SERVICIO DE TELEVISION, PERIODO DEL 1 AL 30 DE NOVIEMBRE DE 2021, REFERENCIA DE PAGO NO.34503219, PARA OPERACION CCIAL HOTEL SINDAMANOY - TURNARINO LTDA | I105: Compromiso presupuestal | J105: 2021000013 | K105: 58,404.00 | L105: 0.00
A106: 2.1.2.02.02.008.004.01.2 | C106: 44532 | D106: Obligacion presupuestal | E106: 2021590234 | F106: COMCEL S.A | G106: 800153993 | H106: REGISTRO FACTURA NO. R 956928618 SERVICIO DE TELEVISION, PERIODO DEL 1 AL 31 DE DICIEMBRE DE 2021, REFERENCIA DE PAGO NO.34502799, PARA OPERACION CCIAL HOTEL SINDAMANOY - TURNARINO LTDA. | I106: Compromiso presupuestal | J106: 2021000013 | K106: 58,404.00 | L106: 0.00
... A116: 2.1.2.02.02.008.006.01.2 | C116: 44559 | D116: Obligacion presupuestal | E116: 2021590271 | F116: SISTEMAS, TELECOMUNICACIONES Y BIOMEDICOS DE COLOMBIA SAS | G116: 901028579 | H116: REGISTRO AJUSTE A LA FAC. NO.A-471 POR CONCEPTO DE SERVICIOS DE INTERNET CORRESPONDE AL MES DE DICIEMBRE DE 2021, SEGUN CONTRATO NO.20210113 - OPERACION HOTEL SINDAMANOY - TURNARINO LTDA | I116: Compromiso presupuestal | J116: 2021000575 | K116: 168,067.00 | L116: 0.00
J117: SUMAS | K117: 1545198 | L117: 0.00
B119: OCTUBRE A DICIEMBRE | D119: =+K117 -> 1545198
B120: ENERO A MARZO | D120: =+K91 -> 3499923.6
A122: MORASURCO
A123: GAS DE OCTUBRE A DICIEMBRE 2021
A124: Cuenta | B124: Fuente | C124: Fecha | D124: Comprobante | E124: Numero | F124: Tercero | G124: Identificacion | H124: Detalle | I124: Doc Afectado | J124: Numero | K124: Credito | L124: Contra Credito
...

Sheet ABRIL- JUNIO 
A1: Promotora de turismo de Nariño Ltda
A2: NIT 891.200.373 - 3
A3: EJECUCION DE GASTOS
A4: Periodo: Abril a Junio de 2022
A5: Fecha de Impresion: 2022-7-15
D6: Modificaciones | K6: Disponibilidades | M6: Compromisos | O6: Obligaciones
A7: Codigo | B7: Nombre | C7: Apropiacion Inicial | D7: Adiciones | E7: Reducciones | F7: Creditos | G7: Contra Creditos | H7: Apropiacion Def | I7: Aplazam | J7: Desaplazam | K7: Totales | L7: Sin Afectacion | M7: Totales | N7: Sin Afectacion | O7: Totales | P7: Sin Afectacion | Q7: Pagos | R7: Saldo Disponible | S7: Tipo
A8: 2 | B8: Gastos | C8: 1.1052077e+10 | D8: 133000000 | E8: 0 | F8: 30000 | G8: 30000 | H8: 1.1185077e+10 | I8: 0 | J8: 0 | K8: 7.817394e+08 | L8: -5.2324443e+08 | M8: 1.3049838e+09 | N8: -1.2885106e+08 | O8: 1.4338349e+09 | P8: -1.9629411e+08 | Q8: 1.630129e+09 | R8: 1.0403338e+10 | S8: Titulo
A9: 2.1 | B9: Funcionamiento | C9: 2.4204335e+09 | D9: 0 | E9: 0 | F9: 20000 | G9: 20000 | H9: 2.4204335e+09 | I9: 0 | J9: 0 | K9: 2.2684711e+08 | L9: -35559608 | M9: 2.6240672e+08 | N9: -11958215 | O9: 2.7436493e+08 | P9: 80148583 | Q9: 1.9421635e+08 | R9: 2.1935864e+09 | S9: Titulo
A10: 2.1.1 | B10: Gastos de personal | C10: 6.0322238e+08 | D10: 0 | E10: 0 | F10: 0 | G10: 0 | H10: 6.0322238e+08 | I10: 0 | J10: 0 | K10: 140675020 | L10: 0 | M10: 140675020 | N10: 0 | O10: 140675020 | P10: 29609205 | Q10: 111065815 | R10: 4.6254736e+08 | S10: Titulo
A11: 2.1.1.01 | B11: Planta de personal permanente | C11: 6.0322238e+08 | D11: 0 | E11: 0 | F11: 0 | G11: 0 | H11: 6.0322238e+08 | I11: 0 | J11: 0 | K11: 140675020 | L11: 0 | M11: 140675020 | N11: 0 | O11: 140675020 | P11: 29609205 | Q11: 111065815 | R11: 4.6254736e+08 | S11: Titulo
A12: 2.1.1.01.01 | B12: Factores constitutivos de salario | C12: 4.8244627e+08 | D12: 0 | E12: 0 | F12: 0 | G12: 0 | H12: 4.8244627e+08 | I12: 0 | J12: 0 | K12: 126992376 | L12: 0 | M12: 126992376 | N12: 0 | O12: 126992376 | P12: 36919873 | Q12: 90072503 | R12: 3.554539e+08 | S12: Titulo
A13: 2.1.1.01.01.001 | B13: Factores salariales comunes | C13: 4.8244627e+08 | D13: 0 | E13: 0 | F13: 0 | G13: 0 | H13: 4.8244627e+08 | I13: 0 | J13: 0 | K13: 126992376 | L13: 0 | M13: 126992376 | N13: 0 | O13: 126992376 | P13: 36919873 | Q13: 90072503 | R13: 3.554539e+08 | S13: Titulo
A14: 2.1.1.01.01.001.01 | B14: Sueldo básico | C14: 3.9174831e+08 | D14: 0 | E14: 0 | F14: 0 | G14: 0 | H14: 3.9174831e+08 | I14: 0 | J14: 0 | K14: 108416995 | L14: 0 | M14: 108416995 | N14: 0 | O14: 108416995 | P14: 35516551 | Q14: 72900444 | R14: 2.8333132e+08 | S14: Detalle
A15: 2.1.1.01.01.001.02 | B15: Horas extras, dominicales, festivos y recargos | C15: 12005465 | D15: 0 | E15: 0 | F15: 0 | G15: 0 | H15: 12005465 | I15: 0 | J15: 0 | K15: 2102654 | L15: 0 | M15: 2102654 | N15: 0 | O15: 2102654 | P15: 529823 | Q15: 1572831 | R15: 9902810.8 | S15: Detalle
A16: 2.1.1.01.01.001.05 | B16: Auxilio de transporte | C16: 7030320 | D16: 0 | E16: 0 | F16: 0 | G16: 0 | H16: 7030320 | I16: 0 | J16: 0 | K16: 2343439 | L16: 0 | M16: 2343439 | N16: 0 | O16: 2343439 | P16: 734277 | Q16: 1609162 | R16: 4686881 | S16: Detalle
A17: 2.1.1.01.01.001.06 | B17: Prima de servicio | C17: 20277722 | D17: 0 | E17: 0 | F17: 0 | G17: 0 | H17: 20277722 | I17: 0 | J17: 0 | K17: 12939507 | L17: 0 | M17: 12939507 | N17: 0 | O17: 12939507 | P17: 0 | Q17: 12939507 | R17: 7338215.2 | S17: Detalle
A18: 2.1.1.01.01.001.08 | B18: Prestaciones sociales | C18: 51384454 | D18: 0 | E18: 0 | F18: 0 | G18: 0 | H18: 51384454 | I18: 0 | J18: 0 | K18: 1189781 | L18: 0 | M18: 1189781 | N18: 0 | O18: 1189781 | P18: 139222 | Q18: 1050559 | R18: 50194672 | S18: Titulo
A19: 2.1.1.01.01.001.08.01 | B19: Prima de navidad | C19: 33258159 | D19: 0 | E19: 0 | F19: 0 | G19: 0 | H19: 33258159 | I19: 0 | J19: 0 | K19: 0 | L19: 0 | M19: 0 | N19: 0 | O19: 0 | P19: 0 | Q19: 0 | R19: 33258159 | S19: Detalle
... A187: 2.4.5.02.08.021 | B187: OTROS GASTOS POR ADQUISICIÒN DE SERVICIOS H SINDAMANOY - VIGENCIA 2021 | C187: 1970000 | D187: 0 | E187: 0 | F187: 0 | G187: 0 | H187: 1970000 | I187: 0 | J187: 0 | K187: 0 | L187: 0 | M187: 0 | N187: -896025.21 | O187: 896025.21 | P187: 129436.97 | Q187: 766588.24 | R187: 1970000 | S187: Detalle

Sheet ABRIL- JUN 2022
B1: INFORME AUSTERIDAD DEL GASTO
A3: ENERGIA | B3: ABRIL A MAYO 2022 - MORASURCO
B4: Cuenta | C4: Fuente | D4: Fecha | E4: Comprobante | F4: Numero | G4: Tercero | H4: Identificacion | I4: Detalle | J4: Doc Afectado | K4: Numero | L4: Credito
B5: 2.4.5.02.06.007 | D5: 44651 | E5: Obligacion presupuestal | F5: 2022100314 | G5: CENTRALES ELECTRICAS DE NARINO S.A. E.S.P | H5: 891200200 | I5: SERVICIO DE ENERGIA ELECTRICA, HOTEL MORASURCO PARA OPERACION CCIAL TURNARIÑO LTDA VIGENCIA 2022 | J5: Compromiso presupuestal | K5: 2022000012 | L5: 3,467,660.00
B6: 2.4.5.02.06.007 | D6: 44687 | E6: Obligacion presupuestal | F6: 2022100438 | G6: CENTRALES ELECTRICAS DE NARINO S.A. E.S.P | H6: 891200200 | I6: REGISTRO DE FACTURA NO.38707855 CODIGO INTERNO CE-215954 PERIODO DEL 23 DE MARZO A 22 DE ABRIL DE 2022, REFERENCIA DE PAGO NO.87585171 PARA OPERACIÓN CCIAL HOTEL MORASURCO DE PROPIEDAD DE TURNARIÑO LTDA, | J6: Compromiso presupuestal | K6: 2022000012 | L6: 3,045,360.00
B7: 2.4.5.02.06.007 | D7: 44723 | E7: Obligacion presupuestal | F7: 2022100584 | G7: CENTRALES ELECTRICAS DE NARINO S.A. E.S.P | H7: 891200200 | I7: REGISTRO DE FACTURA NO.39339736 CODIGO INTERNO CE-215954 PERIODO DEL 22 DE ABRIL A 21 DE MAYO DE 2022, REFERENCIA DE PAGO NO.88308689 PARA OPERACIÓN CCIAL HOTEL MORASURCO DE PROPIEDAD DE TURNARIÑO LTDA | J7: Compromiso presupuestal | K7: 2022000012 | L7: 3,491,160.00
K8: SUMAS | L8: =3467660+3045360+3491160 -> 10004180
B9: ABRIL A MAYO 2022 - SINDAMANOY
B10: Cuenta | C10: Fuente | D10: Fecha | E10: Comprobante | F10: Numero | G10: Tercero | H10: Identificacion | I10: Detalle | J10: Doc Afectado | K10: Numero | L10: Credito
B11: 2.4.5.02.06.008 | D11: 44624 | E11: Obligacion presupuestal | F11: 2022590040 | G11: CENTRALES ELECTRICAS DE NARINO S.A. E.S.P | H11: 891200200 | I11: REGISTRO DE FACTURA NO. 37040452 CODIGO INTERNO CE-1071403 PERIODO DEL 07 DE FEBRERO A 06 DE MARZO DE 2022, REFERENCIA DE PAGO No.85349271, OPERACIÓN CCIAL HOTEL SINDAMANOY - TURNARIÑO LTDA | J11: Compromiso presupuestal | K11: 2022000012 | L11: 3,156,500.00
B12: 2.4.5.02.06.008 | D12: 44651 | E12: Obligacion presupuestal | F12: 2022590057 | G12: CENTRALES ELECTRICAS DE NARINO S.A. E.S.P | H12: 891200200 | I12: REGISTRO DE FACTURA NO. 37723803 CODIGO INTERNO CE-1071403 PERIODO DEL 07 DE MARZO A 07 DE ABRIL DE 2022, REFERENCIA DE PAGO NO.86664486, OPERACIÓN CCIAL HOTEL SINDAMANOY - TURNARIÑO LTDA | J12: Compromiso presupuestal | K12: 2022000012 | L12: 2,500,300.00
B13: 2.4.5.02.06.008 | D13: 44687 | E13: Obligacion presupuestal | F13: 2022590087 | G13: CENTRALES ELECTRICAS DE NARINO S.A. E.S.P | H13: 891200200 | I13: REGISTRO DE FACTURA NO. 38354578, CODIGO INTERNO CE-1071403 PERIODO DEL 08 DE ABRIL A 09 DEMAYO DE 2022, REFERENCIA DE PAGO NO.86664486, OPERACIÓN CCIAL HOTEL SINDAMANOY - TURNARIÑO LTDA | J13: Compromiso presupuestal | K13: 2022000012 | L13: 1,936,920.00
K14: SUMAS | L14: =3156500+2500300+1936920 -> 7593720
K16: TOTAL | L16: =+L8+L14 -> 17597900
A18: ACUEDUCTO | B18: ABRIL A MAYO 2022 - MORASURCO
B19: Cuenta | C19: Fuente | D19: Fecha | E19: Comprobante | F19: Numero | G19: Tercero | H19: Identificacion | I19: Detalle | J19: Doc Afectado | K19: Numero | L19: Credito
B20: 2.4.5.02.06.005 | D20: 44651 | E20: Obligacion presupuestal | F20: 2022100315 | G20: EMPRESA DE OBRAS SANITARIAS DE PASTO EMPOPASTO S.A. E.S.P. | H20: 891200686 | I20: REGISTRO FAC. 21089229 DEL MES DE MARZO DE 2022, SERVICIO DE SUMINISTRO AGUA PERIODO 03 DE MARZO DE 2022-01 DE ABRIL DE 2022, CODIGO 2607 - OPERACION HOTEL MORASURCO - TURNARINO LTDA | J20: Compromiso presupuestal | K20: 2022000011 | L20: 1,875,470.00
B21: 2.4.5.02.06.005 | D21: 44690 | E21: Obligacion presupuestal | F21: 2022100446 | G21: EMPRESA DE OBRAS SANITARIAS DE PASTO EMPOPASTO S.A. E.S.P. | H21: 891200686 | I21: REGISTRO FAC. 21190838 DEL MES DE ABRIL DE 2022, SERVICIO DE SUMINISTRO AGUA PERIODO 02 DE ABRIL DE 2022-02 DE MAYO DE 2022, CODIGO 2607 - OPERACION HOTEL MORASURCO - TURNARINO LTDA | J21: Compromiso presupuestal | K21: 2022000011 | L21: 1,950,960.00
B22: 2.4.5.02.06.005 | D22: 44720 | E22: Obligacion presupuestal | F22: 2022100573 | G22: EMPRESA DE OBRAS SANITARIAS DE PASTO EMPOPASTO S.A. E.S.P. | H22: 891200686 | I22: REGISTRO FAC. 21292524 DEL MES DE MAYO DE 2022, SERVICIO DE SUMINISTRO AGUA PERIODO 03 DE MAYO DE 2022-01 DE JUNIO DE 2022, CODIGO 2607 - OPERACION HOTEL MORASURCO - TURNARINO LTDA | J22: Compromiso presupuestal | K22: 2022000011 | L22: 1,825,140.00
K23: SUMAS | L23: =1875470+1950960+1825140 -> 5651570
K26: TOTAL | L26: =+L23 -> 5651570
A28: TELEFONOS E INTERNET | B28: ABRIL A MAYO 2022 - MORASURCO
B29: Cuenta | C29: Fuente | D29: Fecha | E29: Comprobante | F29: Numero | G29: Tercero | H29: Identificacion | I29: Detalle | J29: Doc Afectado | K29: Numero | L29: Credito
B30: 2.4.5.02.08.008 | D30: 44647 | E30: Obligacion presupuestal | F30: 2022100285 | G30: COLOMBIA TELECOMUNICACIONES S.A. E.S.P. | H30: 830122566 | I30: REGISTRO FACTURA N0. EC - 249426559 POR CONCEPTO TELEFONIA MOVIL 3128279082, 3128277797 Y 3176582550, PERIODO 27 DE MARZO A 26 DE ABRIL DE 2022, REFERENCIA PARA PAGOS 43200001 - OPERACION COMERCIAL HOTEL MORASURCO | J30: Compromiso presupuestal | K30: 2022000010 | L30: 57866
B31: 2.4.5.02.08.008 | D31: 44653 | E31: Obligacion presupuestal | F31: 2022100323 | G31: COLOMBIA TELECOMUNICACIONES S.A. E.S.P. | H31: 830122566 | I31: REGISTRO FAC. NO.R 971772815 CORRESPONDIENTE A SERVICIOS TELEFONIA E INTERNET CORRESPONDIENTE AL MES DE ABRIL DE 2022, PERIODO ABRIL01 A ABRIL 30 DE 2022, REF. PARA PAGO 41761038 - OPERACION COMERCIAL HOTEL MORASURCO - PROMOTORA DE TURISMO DE NARINO | J31: Compromiso presupuestal | K31: 2022000010 | L31: 213356
B32: 2.4.5.02.08.008 | D32: 44664 | E32: Obligacion presupuestal | F32: 2022100336 | G32: COLOMBIA TELECOMUNICACIONES S.A. E.S.P. | H32: 830122566 | I32: REGISTRO FACTURA N0. EC - 249489537 POR CONCEPTO TELEFONIA MOVIL 3156531121 PERIODO 13 DE FEBRERO DE 2022 A 12 DE MAYO DE 2022, REFERENCIA PARA PAGOS 10214494 - OPERACION COMERCIAL HOTEL MORASURCO | J32: Compromiso presupuestal | K32: 2022000010 | L32: 48008
B33: 2.4.5.02.08.008 | D33: 44678 | E33: Obligacion presupuestal | F33: 2022100378 | G33: COLOMBIA TELECOMUNICACIONES S.A. E.S.P. | H33: 830122566 | I33: REGISTRO FACTURA N0. EC - 249546395 POR CONCEPTO TELEFONIA MOVIL 3128279082, 3128277797 Y 3176582550, PERIODO 27 DE ABRIL A 26 DE MAYO DE 2022, REFERENCIA PARA PAGOS 43200001 - OPERACION COMERCIAL HOTEL MORASURCO | J33: Compromiso presupuestal | K33: 2022000010 | L33: 49866
B34: 2.4.5.02.08.008 | D34: 44686 | E34: Obligacion presupuestal | F34: 2022100439 | G34: COLOMBIA TELECOMUNICACIONES S.A. E.S.P. | H34: 830122566 | I34: REGISTRO FAC NO. BEC-222794787, SERVICIO DE INTERNET CORRESPONDIENTE DEL 02 DE ABRIL AL 01 DE MAYO DE 2022, REF. DE PAGO NO.25941580271 - OPERACION COMERCIAL HOTEL MORASURCO | J34: Compromiso presupuestal | K34: 2022000010 | L34: 206030
B35: 2.4.5.02.08.008 | D35: 44686 | E35: Obligacion presupuestal | F35: 2022100440 | G35: COLOMBIA TELECOMUNICACIONES S.A. E.S.P. | H35: 830122566 | I35: REGISTRO FAC NO.5808-00000030791772, SERVICIO DE INTERNET CORRESPONDIENTE AL MES DE ABRIL 01 DE 2022 A ABRIL 30 DE 2022, PERIDODO ABRIL, REF. DE PAGO NO.181162110 - OPERACION COMERCIAL HOTEL MORASURCO | J35: Compromiso presupuestal | K35: 2022000010 | L35: 160500
B36: 2.4.5.02.08.008 | D36: 44697 | E36: Obligacion presupuestal | F36: 2022100462 | G36: COLOMBIA TELECOMUNICACIONES S.A. E.S.P. | H36: 830122566 | I36: REGISTRO FACTURA N0. EC - 249604419 POR CONCEPTO TELEFONIA MOVIL 3156531121 PERIODO 13 DE MAYO DE 2022 A 12 DE JUNIO DE 2022, REFERENCIA PARA PAGOS 10214494 - OPERACION COMERCIAL HOTEL MORASURCO | J36: Compromiso presupuestal | K36: 2022000010 | L36: 24932.97
B37: 2.4.5.02.08.008 | D37: 44708 | E37: Obligacion presupuestal | F37: 2022100502 | G37: COLOMBIA TELECOMUNICACIONES S.A. E.S.P. | H37: 830122566 | I37: REGISTRO FACTURA N0. EC - 249668434 POR CONCEPTO TELEFONIA MOVIL 3128279082, 3128277797 Y 3176582550, PERIODO 27 DE MAYO A 26 DE JUNIO DE 2022, REFERENCIA PARA PAGOS 43200001 - OPERACION COMERCIAL HOTEL MORASURCO | J37: Compromiso presupuestal | K37: 2022000010 | L37: 49866
B38: 2.4.5.02.08.008 | D38: 44713 | E38: Obligacion presupuestal | F38: 2022100567 | G38: COLOMBIA TELECOMUNICACIONES S.A. E.S.P. | H38: 830122566 | I38: SERVICIOS DE TELEFONIA FIJA, CELULAR E INTERNET AÑO 2022 OPERACIÓN CCIAL HOTEL MORASURCO Y HOTEL SINDAMANOY | J38: Compromiso presupuestal | K38: 2022000010 | L38: 212406
B39: 2.4.5.02.08.008 | D39: 44714 | E39: Obligacion presupuestal | F39: 2022100569 | G39: COLOMBIA TELECOMUNICACIONES S.A. E.S.P. | H39: 830122566 | I39: REGISTRO FAC NO.5808-00000030810755, SERVICIO DE INTERNET CORRESPONDIENTE AL MES DE MAYO 01 DE 2022 A MAYO 31 DE 2022, PERIDODO MAYO, REF. DE PAGO NO.181162110 - OPERACION COMERCIAL HOTEL MORASURCO | J39: Compromiso presupuestal | K39: 2022000010 | L39: 160500
B40: 2.4.5.02.08.008 | D40: 44720 | E40: Obligacion presupuestal | F40: 2022100578 | G40: COLOMBIA TELECOMUNICACIONES S.A. E.S.P. | H40: 830122566 | I40: REGISTRO FAC NO. BEC-228472423, SERVICIO DE INTERNET CORRESPONDIENTE DEL 02 DE MAYO AL 01 DE JUNIO DE 2022, REF. DE PAGO NO.25941580271 - OPERACION COMERCIAL HOTEL MORASURCO | J40: Compromiso presupuestal | K40: 2022000010 | L40: 204194.09
B41: 2.4.5.02.08.008 | D41: 44725 | E41: Obligacion presupuestal | F41: 2022100592 | G41: COLOMBIA TELECOMUNICACIONES S.A. E.S.P. | H41: 830122566 | I41: REGISTRO FACTURA N0. EC - 249731168 POR CONCEPTO TELEFONIA MOVIL 3156531121 PERIODO 13 DE JUNIO DE 2022 A 12 DE JULIO DE 2022, REFERENCIA PARA PAGOS 10214494 - OPERACION COMERCIAL HOTEL MORASURCO | J41: Compromiso presupuestal | K41: 2022000010 | L41: 24932.97
... B47: 2.4.5.02.08.009 | D47: 44740 | E47: Obligacion presupuestal | F47: 2022590121 | G47: SISTEMAS, TELECOMUNICACIONES Y BIOMEDICOS DE COLOMBIA SAS | H47: 901028579 | I47: REGISTRO FAC. NO.A-629 POR CONCEPTO DE SERVICIOS DE INTERNET CORRESPONDE AL MES DE JUNIO DE 2022 - OPERACION HOTEL SINDAMANOY - TURNARINO LTDA | J47: Compromiso presupuestal | K47: 2022000184 | L47: 168067
K48: SUMAS | L48: =SUM(L30:L47) -> 1995483
B49: ABRIL A MAYO 2022 - SINDAMANOY
B50: Cuenta | C50: Fuente | D50: Fecha | E50: Comprobante | F50: Numero | G50: Tercero | H50: Identificacion | I50: Detalle | J50: Doc Afectado | K50: Numero | L50: Credito
B51: 2.4.5.02.08.009 | D51: 44647 | E51: Obligacion presupuestal | F51: 2022590056 | G51: COLOMBIA TELECOMUNICACIONES S.A. E.S.P. | H51: 830122566 | I51: SERVICIOS DE TELEFONIA FIJA, CELULAR E INTERNET AÑO 2022 OPERACIÓN CCIAL HOTEL MORASURCO Y HOTEL SINDAMANOY | J51: Compromiso presupuestal | K51: 2022000010 | L51: 28933
B52: 2.4.5.02.08.009 | D52: 44674 | E52: Obligacion presupuestal | F52: 2022590070 | G52: SISTEMAS, TELECOMUNICACIONES Y BIOMEDICOS DE COLOMBIA SAS | H52: 901028579 | I52: REGISTRO FAC. NO.A-565 POR CONCEPTO DE SERVICIOS DE INTERNET CORRESPONDE AL MES DE ABRIL DE 2022 - OPERACION HOTEL SINDAMANOY - TURNARINO LTDA | J52: Compromiso presupuestal | K52: 2022000184 | L52: 168067
B53: 2.4.5.02.08.009 | D53: 44678 | E53: Obligacion presupuestal | F53: 2022590071 | G53: COLOMBIA TELECOMUNICACIONES S.A. E.S.P. | H53: 830122566 | I53: REGISTRO FACTURA N0. EC - 249546395 POR CONCEPTO TELEFONIA MOVIL 3128279082, 3128277797 Y 3176582550, PERIODO 27 DE ABRIL A 26 DE MAYO DE 2022, REFERENCIA PARA PAGOS 43200001 - OPERACION COMERCIAL HOTEL MORASURCO | J53: Compromiso presupuestal | K53: 2022000010 | L53: 24958
B54: 2.4.5.02.08.009 | D54: 44697 | E54: Obligacion presupuestal | F54: 2022590100 | G54: COLOMBIA TELECOMUNICACIONES S.A. E.S.P. | H54: 830122566 | I54: REGISTRO FACTURA N0. EC - 249668434 POR CONCEPTO TELEFONIA MOVIL 3128279082, 3128277797 Y 3176582550, PERIODO 27 DE MAYO A 26 DE JUNIO DE 2022, REFERENCIA PARA PAGOS 43200001 - OPERACION COMERCIAL HOTEL SINDAMANOY | J54: Compromiso presupuestal | K54: 2022000010 | L54: 24933
B55: 2.4.5.02.08.009 | D55: 44708 | E55: Obligacion presupuestal | F55: 2022590101 | G55: SISTEMAS, TELECOMUNICACIONES Y BIOMEDICOS DE COLOMBIA SAS | H55: 901028579 | I55: REGISTRO FAC. NO.A-596 POR CONCEPTO DE SERVICIOS DE INTERNET CORRESPONDE AL MES DE MAYO DE 2022 - OPERACION HOTEL SINDAMANOY - TURNARINO LTDA | J55: Compromiso presupuestal | K55: 2022000184 | L55: 168067
B56: 2.4.5.02.08.009 | D56: 44740 | E56: Obligacion presupuestal | F56: 2022590121 | G56: SISTEMAS, TELECOMUNICACIONES Y BIOMEDICOS DE COLOMBIA SAS | H56: 901028579 | I56: REGISTRO FAC. NO.A-629 POR CONCEPTO DE SERVICIOS DE INTERNET CORRESPONDE AL MES DE JUNIO DE 2022 - OPERACION HOTEL SINDAMANOY - TURNARINO LTDA | J56: Compromiso presupuestal | K56: 2022000184 | L56: 168067
B57: 2.4.5.02.08.007 | D57: 44683 | E57: Obligacion presupuestal | F57: 2022100433 | G57: COLOMBIA TELECOMUNICACIONES S.A. E.S.P. | H57: 830122566 | I57: REGISTRO FAC. NO.R 975098268 CORRESPONDIENTE A SERVICIOS TELEFONIA E INTERNET CORRESPONDIENTE AL MES DE MAYO DE 2022, PERIODO MAYO 02 A MAYO 31 DE 2022, REF. PARA PAGO 41761038 - OPERACION COMERCIAL HOTEL MORASURCO - PROMOTORA DE TURISMO DE NARINO | J57: Compromiso presupuestal | K57: 2022000009 | L57: 211836
B58: 2.4.5.02.08.007 | D58: 44653 | E58: Obligacion presupuestal | F58: 2022590059 | G58: COMUNICACION CELULAR S.A COMCEL S.A | H58: 800153993 | I58: REGISTRO FACTURA NO. R 970673090 SERVICIO DE TELEVISION, PERIODO DEL 1 AL 30 DE ABRIL DE 2022, REFERENCIA DE PAGO NO.34503342, PARA OPERACION CCIAL HOTEL SINDAMANOY - TURNARINO LTDA. | J58: Compromiso presupuestal | K58: 2022000009 | L58: 73004
B59: 2.4.5.02.08.007 | D59: 44653 | E59: Obligacion presupuestal | F59: 2022590060 | G59: COMUNICACION CELULAR S.A COMCEL S.A | H59: 800153993 | I59: REGISTRO FACTURA NO. R 970673046 SERVICIO DE TELEVISION, PERIODO DEL 1 AL 30 DE ABRIL DE 2022, REFERENCIA DE PAGO NO.34503078, PARA OPERACION CCIAL HOTEL SINDAMANOY - TURNARINO LTDA. | J59: Compromiso presupuestal | K59: 2022000009 | L59: 73004
B60: 2.4.5.02.08.007 | D60: 44653 | E60: Obligacion presupuestal | F60: 2022590061 | G60: COMUNICACION CELULAR S.A COMCEL S.A | H60: 800153993 | I60: REGISTRO FACTURA NO. R 970673032 SERVICIO DE TELEVISION, PERIODO DEL 1 AL 30 DE ABRIL DE 2022, REFERENCIA DE PAGO NO.34502799, PARA OPERACION CCIAL HOTEL SINDAMANOY - TURNARINO LTDA. | J60: Compromiso presupuestal | K60: 2022000009 | L60: 73004
B61: 2.4.5.02.08.007 | D61: 44653 | E61: Obligacion presupuestal | F61: 2022590062 | G61: COMUNICACION CELULAR S.A COMCEL S.A | H61: 800153993 | I61: REGISTRO FACTURA NO. R 970673080 SERVICIO DE TELEVISION, PERIODO DEL 1 AL 30 DE ABRIL DE 2022, REFERENCIA DE PAGO NO.34503235, PARA OPERACION CCIAL HOTEL SINDAMANOY - TURNARINO LTDA. | J61: Compromiso presupuestal | K61: 2022000009 | L61: 73004
B62: 2.4.5.02.08.007 | D62: 44653 | E62: Obligacion presupuestal | F62: 2022590063 | G62: COMUNICACION CELULAR S.A COMCEL S.A | H62: 800153993 | I62: REGISTRO FACTURA NO. R 970673104 SERVICIO DE TELEVISION, PERIODO DEL 1 AL 30 DE ABRIL DE 2022, REFERENCIA DE PAGO NO.34503417, PARA OPERACION CCIAL HOTEL SINDAMANOY - TURNARINO LTDA. | J62: Compromiso presupuestal | K62: 2022000009 | L62: 73004
... B75: 2.4.5.02.08.007 | D75: 44713 | E75: Obligacion presupuestal | F75: 2022590117 | G75: COMUNICACION CELULAR S.A COMCEL S.A | H75: 800153993 | I75: REGISTRO FACTURA NO. R 977641134 SERVICIO DE TELEVISION, PERIODO DEL 1 AL 30 DE JUNIO DE 2022, REFERENCIA DE PAGO NO.34502799, PARA OPERACION CCIAL HOTEL SINDAMANOY - TURNARINO LTDA | J75: Compromiso presupuestal | K75: 2022000009 | L75: 73004
K76: SUMAS | L76: =SUM(L51:L75) -> 2144675
K78: TOTAL | L78: =+L48+L76 -> 4140158
A80: GAS | B80: ABRIL A MAYO 2022 - MORASURCO
B81: Cuenta | C81: Fuente | D81: Fecha | E81: Comprobante | F81: Numero | G81: Tercero | H81: Identificacion | I81: Detalle | J81: Doc Afectado | K81: Numero | L81: Credito
B82: 2.4.5.02.06.003 | D82: 44711 | E82: Obligacion presupuestal suministros | F82: 2022000061 | G82: SUPERGAS DE NARIÑO S.A. E.S.P | H82: 814003050 | I82: COMPRA GAS PARA OPERACION CCIAL HM SEGUN FACTURA NUMERO FEVP 53586 | J82: Compromiso presupuestal | K82: 2022000197 | L82: 1412010
B83: 2.4.5.02.06.003 | D83: 44727 | E83: Obligacion presupuestal suministros | F83: 2022000082 | G83: SUPERGAS DE NARIÑO S.A. E.S.P | H83: 814003050 | I83: COMPRA DE GAS PARA OPERACIÓN COMERCIAL HM, SEGÚN FAC No. 54400 - Orden de compra Hotel Morasurco 2022000082 | J83: Compromiso presupuestal | K83: 2022000197 | L83: 1571220
B84: 2.4.5.02.06.003 | D84: 44670 | E84: Obligacion presupuestal | F84: 2022000140 | G84: SUPERGAS DE NARIÑO S.A. E.S.P | H84: 814003050 | I84: COMPRA GAS PARA OPERACION CCIAL HM SEGUN FACTURA NUMERO FEVP 48393 | J84: Compromiso presupuestal | K84: 2022000197 | L84: 1301397
B85: 2.4.5.02.06.003 | D85: 44689 | E85: Obligacion presupuestal | F85: 2022000175 | G85: SUPERGAS DE NARIÑO S.A. E.S.P | H85: 814003050 | I85: COMPRA GAS PARA OPERACION CCIAL HM SEGUN FACTURA NUMERO FEVP- 51114 | J85: Compromiso presupuestal | K85: 2022000197 | L85: 1835120
B86: 2.4.5.02.06.003 | D86: 44739 | E86: Obligacion presupuestal | F86: 2022000210 | G86: SUPERGAS DE NARIÑO S.A. E.S.P | H86: 814003050 | I86: COMPRA DE GAS PARA OPERACION CCIAL HM SEGUN FACTURA NUMERO FEVP 55767 | J86: Compromiso presupuestal | K86: 2022000197 | L86: 2015500
K87: SUMAS | L87: =SUM(L82:L86) -> 8135247
B88: ABRIL A MAYO 2022 - SINDAMANOY
B89: Cuenta | C89: Fuente | D89: Fecha | E89: Comprobante | F89: Numero | G89: Tercero | H89: Identificacion | I89: Detalle | J89: Doc Afectado | K89: Numero | L89: Credito
B90: 2.4.5.02.06.004 | D90: 44711 | E90: Obligacion presupuestal Sindamanoy | F90: 2022000037 | G90: SUPERGAS DE NARIÑO S.A. E.S.P | H90: 814003050 | I90: COMPRA GAS PARA OPERACION CCIAL HS SEGUN FACTURA NUMERO EVP -51251 | J90: Compromiso presupuestal | K90: 2022000197 | L90: 1112800
B91: 2.4.5.02.06.004 | D91: 44657 | E91: Obligacion presupuestal | F91: 2022500591 | G91: SUPERGAS DE NARIÑO S.A. E.S.P | H91: 814003050 | I91: COMPRA GAS PARA OPERACION CCIAL HS SEGUN FACTURA NUMEO FEVP-47934 | J91: Compromiso presupuestal | K91: 2022000197 | L91: 1151500
B92: 2.4.5.02.06.004 | D92: 44670 | E92: Obligacion presupuestal | F92: 2022500596 | G92: SUPERGAS DE NARIÑO S.A. E.S.P | H92: 814003050 | I92: COMPRA GAS PARA OPERACION CCIAL HS SEGUN FACT NUMERO 48378 | J92: Compromiso presupuestal | K92: 2022000197 | L92: 1112800
B93: 2.4.5.02.06.004 | D93: 44693 | E93: Obligacion presupuestal | F93: 2022500619 | G93: SUPERGAS DE NARIÑO S.A. E.S.P | H93: 814003050 | I93: COMPRA GAS PARA OPERACION CCIAL HOTEL SINDAMANOY SEGUN FACTURA NUMERO FEVP - 51251 | J93: Compromiso presupuestal | K93: 2022000197 | L93: 1112800
B94: 2.4.5.02.06.004 | D94: 44740 | E94: Obligacion presupuestal | F94: 2022500637 | G94: SUPERGAS DE NARIÑO S.A. E.S.P | H94: 814003050 | I94: COMPRA GAS PARA OPERACION CCIAL HS SEGUN FACTURA NUMERO FEVP 55984 | J94: Compromiso presupuestal | K94: 2022000197 | L94: 147000
K95: SUMAS | L95: =SUM(L90:L94) -> 4636900
K97: TOTAL | L97: =+L87+L95 -> 12772147
A99: CONTRATACION SERVICIOS PERSONALES | B99: ABRIL A JUNIO 2022 - MORASURCO
B100: Cuenta | C100: Fuente | D100: Fecha | E100: Comprobante | F100: Numero | G100: Tercero | H100: Identificacion | I100: Detalle | J100: Doc Afectado | K100: Numero | L100: Credito
B101: Cuenta | C101: Fuente | D101: Fecha | E101: Comprobante | F101: Numero | G101: Tercero | H101: Identificacion | I101: Detalle | J101: Doc Afectado | K101: Numero | L101: Credito
B102: Cuenta | C102: Fuente | D102: Fecha | E102: Comprobante | F102: Numero | G102: Tercero | H102: Identificacion | I102: Detalle | J102: Doc Afectado | K102: Numero | L102: Credito
B103: 2.1.2.02.02.008.003 | D103: 44677 | E103: Obligacion presupuestal | F103: 2022100367 | G103: DE LA CRUZ LOPEZ KATHERINE | H103: 1085315713 | I103: REGISTRO FAC. No.3346, CORRESPONDIENTE A APOYO A LA GESTION CONTABLE EN EL DEPARTAMENTO FINANCIERO DEL 01 AL 30 DE ABRIL DE 2022, OPERACION COMERCIAL HOTEL MORASURCO - TURNARINO LTDA. | J103: Compromiso presupuestal | K103: 2022000568 | L103: 900,000.00
B104: 2.1.2.02.02.008.003 | D104: 44677 | E104: Obligacion presupuestal | F104: 2022100368 | G104: MARQUEZ ARANGO MARIA GALUSSY | H104: 59665741 | I104: REGISTRO FAC. No.3345, CORRESPONDIENTE A APOYO A LA GESTION CONTABLE EN EL DEPARTAMENTO FINANCIERO DEL 01 AL 30 DE ABRIL DE 2022, OPERACION COMERCIAL HOTEL MORASURCO - TURNARINO LTDA. | J104: Compromiso presupuestal | K104: 2022000567 | L104: 900,000.00
B105: 2.1.2.02.02.008.003 | D105: 44677 | E105: Obligacion presupuestal | F105: 2022100373 | G105: FLOREZ BENAVIDES JOSE SANTIAGO | H105: 1085341520 | I105: REGISTRO FAC. NO. 1945 POR CONCEPTO DE SERVICIOS PROFESIONALES DE APOYO AL AREA JURÍDICA Y AL DESARROLLO DE LAS ACTIVIDADES LEGALES DE LA ENTIDAD; CORRESPONDIENTE AL MES DE ABRIL DE 2022 - OPERACION TURNARIÑO LTDA | J105: Compromiso presupuestal | K105: 2022000002 | L105: 1,300,000.00
B106: 2.1.2.02.02.008.003 | D106: 44677 | E106: Obligacion presupuestal | F106: 2022100374 | G106: MUÑOZ MAZUERA MAURICIO FERNANDO | H106: 1085257386 | I106: REGISTRO FAC. NO.3344, CORRESPONDIENTE A PRESTACION DE SERVICIOS PROFESIONALES DE APOYO A AL GESTION, PARA DISEÑO E IMPLEMENTACION DE ESTRATEGIAS DE COMUNICACION, ASI COMO APOYO A LAS AREAS DE ADMINISTRACION COMERCIAL EN LOS DIFERENTES EVENTOS DE PROMOCION Y DIFUSION DE LOS SERVICIOS DE LOS ESTABLECIMIENTOS COMERCIALES DE LA ENTIDAD, CORRESPONDIENTE AL MES DE ABRIL DE 2022, OPERACION COMERCIAL TURNARINO LTDA. | J106: Compromiso presupuestal | K106: 2022000067 | L106: 1,500,000.00
B107: 2.1.2.02.02.008.003 | D107: 44677 | E107: Obligacion presupuestal | F107: 2022100375 | G107: RUALES ZAMBRANO ANGELA GABRIELA | H107: 1085323424 | I107: REGISTRO FAC. No. 3349, PRESTAR LOS SERVICIOS DE APOYO A LA GESTION A LAS AREAS DE AUDITORIA, REALIZANDO UNA REVISIÓN Y ANALISIS DETALLADO DE LOS MOVIMIENTOS DIARIOS DE LOS ESTABLECIMIENTOS DE COMERCIO PARA LOS ESTABLECIMIENTOS HOTEL MORASURCO Y HOTEL SINDAMANOY CORRESPONDE AL MES DE ABRIL DE 2022, OPERACION COMERCIAL HOTEL MORASURCO - TURNARINO LTDA | J107: Compromiso presupuestal | K107: 2022000049 | L107: 1,500,000.00
B108: 2.1.2.02.02.008.003 | D108: 44681 | E108: Obligacion presupuestal | F108: 2022100426 | G108: MORILLO QUIROZ SOFIA JULIETH | H108: 1087673650 | I108: REGISTRO FAC. No.3351 CORRESPONDE A HONORARIOS PROFESIONALES COMO REVISOR FISCAL, CORRESPONDIENTE AL MES DE ENERO DE 2022 - OPERACION COMERCIAL TURNARINO LTDA | J108: Compromiso presupuestal | K108: 2022000001 | L108: 2,300,000.00
B109: 2.1.2.02.02.008.003 | D109: 44681 | E109: Obligacion presupuestal | F109: 2022100427 | G109: MORILLO QUIROZ SOFIA JULIETH | H109: 1087673650 | I109: REGISTRO FAC. No.3352 CORRESPONDE A HONORARIOS PROFESIONALES COMO REVISOR FISCAL, CORRESPONDIENTE AL MES DE FEBRERO DE 2022 - OPERACION COMERCIAL TURNARINO LTDA | J109: Compromiso presupuestal | K109: 2022000001 | L109: 2,300,000.00
B110: 2.1.2.02.02.008.003 | D110: 44683 | E110: Obligacion presupuestal | F110: 2022100430 | G110: COMPUCONTA SOFWARE ASESORES SAS | H110: 900274678 | I110: REGISTRO FAC. NO. FE-1808 CONTRATO NO.202200005 POR PRESTACION DE SERVICIOS PARA LOS SERVICIOS DE CAPACITACION, SOPORTE TECNICO Y ACTUALIZACION PERIODO 2022, EN EL SOFTWARE COMPUCONTA DE CONFORMIDAD CON EL ALCANCE , LAS OBLIGACIONES ESPECIFICAS OPERACION CONTABLE HOTEL MORASURCO - TURNARINO LTDA. | J110: Compromiso presupuestal | K110: 2022000005 | L110: 2,652,100.00
B111: 2.1.2.02.02.008.003 | D111: 44692 | E111: Obligacion presupuestal | F111: 2022100448 | G111: MORILLO QUIROZ SOFIA JULIETH | H111: 1087673650 | I111: REGISTRO FAC. No.3353 CORRESPONDE A HONORARIOS PROFESIONALES COMO REVISOR FISCAL, CORRESPONDIENTE AL MES DE MARZO DE 2022 - OPERACION COMERCIAL TURNARINO LTDA | J111: Compromiso presupuestal | K111: 2022000001 | L111: 2,300,000.00
B112: 2.1.2.02.02.008.003 | D112: 44697 | E112: Obligacion presupuestal | F112: 2022100463 | G112: ESPAÑA TORRES JENIFFER TATIANA | H112: 1085261258 | I112: REGISTRO FAC. No.3533, CORRESPONDIENTE A CAPACITACION PARA FUNCIONARIOS DE LA ENTIDAD EN LA PLATAFORMA SECOP II, TEMATICA PLAN ANUAL DE ADQUISICIONES VIGENCIA 2022, OPERACION COMERCIAL TURNARINO LTDANTA DE AHORRO, CORRESPONDE A ABRIL DE 2022 CTA. No.2106-6 | J112: Compromiso presupuestal | K112: 2022000717 | L112: 700,000.00
B113: 2.1.2.02.02.008.003 | D113: 44699 | E113: Obligacion presupuestal | F113: 2022100474 | G113: DE LA CRUZ LOPEZ KATHERINE | H113: 1085315713 | I113: REGISTRO FAC. No.3359, CORRESPONDIENTE A APOYO A LA GESTION CONTABLE EN EL DEPARTAMENTO FINANCIERO DEL 01 AL 30 DE MAYO DE 2022, OPERACION COMERCIAL HOTEL MORASURCO - TURNARINO LTDA. | J113: Compromiso presupuestal | K113: 2022000739 | L113: 900,000.00
B114: 2.1.2.02.02.008.003 | D114: 44699 | E114: Obligacion presupuestal | F114: 2022100477 | G114: MARQUEZ ARANGO MARIA GALUSSY | H114: 59665741 | I114: REGISTRO FAC. NO.3360, CORRESPONDIENTE A APOYO A LA GESTION CONTABLE EN EL DEPARTAMENTO FINANCIERO DEL 01 AL 30 DE MAYO DE 2022, OPERACION COMERCIAL HOTEL MORASURCO - TURNARINO LTDA. | J114: Compromiso presupuestal | K114: 2022000740 | L114: 900,000.00
... B132: 2.1.2.02.02.008.003 | D132: 44742 | E132: Obligacion presupuestal | F132: 2022100642 | G132: MORILLO QUIROZ SOFIA JULIETH | H132: 1087673650 | I132: REGISTRO FAC. No.3709 CORRESPONDE A HONORARIOS PROFESIONALES COMO REVISOR FISCAL DURANTE EL MES DE JUNIO DE 2022 - OPERACION COMERCIAL TURNARINO LTDA | J132: Compromiso presupuestal | K132: 2022000514 | L132: 2,300,000.00
B133: TOTAL HONORARIOS ADMINISTRATIVOS | K133: SUMAS | L133: 41,582,099.00
B134: Cuenta | C134: Fuente | D134: Fecha | E134: Comprobante | F134: Numero | G134: Tercero | H134: Identificacion | I134: Detalle | J134: Doc Afectado | K134: Numero | L134: Credito
B135: 2.1.2.02.02.008.004 | D135: 44665 | E135: Obligacion presupuestal | F135: 2022100348 | G135: RECALDE ERAZO FELIPE | H135: 98385714 | I135: REGISTRO FAC. No.FERE-64, CORRESPONDIENTE A IMPLEMENTACION PROGRAMA SIIGO, EN EL PROGRAMA DE FACTURACION ELECTRONICA, RECEPCION DE FACTURACION PARA INTERFACE DE SIIGO PYME CON COMPUCONTA, OPERACION COMERCIAL TURNARINO LTDA., PARA LOS HOTELES MORASURCO Y SINDAMANOY | J135: Compromiso presupuestal | K135: 2022000563 | L135: 2,000,000.00
B136: 2.1.2.02.02.008.004 | D136: 44673 | E136: Obligacion presupuestal | F136: 2022100357 | G136: DIRECCIONAMIENTO EMPRESARIAL SAS | H136: 901005205 | I136: REGISTRO FAC. No.FEDE339, CORRESPONDIENTE A CONEXION SIIGO REMOTO (CLOUD COMPUTING) PARA GENERACION DEL SISTEMA DE FACTURACION ELECTRONICA DE LOS HOTELES MORASURCO Y SINDAMANOY, OPERACION COMERCIAL TURNARINO LTDA | J136: Compromiso presupuestal | K136: 2022000557 | L136: 300,000.00
B137: 2.1.2.02.02.008.004 | D137: 44683 | E137: Obligacion presupuestal | F137: 2022100432 | G137: ACTIVOS CONTADORES Y ASESORES S.A.S | H137: 814003232 | I137: REGISTRO FAC. No.FE-198, CORRESPONDIENTE A SERVICIOS PROFESIONALES DE CONSULTORIA EXTERNA PARA LA IMPLEMENTACION DE AVALUO Y LEVANTAMIENTO DE ACTIVOS DE LA PROMOTORA DE TURISMO DE NARINO LTDA. | J137: Compromiso presupuestal | K137: 2022000686 | L137: 10,860,000.00
B138: TOTAL OTROS HONORARIOS Y TECNICOS - CONSULTORIAS | K138: SUMAS | L138: 13,160,000.00
B139: Cuenta | C139: Fuente | D139: Fecha | E139: Comprobante | F139: Numero | G139: Tercero | H139: Identificacion | I139: Detalle | J139: Doc Afectado | K139: Numero | L139: Credito
B140: 2.4.5.02.08.001 | D140: 44677 | E140: Obligacion presupuestal | F140: 2022100369 | G140: DELGADO DE LA CRUZ ANGIE LORENA | H140: 1085325713 | I140: REGISTRO FAC. No.3523, CORRESPONDIENTE A PRESTACION DE SERVICIOS DE APOYO A LA GESTION EN EL AREA DE COMERCIAL PARA LA PLANEACION , EJECUCION, CONTROL Y FACTURACION, EN LA ATENCION DE LOS CONVENIOS YO CONTRATOS INTERADMINISTRATIVOS SUSCRITOS CON LA ENTIDAD, CON EL FIN DE GARANTIZAR SU EFICIENCIA Y CELERIDAD DE CONFORMIDAD CON EL ALCANCE, LAS OBLIGACIONES O CONDICIONES ESPECIFICAS, ASI COMO CON LA PROPUESTA Y COTIZACION PRESUPUESTAL, CORRESPONDIENTE AL MES DE ABRIL DE 2022, OPERACION COMERCIAL HOTEL MORASURCO - TURNARINO LTDA. | J140: Compromiso presupuestal | K140: 2022000050 | L140: 1,300,000.00
B141: 2.4.5.02.08.001 | D141: 44677 | E141: Obligacion presupuestal | F141: 2022100370 | G141: YANDAR GUERRERO MARY ISABEL | H141: 1085244143 | I141: REGISTRO FAC. No.3522, CORRESPONDE A SERVICIOS DE OPERACION LOGISTICA Y PRESTAR SERVICIOS DE APOYO A LA GESTION EN EL AREA COMERCIAL, PARA LA EJECUCION , PLANEACION Y FACTURACION CON EL FIN DE GARANTIZAR LA EFICIENCIA Y CELERIDAD EN LA ATENCION EN EL CONTRATO INTERADMINISTRATIVO DE LA SECRETARIA DE PLANEACION No.GN1211-2021 GOBERNACION DE NARINO, CORRESPONDE AL MES DE ABRIL DE 2022 - OPERACION COMERCIAL HOTEL MORASURCO - PROMOTORA DE TURISMO DE NARINO | J141: Compromiso presupuestal | K141: 2022000052 | L141: 1,700,000.00
B142: 2.4.5.02.08.001 | D142: 44677 | E142: Obligacion presupuestal | F142: 2022100371 | G142: CORAL GONZALEZ CLAUDIA MARCELA | H142: 1085261996 | I142: REGISTRO FAC. No.3508, CORRESPONDE A SERVICIOS DE OPERACION LOGISTICA Y PRESTAR SERVICIOS DE APOYO A LA GESTION EN EL AREA COMERCIAL, PARA LA EJECUCION , PLANEACION Y FACTURACION CON EL FIN DE GARANTIZAR LA EFICIENCIA Y CELERIDAD EN LA ATENCION EN LA EJECUCION DE LOS CONTRATOS INTERADMINISTRATIVOS, CORRESPONDE AL MES DE ABRIL DE 2022 - OPERACION COMERCIAL HOTEL MORASURCO - PROMOTORA DE TURISMO DE NARINO | J142: Compromiso presupuestal | K142: 2022000051 | L142: 1,500,000.00
B143: 2.4.5.02.08.001 | D143: 44711 | E143: Obligacion presupuestal | F143: 2022100508 | G143: YANDAR GUERRERO MARY ISABEL | H143: 1085244143 | I143: REGISTRO FAC. No.3538, CORRESPONDE A SERVICIOS DE OPERACION LOGISTICA Y PRESTAR SERVICIOS DE APOYO A LA GESTION EN EL AREA COMERCIAL, PARA LA EJECUCION , PLANEACION Y FACTURACION CON EL FIN DE GARANTIZAR LA EFICIENCIA Y CELERIDAD EN LA ATENCION EN EL CONTRATO INTERADMINISTRATIVO DE LA SECRETARIA DE PLANEACION No.GN1211-2021, GOBERNACION DE NARINO, CORRESPONDE AL MES DE MAYO DE 2022 - OPERACION COMERCIAL HOTEL MORASURCO - PROMOTORA DE TURISMO DE NARINO | J143: Compromiso presupuestal | K143: 2022000052 | L143: 1,700,000.00
B144: 2.4.5.02.08.001 | D144: 44711 | E144: Obligacion presupuestal | F144: 2022100509 | G144: DELGADO DE LA CRUZ ANGIE LORENA | H144: 1085325713 | I144: REGISTRO FAC. No.3540, CORRESPONDIENTE A PRESTACION DE SERVICIOS DE APOYO A LA GESTION EN EL AREA DE COMERCIAL PARA LA PLANEACION , EJECUCION, CONTROL Y FACTURACION, EN LA ATENCION DE LOS CONVENIOS YO CONTRATOS INTERADMINISTRATIVOS SUSCRITOS CON LA ENTIDAD, CON EL FIN DE GARANTIZAR SU EFICIENCIA Y CELERIDAD DE CONFORMIDAD CON EL ALCANCE, LAS OBLIGACIONES O CONDICIONES ESPECIFICAS, ASI COMO CON LA PROPUESTA Y COTIZACION PRESUPUESTAL, CORRESPONDIENTE AL MES DE MAYO DE 2022, OPERACION COMERCIAL HOTEL MORASURCO - TURNARINO LTDA. | J144: Compromiso presupuestal | K144: 2022000050 | L144: 1,300,000.00
...

Sheet JULIO - SEPT
A1: Promotora de turismo de Nariño Ltda
A2: NIT 891.200.373 - 3
A3: EJECUCION DE GASTOS
A4: Periodo: Julio a Septiembre de 2022
A5: Fecha de Impresion: 2022-10-7
D6: Modificaciones | K6: Disponibilidades | M6: Compromisos | O6: Obligaciones
A7: Codigo | B7: Nombre | C7: Apropiacion Inicial | D7: Adiciones | E7: Reducciones | F7: Creditos | G7: Contra Creditos | H7: Apropiacion Def | I7: Aplazam | J7: Desaplazam | K7: Totales | L7: Sin Afectacion | M7: Totales | N7: Sin Afectacion | O7: Totales | P7: Sin Afectacion | Q7: Pagos | R7: Saldo Disponible | S7: Tipo
A8: 2 | B8: Gastos | C8: 1.1052077e+10 | D8: 4961522970 | E8: 0 | F8: 1177705784 | G8: 1177705784 | H8: 1.60136e+10 | I8: 0 | J8: 0 | K8: 5.2796225e+09 | L8: 2.9096691e+09 | M8: 2.3699534e+09 | N8: 9.5928062e+08 | O8: 1.4106728e+09 | P8: -1.7770535e+08 | Q8: 1.5883781e+09 | R8: 1.0733977e+10 | S8: Titulo
A9: 2.1 | B9: Funcionamiento | C9: 2.4204335e+09 | D9: 0 | E9: 0 | F9: 32582815 | G9: 32582815 | H9: 2.4204335e+09 | I9: 0 | J9: 0 | K9: 2.6287239e+08 | L9: -56798247 | M9: 3.1967063e+08 | N9: 35255017 | O9: 284415617 | P9: 31395912 | Q9: 2.5301971e+08 | R9: 2.1575611e+09 | S9: Titulo
A10: 2.1.1 | B10: Gastos de personal | C10: 6.0322238e+08 | D10: 0 | E10: 0 | F10: 0 | G10: 0 | H10: 6.0322238e+08 | I10: 0 | J10: 0 | K10: 130926926 | L10: -21775247 | M10: 152702173 | N10: 0 | O10: 152702173 | P10: 868956 | Q10: 151833217 | R10: 4.7229545e+08 | S10: Titulo
A11: 2.1.1.01 | B11: Planta de personal permanente | C11: 6.0322238e+08 | D11: 0 | E11: 0 | F11: 0 | G11: 0 | H11: 6.0322238e+08 | I11: 0 | J11: 0 | K11: 130926926 | L11: -21775247 | M11: 152702173 | N11: 0 | O11: 152702173 | P11: 868956 | Q11: 151833217 | R11: 4.7229545e+08 | S11: Titulo
A12: 2.1.1.01.01 | B12: Factores constitutivos de salario | C12: 4.8244627e+08 | D12: 0 | E12: 0 | F12: 0 | G12: 0 | H12: 4.8244627e+08 | I12: 0 | J12: 0 | K12: 117982287 | L12: -10224788 | M12: 128207075 | N12: 0 | O12: 128207075 | P12: 4204333 | Q12: 124002742 | R12: 3.6446398e+08 | S12: Titulo
A13: 2.1.1.01.01.001 | B13: Factores salariales comunes | C13: 4.8244627e+08 | D13: 0 | E13: 0 | F13: 0 | G13: 0 | H13: 4.8244627e+08 | I13: 0 | J13: 0 | K13: 117982287 | L13: -10224788 | M13: 128207075 | N13: 0 | O13: 128207075 | P13: 4204333 | Q13: 124002742 | R13: 3.6446398e+08 | S13: Titulo
A14: 2.1.1.01.01.001.01 | B14: Sueldo básico | C14: 3.9174831e+08 | D14: 0 | E14: 0 | F14: 0 | G14: 0 | H14: 3.9174831e+08 | I14: 0 | J14: 0 | K14: 111379106 | L14: 0 | M14: 111379106 | N14: 0 | O14: 111379106 | P14: 1850167 | Q14: 109528939 | R14: 2.8036921e+08 | S14: Detalle
A15: 2.1.1.01.01.001.02 | B15: Horas extras, dominicales, festivos y recargos | C15: 12005465 | D15: 0 | E15: 0 | F15: 0 | G15: 0 | H15: 12005465 | I15: 0 | J15: 0 | K15: 1932153 | L15: 0 | M15: 1932153 | N15: 0 | O15: 1932153 | P15: 47892 | Q15: 1884261 | R15: 10073312 | S15: Detalle
A16: 2.1.1.01.01.001.05 | B16: Auxilio de transporte | C16: 7030320 | D16: 0 | E16: 0 | F16: 0 | G16: 0 | H16: 7030320 | I16: 0 | J16: 0 | K16: 2402026 | L16: 0 | M16: 2402026 | N16: 0 | O16: 2402026 | P16: 199193 | Q16: 2202833 | R16: 4628294 | S16: Detalle
A17: 2.1.1.01.01.001.06 | B17: Prima de servicio | C17: 20277722 | D17: 0 | E17: 0 | F17: 0 | G17: 0 | H17: 20277722 | I17: 0 | J17: 0 | K17: 287103 | L17: 0 | M17: 287103 | N17: 0 | O17: 287103 | P17: 180925 | Q17: 106178 | R17: 19990619 | S17: Detalle
A18: 2.1.1.01.01.001.08 | B18: Prestaciones sociales | C18: 51384454 | D18: 0 | E18: 0 | F18: 0 | G18: 0 | H18: 51384454 | I18: 0 | J18: 0 | K18: 1981899 | L18: -10224788 | M18: 12206687 | N18: 0 | O18: 12206687 | P18: 1926156 | Q18: 10280531 | R18: 49402554 | S18: Titulo
A19: 2.1.1.01.01.001.08.01 | B19: Prima de navidad | C19: 33258159 | D19: 0 | E19: 0 | F19: 0 | G19: 0 | H19: 33258159 | I19: 0 | J19: 0 | K19: 1320599 | L19: -7373976 | M19: 8694575 | N19: 0 | O19: 8694575 | P19: 1336480 | Q19: 7358095 | R19: 31937560 | S19: Detalle
... A197: 2.4.5.02.08.021 | B197: OTROS GASTOS POR ADQUISICIÒN DE SERVICIOS H SINDAMANOY - VIGENCIA 2021 | C197: 1970000 | D197: 0 | E197: 0 | F197: 0 | G197: 0 | H197: 1970000 | I197: 0 | J197: 0 | K197: 0 | L197: 0 | M197: 0 | N197: 0 | O197: 0 | P197: -158000 | Q197: 158000 | R197: 1970000 | S197: Detalle

Sheet JULIO - SEPT 2022
B1: INFORME AUSTERIDAD DEL GASTO
A3: ENERGIA | B3: AGOSTO A SEPTIEMBRE 2022 - MORASURCO
B4: Cuenta | C4: Fuente | D4: Fecha | E4: Comprobante | F4: Numero | G4: Tercero | H4: Identificacion | I4: Detalle | J4: Doc Afectado | K4: Numero | L4: Credito
B5: 2.4.5.02.06.007 | D5: 44750 | E5: Obligacion presupuestal | F5: 2022100663 | G5: CENTRALES ELECTRICAS DE NARINO S.A. E.S.P | H5: 891200200 | I5: REGISTRO DE FACTURA NO.39789307 CODIGO INTERNO CE-215954 PERIODO DEL 21 DE MAYO A 21 DE JUNIO DE 2022, REFERENCIA DE PAGO NO.88870873 PARA OPERACIÓN CCIAL HOTEL MORASURCO DE PROPIEDAD DE TURNARIÑO LTDA | J5: Compromiso presupuestal | K5: 2022000012 | L5: 3544840
B6: 2.4.5.02.06.007 | D6: 44775 | E6: Obligacion presupuestal | F6: 2022100775 | G6: CENTRALES ELECTRICAS DE NARINO S.A. E.S.P | H6: 891200200 | I6: REGISTRO DE FACTURA NO.40412187 CODIGO INTERNO CE-215954 PERIODO DEL 21 DE JUNIO A 22 DE JULIO DE 2022, REFERENCIA DE PAGO NO.89489846 PARA OPERACIÓN CCIAL HOTEL MORASURCO DE PROPIEDAD DE TURNARIÑO LTDA | J6: Compromiso presupuestal | K6: 2022000012 | L6: 3804400
B7: 2.4.5.02.06.007 | D7: 44813 | E7: Obligacion presupuestal | F7: 2022100996 | G7: CENTRALES ELECTRICAS DE NARINO S.A. E.S.P | H7: 891200200 | I7: REGISTRO DE FACTURA NO.41141041 CODIGO INTERNO CE-215954 PERIODO DEL 22 DE JULIO A 23 DE AGOSTO DE 2022, REFERENCIA DE PAGO NO.90287490 PARA OPERACIÓN CCIAL HOTEL MORASURCO DE PROPIEDAD DE TURNARIÑO LTDA | J7: Compromiso presupuestal | K7: 2022000012 | L7: 4190230
L8: =SUM(L5:L7) -> 11539470
B10: AGOSTO A SEPTIEMBRE 2022 SINDAMANOY
B11: Cuenta | C11: Fuente | D11: Fecha | E11: Comprobante | F11: Numero | G11: Tercero | H11: Identificacion | I11: Detalle | J11: Doc Afectado | K11: Numero | L11: Credito
B12: 2.4.5.02.06.008 | D12: 44743 | E12: Obligacion presupuestal | F12: 2022590127 | G12: CENTRALES ELECTRICAS DE NARINO S.A. E.S.P | H12: 891200200 | I12: REGISTRO DE FACTURA NO.39519117 CODIGO INTERNO CE-1071483 PERIODO DEL 07 DE JUNIO A 06 DE JULIO DE 2022, REFERENCIA DE PAGO NO.80540544 PARA OPERACIÓN CCIAL HOTEL SINDAMANOY DE PROPIEDAD DE TURNARIÑO LTDA. | J12: Compromiso presupuestal | K12: 2022000012 | L12: 2610730
B13: 2.4.5.02.06.008 | D13: 44775 | E13: Obligacion presupuestal | F13: 2022590152 | G13: CENTRALES ELECTRICAS DE NARINO S.A. E.S.P | H13: 891200200 | I13: REGISTRO DE FACTURA NO.40109719 CODIGO INTERNO CE-1071483 PERIODO DEL 07 DE JULIO A 05 DE AGOSTO DE 2022, REFERENCIA DE PAGO NO.80540544 PARA OPERACIÓN CCIAL HOTEL SINDAMANOY DE PROPIEDAD DE TURNARIÑO LTDA. | J13: Compromiso presupuestal | K13: 2022000012 | L13: 3019460
B14: 2.4.5.02.06.008 | D14: 44806 | E14: Obligacion presupuestal | F14: 2022590189 | G14: CENTRALES ELECTRICAS DE NARINO S.A. E.S.P | H14: 891200200 | I14: REGISTRO DE FACTURA NO.40795343 CODIGO INTERNO CE-1071483 PERIODO DEL 05 DE AGOSTO A 07 DE SEPTIEMBRE DE 2022, REFERENCIA DE PAGO NO.80540544 PARA OPERACIÓN CCIAL HOTEL SINDAMANOY DE PROPIEDAD DE TURNARIÑO LTDA. | J14: Compromiso presupuestal | K14: 2022000012 | L14: 4341090
L15: =SUM(L12:L14) -> 9971280
K17: TOTAL | L17: =+L8+L15 -> 21510750
A18: ACUEDUCTO | B18: JULIO A SEPTIEMBRE 2022 MORASURCO
B19: Cuenta | C19: Fuente | D19: Fecha | E19: Comprobante | F19: Numero | G19: Tercero | H19: Identificacion | I19: Detalle | J19: Doc Afectado | K19: Numero | L19: Credito
B20: Cuenta | C20: Fuente | D20: Fecha | E20: Comprobante | F20: Numero | G20: Tercero | H20: Identificacion | I20: Detalle | J20: Doc Afectado | K20: Numero | L20: Credito
B21: 2.4.5.02.06.005 | D21: 44750 | E21: Obligacion presupuestal | F21: 2022100668 | G21: EMPRESA DE OBRAS SANITARIAS DE PASTO EMPOPASTO S.A. E.S.P. | H21: 891200686 | I21: REGISTRO FAC. 21394481 DEL MES DE JUNIO DE 2022, SERVICIO DE SUMINISTRO AGUA PERIODO 02 DE JUNIO DE 2022-01 DE JULIO DE 2022, CODIGO 2607 - OPERACION HOTEL MORASURCO - TURNARINO LTDA | J21: Compromiso presupuestal | K21: 2022000011 | L21: 2159090
B22: 2.4.5.02.06.005 | D22: 44781 | E22: Obligacion presupuestal | F22: 2022100784 | G22: EMPRESA DE OBRAS SANITARIAS DE PASTO EMPOPASTO S.A. E.S.P. | H22: 891200686 | I22: REGISTRO FAC. 21496753 DEL MES DE JUNIO DE 2022, SERVICIO DE SUMINISTRO AGUA PERIODO 02 DE JULIO DE 2022-01 DE AGOSTO DE 2022, CODIGO 2607 - OPERACION HOTEL MORASURCO - TURNARINO LTDA | J22: Compromiso presupuestal | K22: 2022000011 | L22: 2204460
B23: 2.4.5.02.06.005 | D23: 44813 | E23: Obligacion presupuestal | F23: 2022100994 | G23: EMPRESA DE OBRAS SANITARIAS DE PASTO EMPOPASTO S.A. E.S.P. | H23: 891200686 | I23: REGISTRO FAC. 21599294 DEL MES DE SEPTIEMBRE DE 2022, SERVICIO DE SUMINISTRO AGUA PERIODO 02 DE AGOSTO DE 2022-01 DE SEPTIEMBRE DE 2022, CODIGO 2607 - OPERACION HOTEL MORASURCO - TURNARINO LTDA | J23: Compromiso presupuestal | K23: 2022000011 | L23: 2275760
B24: SUMAS | L24: =SUM(L21:L23) -> 6639310
K25: SUMAS
A27: TELEFONOS E INTERNET | B27: JULIO A SEPTIEMBRE DE 2022 MORASURCO
B28: Cuenta | C28: Fuente | D28: Fecha | E28: Comprobante | F28: Numero | G28: Tercero | H28: Identificacion | I28: Detalle | J28: Doc Afectado | K28: Numero | L28: Credito
B29: 2.4.5.02.08.008 | D29: 44744 | E29: Obligacion presupuestal | F29: 2022100655 | G29: COLOMBIA TELECOMUNICACIONES S.A. E.S.P. | H29: 830122566 | I29: REGISTRO FAC NO. BEC-234394849, SERVICIO DE INTERNET CORRESPONDIENTE DEL 02 DE JUNIO AL 01 DE JULIO DE 2022, REF. DE PAGO NO.234394849 - OPERACION COMERCIAL HOTEL MORASURCO | J29: Compromiso presupuestal | K29: 2022000010 | L29: 205281.08
B30: 2.4.5.02.08.008 | D30: 44744 | E30: Obligacion presupuestal | F30: 2022100656 | G30: COLOMBIA TELECOMUNICACIONES S.A. E.S.P. | H30: 830122566 | I30: SERVICIOS DE TELEFONIA FIJA, CELULAR E INTERNET AÑO 2022 OPERACIÓN CCIAL HOTEL MORASURCO Y HOTEL SINDAMANOY | J30: Compromiso presupuestal | K30: 2022000010 | L30: 212881
B31: 2.4.5.02.08.008 | D31: 44744 | E31: Obligacion presupuestal | F31: 2022100659 | G31: COLOMBIA TELECOMUNICACIONES S.A. E.S.P. | H31: 830122566 | I31: REGISTRO FAC NO.5808-00000030825240, SERVICIO DE INTERNET CORRESPONDIENTE AL MES DE JUNIO 01 DE 2022 A JUNIO 30 DE 2022, PERIDODO JUNIO, REF. DE PAGO NO.181162110 - OPERACION COMERCIAL HOTEL MORASURCO | J31: Compromiso presupuestal | K31: 2022000010 | L31: 160500
B32: 2.4.5.02.08.008 | D32: 44750 | E32: Obligacion presupuestal | F32: 2022100669 | G32: COLOMBIA TELECOMUNICACIONES S.A. E.S.P. | H32: 830122566 | I32: REGISTRO FACTURA N0. EC - 249805173 POR CONCEPTO TELEFONIA MOVIL 3128279082, 3128277797 Y 3176582550, PERIODO 27 DE JUNIO A 26 DE JULIO DE 2022, REFERENCIA PARA PAGOS 43200001 - OPERACION COMERCIAL HOTEL MORASURCO | J32: Compromiso presupuestal | K32: 2022000010 | L32: 74820.92
B33: 2.4.5.02.08.008 | D33: 44755 | E33: Obligacion presupuestal | F33: 2022100674 | G33: COLOMBIA TELECOMUNICACIONES S.A. E.S.P. | H33: 830122566 | I33: REGISTRO FACTURA N0. EC - 249861210 POR CONCEPTO TELEFONIA MOVIL 3156531121 PERIODO 13 DE JULIO DE 2022 A 25 DE JULIO DE 2022, REFERENCIA PARA PAGOS 10214494 - OPERACION COMERCIAL HOTEL MORASURCO | J33: Compromiso presupuestal | K33: 2022000010 | L33: 24932.97
B34: 2.4.5.02.08.008 | D34: 44769 | E34: Obligacion presupuestal | F34: 2022100737 | G34: COLOMBIA TELECOMUNICACIONES S.A. E.S.P. | H34: 830122566 | I34: REGISTRO FACTURA N0. EC - 249925602 POR CONCEPTO TELEFONIA MOVIL 3128279082, 3128277797 Y 3176582550, PERIODO 27 DE JULIO A 26 DE AGOSTO DE 2022, REFERENCIA PARA PAGOS 43200001 - OPERACION COMERCIAL HOTEL MORASURCO | J34: Compromiso presupuestal | K34: 2022000010 | L34: 74918.92
B35: 2.4.5.02.08.008 | D35: 44775 | E35: Obligacion presupuestal | F35: 2022100772 | G35: COLOMBIA TELECOMUNICACIONES S.A. E.S.P. | H35: 830122566 | I35: REGISTRO FAC NO.5808-00000030842290, SERVICIO DE INTERNET CORRESPONDIENTE AL MES DE JULIO 01 DE 2022 A JULIO 31 DE 2022, PERIDODO JULIO, REF. DE PAGO NO.181162110 - OPERACION COMERCIAL HOTEL MORASURCO | J35: Compromiso presupuestal | K35: 2022000010 | L35: 160500
B36: 2.4.5.02.08.008 | D36: 44775 | E36: Obligacion presupuestal | F36: 2022100773 | G36: COLOMBIA TELECOMUNICACIONES S.A. E.S.P. | H36: 830122566 | I36: REGISTRO FAC NO. BEC-240214564, SERVICIO DE INTERNET CORRESPONDIENTE DEL 02 DE JULIO AL 01 DE AGOSTO DE 2022, REF. DE PAGO NO.25941580271 - OPERACION COMERCIAL HOTEL MORASURCO | J36: Compromiso presupuestal | K36: 2022000010 | L36: 203640.92
B37: 2.4.5.02.08.008 | D37: 44775 | E37: Obligacion presupuestal | F37: 2022100774 | G37: COLOMBIA TELECOMUNICACIONES S.A. E.S.P. | H37: 830122566 | I37: SERVICIOS DE TELEFONIA FIJA, CELULAR E INTERNET AÑO 2022 OPERACIÓN CCIAL HOTEL MORASURCO Y HOTEL SINDAMANOY | J37: Compromiso presupuestal | K37: 2022000010 | L37: 253402
B38: 2.4.5.02.08.008 | D38: 44786 | E38: Obligacion presupuestal | F38: 2022100791 | G38: COLOMBIA TELECOMUNICACIONES S.A. E.S.P. | H38: 830122566 | I38: SERVICIOS DE TELEFONIA FIJA, CELULAR E INTERNET AÑO 2022 OPERACIÓN CCIAL HOTEL MORASURCO Y HOTEL SINDAMANOY | J38: Compromiso presupuestal | K38: 2022000010 | L38: 24937.02
B39: 2.4.5.02.08.008 | D39: 44800 | E39: Obligacion presupuestal | F39: 2022100844 | G39: COLOMBIA TELECOMUNICACIONES S.A. E.S.P. | H39: 830122566 | I39: REGISTRO FACTURA N0. EC - 250038789 POR CONCEPTO TELEFONIA MOVIL 3128279082, 3128277797 Y 3176582550, PERIODO 27 DE JULIO A 26 DESEPTIEMBRE DE 2022, REFERENCIA PARA PAGOS 43200001 - OPERACION COMERCIAL HOTEL MORASURCO | J39: Compromiso presupuestal | K39: 2022000010 | L39: 73998.91
B40: 2.4.5.02.08.008 | D40: 44806 | E40: Obligacion presupuestal | F40: 2022100972 | G40: COLOMBIA TELECOMUNICACIONES S.A. E.S.P. | H40: 830122566 | I40: SERVICIOS DE TELEFONIA FIJA, CELULAR E INTERNET AÑO 2022 OPERACIÓN CCIAL HOTEL MORASURCO Y HOTEL SINDAMANOY | J40: Compromiso presupuestal | K40: 2022000010 | L40: 212811
... B44: 2.4.5.02.08.008 | D44: 44834 | E44: Obligacion presupuestal | F44: 2022101155 | G44: COLOMBIA TELECOMUNICACIONES S.A. E.S.P. | H44: 830122566 | I44: EGISTRO FACTURA N0. EC - 250170220 POR CONCEPTO TELEFONIA MOVIL 3128279082, 3128277797 Y 3176582550, PERIODO 27 DE SEPTIEMBRE A 26 DE OCTUBRE DE 2022, REFERENCIA PARA PAGOS 43200001 - OPERACION COMERCIAL HOTEL MORASURCO | J44: Compromiso presupuestal | K44: 2022000010 | L44: 74799
B47: JULIO A SEPTIEMBRE DE 2022 SINDAMANOY | K47: SUMAS | L47: =SUM(L29:L44) -> 1970942.7
B48: Cuenta | C48: Fuente | D48: Fecha | E48: Comprobante | F48: Numero | G48: Tercero | H48: Identificacion | I48: Detalle | J48: Doc Afectado | K48: Numero | L48: Credito
B49: Cuenta | C49: Fuente | D49: Fecha | E49: Comprobante | F49: Numero | G49: Tercero | H49: Identificacion | I49: Detalle | J49: Doc Afectado | K49: Numero | L49: Credito
B50: 2.4.5.02.08.009 | D50: 44763 | E50: Obligacion presupuestal | F50: 2022590145 | G50: SISTEMAS, TELECOMUNICACIONES Y BIOMEDICOS DE COLOMBIA SAS | H50: 901028579 | I50: REGISTRO FAC. NO.A-663 POR CONCEPTO DE SERVICIOS DE INTERNET CORRESPONDE AL MES DE JULIO DE 2022 - OPERACION HOTEL SINDAMANOY - TURNARINO LTDA | J50: Compromiso presupuestal | K50: 2022000184 | L50: 168067
B51: 2.4.5.02.08.009 | D51: 44795 | E51: Obligacion presupuestal | F51: 2022590165 | G51: SISTEMAS, TELECOMUNICACIONES Y BIOMEDICOS DE COLOMBIA SAS | H51: 901028579 | I51: REGISTRO FAC. NO.A-698 POR CONCEPTO DE SERVICIOS DE INTERNET CORRESPONDE AL MES DE AGOSTO DE 2022 - OPERACION HOTEL SINDAMANOY - TURNARINO LTDA | J51: Compromiso presupuestal | K51: 2022000184 | L51: 168067
B52: 2.4.5.02.08.009 | D52: 44832 | E52: Obligacion presupuestal | F52: 2022590202 | G52: SISTEMAS, TELECOMUNICACIONES Y BIOMEDICOS DE COLOMBIA SAS | H52: 901028579 | I52: REGISTRO FAC. NO.A-729 POR CONCEPTO DE SERVICIOS DE INTERNET CORRESPONDE AL MES DE SEPTIEMBRE DE 2022 - OPERACION HOTEL SINDAMANOY - TURNARINO LTDA | J52: Compromiso presupuestal | K52: 2022000184 | L52: 168067
L53: =SUM(L50:L52) -> 504201
K55: TOTAL | L55: 504201
K56: TOTAL | L56: =+L47+L55 -> 2475143.7
A57: GAS | B57: JULIO A SEPTIEMBRE DE 2022 MORASURCO
B58: Cuenta | C58: Fuente | D58: Fecha | E58: Comprobante | F58: Numero | G58: Tercero | H58: Identificacion | I58: Detalle | J58: Doc Afectado | K58: Numero | L58: Credito
B59: 2.4.5.02.06.003 | D59: 44775 | E59: Obligacion presupuestal suministros | F59: 2022000159 | G59: SUPERGAS DE NARIÑO S.A. E.S.P | H59: 814003050 | I59: COMPRA DE GAS PARA OPERACIÓN COMERCIAL HM, SEGÚN FACTURA No. FEVP-57664 - Orden de compra Hotel Morasurco 2022000158 | J59: Compromiso presupuestal | K59: 2022000197 | L59: 2047400
B60: 2.4.5.02.06.003 | D60: 44775 | E60: Obligacion presupuestal suministros | F60: 2022000161 | G60: SUPERGAS DE NARIÑO S.A. E.S.P | H60: 814003050 | I60: COMPRA DE GAS PARA OPERACIÓN COMERCIAL HM, SEGÚN FACTURA No. FEVP-59574- Orden de compra Hotel Morasurco 2022000160 | J60: Compromiso presupuestal | K60: 2022000197 | L60: 2349870
B61: 2.4.5.02.06.003 | D61: 44779 | E61: Obligacion presupuestal suministros | F61: 2022000183 | G61: SUPERGAS DE NARIÑO S.A. E.S.P | H61: 814003050 | I61: COMPRA DE GAS PARA OPERACIÓN COMERCIAL HM, SEGÚN FACTURA No. FEVP-60687 - Orden de compra Hotel Morasurco 2022000182 | J61: Compromiso presupuestal | K61: 2022000197 | L61: 1314570
B62: 2.4.5.02.06.003 | D62: 44791 | E62: Obligacion presupuestal suministros | F62: 2022000196 | G62: SUPERGAS DE NARIÑO S.A. E.S.P | H62: 814003050 | I62: COMPRA DE GAS PARA OPERACIÓN COMERCIAL HM, SEGÚN FACTURA No. FEVP-61090 - Orden de compra Hotel Morasurco 2022000195 | J62: Compromiso presupuestal | K62: 2022000197 | L62: 1876300
B63: 2.4.5.02.06.003 | D63: 44812 | E63: Obligacion presupuestal suministros | F63: 2022000223 | G63: SUPERGAS DE NARIÑO S.A. E.S.P | H63: 814003050 | I63: COMPRA DE GAS PARA OPERACIÓN COMERCIAL HM, SEGÚN FACTURA No. FEVP-64004- Orden de compra Hotel Morasurco 2022000225 | J63: Compromiso presupuestal | K63: 2022000197 | L63: 4045195
B64: 2.4.5.02.06.003 | D64: 44830 | E64: Obligacion presupuestal suministros | F64: 2022000247 | G64: SUPERGAS DE NARIÑO S.A. E.S.P | H64: 814003050 | I64: COMPRA DE GAS PARA OPERACIÓN COMERCIAL HM, SEGÚN FACTURA No. 64632- Orden de compra Hotel Morasurco 2022000249 | J64: Compromiso presupuestal | K64: 2022000197 | L64: 2630305
L65: =SUM(L59:L64) -> 14263640
B67: Cuenta | C67: Fuente | D67: Fecha | E67: Comprobante | F67: Numero | G67: Tercero | H67: Identificacion | I67: Detalle | J67: Doc Afectado
B68: 2.4.5.02.06.004 | D68: 44775 | E68: Obligacion presupuestal Sindamanoy | F68: 2022000102 | G68: SUPERGAS DE NARIÑO S.A. E.S.P | H68: 814003050 | I68: COMPRA DE GAS PARA OPERACIÓN COMERCIAL HS, SEGÚN FACTURA No. FEVP 57732- Orden de compra Hotel Sindamanoy 2022000103 | J68: Compromiso presupuestal | K68: 2022000197 | L68: 1151880
K70: TOTAL | L70: =+L65+L68 -> 15415520
A72: CONTRATACION SERVICIOS PERSONALES | B72: JULIO A SEPTIEMBRE DE 2022 MORASURCO HONORARIOS ADMINISTRATIVOS
B74: Cuenta | C74: Fuente | D74: Fecha | E74: Comprobante | F74: Numero | G74: Tercero | H74: Identificacion | I74: Detalle | J74: Doc Afectado | K74: Numero | L74: Credito
B75: 2.1.2.02.02.008.003 | D75: 44768 | E75: Obligacion presupuestal | F75: 2022100727 | G75: FLOREZ BENAVIDES JOSE SANTIAGO | H75: 1085341520 | I75: REGISTRO FAC. NO.P 001-9 POR CONCEPTO DE SERVICIOS PROFESIONALES DE APOYO AL AREA JURÍDICA Y AL DESARROLLO DE LAS ACTIVIDADES LEGALES DE LA ENTIDAD; CORRESPONDIENTE AL MES DE JULIO DE 2022 - OPERACION TURNARIÑO LTDA | J75: Compromiso presupuestal | K75: 2022001084 | L75: 1560000
B76: 2.1.2.02.02.008.003 | D76: 44773 | E76: Obligacion presupuestal | F76: 2022100738 | G76: MUÑOZ MAZUERA MAURICIO FERNANDO | H76: 1085257386 | I76: REGISTRO FAC. NO.3917, CORRESPONDIENTE A PRESTACION DE SERVICIOS PROFESIONALES DE APOYO A AL GESTION, PARA DISEÑO E IMPLEMENTACION DE ESTRATEGIAS DE COMUNICACION, ASI COMO APOYO A LAS AREAS DE ADMINISTRACION COMERCIAL EN LOS DIFERENTES EVENTOS DE PROMOCION Y DIFUSION DE LOS SERVICIOS DE LOS ESTABLECIMIENTOS COMERCIALES DE LA ENTIDAD, CORRESPONDIENTE AL MES DE JULIO DE 2022, OPERACION COMERCIAL TURNARINO LTDA. | J76: Compromiso presupuestal | K76: 2022000067 | L76: 800000
B77: 2.1.2.02.02.008.003 | D77: 44773 | E77: Obligacion presupuestal | F77: 2022100743 | G77: MUÑOZ MAZUERA MAURICIO FERNANDO | H77: 1085257386 | I77: REGISTRO FAC. NO.3922, CORRESPONDIENTE A PRESTACION DE SERVICIOS PROFESIONALES DE APOYO A AL GESTION, PARA DISEÑO E IMPLEMENTACION DE ESTRATEGIAS DE COMUNICACION, ASI COMO APOYO A LAS AREAS DE ADMINISTRACION COMERCIAL EN LOS DIFERENTES EVENTOS DE PROMOCION Y DIFUSION DE LOS SERVICIOS DE LOS ESTABLECIMIENTOS COMERCIALES DE LA ENTIDAD, CORRESPONDIENTE AL MES DE JULIO DE 2022, OPERACION COMERCIAL TURNARINO LTDA. | J77: Compromiso presupuestal | K77: 2022001145 | L77: 700000
B78: 2.1.2.02.02.008.003 | D78: 44786 | E78: Obligacion presupuestal | F78: 2022100792 | G78: ROSALES CAJIGAS ANDREA MARCELA | H78: 1085267598 | I78: REGISTRO FAC. NO.3907, CORRESPONDIENTE A APOYO A LA GESTION CONTABLE, DEPURACION CONTABLE EN EL DEPARTAMENTO FINANCIERO DEL 01 AL 30 DE JULIO DE 2022, OPERACION COMERCIAL HOTEL MORASURCO - TURNARINO LTDA., | J78: Compromiso presupuestal | K78: 2022001274 | L78: 900000
B79: 2.1.2.02.02.008.003 | D79: 44786 | E79: Obligacion presupuestal | F79: 2022100793 | G79: CORTES LOMBANA RANDY NATHALIA | H79: 1087208524 | I79: REGISTRO FAC. NO.3908, CORRESPONDIENTE A APOYO A LA GESTION CONTABLE, DEPURACION CONTABLE EN EL DEPARTAMENTO FINANCIERO DEL 01 AL 30 DE JULIO DE 2022, OPERACION COMERCIAL HOTEL MORASURCO - TURNARINO LTDA., | J79: Compromiso presupuestal | K79: 2022001275 | L79: 900000
B80: 2.1.2.02.02.008.003 | D80: 44804 | E80: Obligacion presupuestal | F80: 2022100847 | G80: FLOREZ BENAVIDES JOSE SANTIAGO | H80: 1085341520 | I80: REGISTRO FAC. NO.DSHM - 39, POR CONCEPTO DE SERVICIOS PROFESIONALES DE APOYO AL AREA JURÍDICA Y AL DESARROLLO DE LAS ACTIVIDADES LEGALES DE LA ENTIDAD; CORRESPONDIENTE AL MES DE AGOSTO DE 2022 - OPERACION TURNARIÑO LTDA. | J80: Compromiso presupuestal | K80: 2022001084 | L80: 1560000
B81: 2.1.2.02.02.008.003 | D81: 44804 | E81: Obligacion presupuestal | F81: 2022100855 | G81: MUÑOZ MAZUERA MAURICIO FERNANDO | H81: 1085257386 | I81: REGISTRO FAC. NO.DSHM - 97, CORRESPONDIENTE A PRESTACION DE SERVICIOS PROFESIONALES DE APOYO A AL GESTION, PARA DISEÑO E IMPLEMENTACION DE ESTRATEGIAS DE COMUNICACION, ASI COMO APOYO A LAS AREAS DE ADMINISTRACION COMERCIAL EN LOS DIFERENTES EVENTOS DE PROMOCION Y DIFUSION DE LOS SERVICIOS DE LOS ESTABLECIMIENTOS COMERCIALES DE LA ENTIDAD, CORRESPONDIENTE AL MES DE AGOSTO DE 2022, OPERACION COMERCIAL TURNARINO LTDA. | J81: Compromiso presupuestal | K81: 2022001145 | L81: 1500000
B82: 2.1.2.02.02.008.003 | D82: 44813 | E82: Obligacion presupuestal | F82: 2022100993 | G82: COMPUCONTA SOFWARE ASESORES SAS | H82: 900274678 | I82: REGISTRO FAC. No.FE - 2013, CONTRATO NO.202200005 POR PRESTACION DE SERVICIOS PARA LOS SERVICIOS DE CAPACITACION, SOPORTE TECNICO Y ACTUALIZACION PERIODO 2022, EN EL SOFTWARE COMPUCONTA DE CONFORMIDAD CON EL ALCANCE , LAS OBLIGACIONES ESPECIFICAS, CUOTA 2 DE 3, OPERACION CONTABLE HOTEL MORASURCO - TURNARINO LTDA. | J82: Compromiso presupuestal | K82: 2022000005 | L82: 2652100
B83: 2.1.2.02.02.008.003 | D83: 44830 | E83: Obligacion presupuestal | F83: 2022101065 | G83: FLOREZ BENAVIDES JOSE SANTIAGO | H83: 1085341520 | I83: REGISTRO LEGALIZACION CAJA MENOR DE COMPRAS NO.007, REEMBOLSO NO.008, GASTOS CAJA MENOR VIGENCIA 2022, COMPROBANTE DE PAGO NO.DSHM - 144-193 - OPERACION COMERCIAL HOTEL MORASURCO-PROMOTORA DE TURISMO DE NARINO LTDA | J83: Compromiso presupuestal | K83: 2022001084 | L83: 16500
B84: 2.1.2.02.02.008.003 | D84: 44832 | E84: Obligacion presupuestal | F84: 2022101088 | G84: FLOREZ BENAVIDES JOSE SANTIAGO | H84: 1085341520 | I84: REGISTRO FAC. NO.DSHM - 221, POR CONCEPTO DE SERVICIOS PROFESIONALES DE APOYO AL AREA JURÍDICA Y AL DESARROLLO DE LAS ACTIVIDADES LEGALES DE LA ENTIDAD; CORRESPONDIENTE AL MES DE SEPTIEMBRE DE 2022 - OPERACION TURNARIÑO LTDA. | J84: Compromiso presupuestal | K84: 2022001084 | L84: 1560000
B85: 2.1.2.02.02.008.003 | D85: 44834 | E85: Obligacion presupuestal | F85: 2022101141 | G85: MUÑOZ MAZUERA MAURICIO FERNANDO | H85: 1085257386 | I85: REGISTRO FAC. NO.DSHM - 232, CORRESPONDIENTE A PRESTACION DE SERVICIOS PROFESIONALES DE APOYO A AL GESTION, PARA DISEÑO E IMPLEMENTACION DE ESTRATEGIAS DE COMUNICACION, ASI COMO APOYO A LAS AREAS DE ADMINISTRACION COMERCIAL EN LOS DIFERENTES EVENTOS DE PROMOCION Y DIFUSION DE LOS SERVICIOS DE LOS ESTABLECIMIENTOS COMERCIALES DE LA ENTIDAD, CORRESPONDIENTE AL MES DE SEPTIEMBRE DE 2022, OPERACION COMERCIAL TURNARINO LTDA. | J85: Compromiso presupuestal | K85: 2022001145 | L85: 1500000
B86: JULIO A SEPTIEMBRE MORASURCO HONORARIOS POR CONSULTORIAS | K86: SUMAS | L86: =SUM(L75:L85) -> 13648600
B87: Cuenta | C87: Fuente | D87: Fecha | E87: Comprobante | F87: Numero | G87: Tercero | H87: Identificacion | I87: Detalle | J87: Doc Afectado | K87: Numero | L87: Credito
B88: 2.1.2.02.02.008.004 | D88: 44759 | E88: Obligacion presupuestal | F88: 2022100708 | G88: BOLANOS NARVAEZ LIVIO NESTOR | H88: 12961630 | I88: REGISTRO FAC. No.1958, CORRESPONDIENTE A ACTUALIZACION DE DOS AVALUOS, LOTE 6 DE LAS INSTALACIONES DEL HOTEL MORASURCO Y LOTE CORRESPONDIENTE AL INMUEBLE DEL PARADOR TURISTICO LAS LAJAS, OPERACION COMERCIAL TURNARINO LTDA. | J88: Compromiso presupuestal | K88: 2022001137 | L88: 1100000
B89: 2.1.2.02.02.008.004 | D89: 44775 | E89: Obligacion presupuestal | F89: 2022100782 | G89: DIRECCIONAMIENTO EMPRESARIAL SAS | H89: 901005205 | I89: REGISTRO FAC. No.FEDE 421, CORRESPONDIENTE A CONEXION SIIGO REMOTO (CLOUD COMPUTING) PARA GENERACION DEL SISTEMA DE FACTURACION ELECTRONICA DE LOS HOTELES MORASURCO Y SINDAMANOY, OPERACION COMERCIAL TURNARINO LTDA | J89: Compromiso presupuestal | K89: 2022001263 | L89: 300000
B90: 2.1.2.02.02.008.004 | D90: 44804 | E90: Obligacion presupuestal | F90: 2022100845 | G90: DE LA CRUZ LOPEZ KATHERINE | H90: 1085315713 | I90: REGISTRO FAC. NO.DSMH - 40, CORRESPONDIENTE A APOYO A LA GESTION CONTABLE EN EL DEPARTAMENTO FINANCIERO DEL 01 AL 31 DE JULIO DE 2022, OPERACION COMERCIAL HOTEL MORASURCO - TURNARINO LTDA. | J90: Compromiso presupuestal | K90: 2022001322 | L90: 990000
B91: 2.1.2.02.02.008.004 | D91: 44804 | E91: Obligacion presupuestal | F91: 2022100851 | G91: MARQUEZ ARANGO MARIA GALUSSY | H91: 59665741 | I91: REGISTRO FAC. NO.DSHM - 39, CORRESPONDIENTE A APOYO A LA GESTION CONTABLE EN EL DEPARTAMENTO FINANCIERO DEL 01 AL 31 DE AGOSTO DE 2022, OPERACION COMERCIAL HOTEL MORASURCO - TURNARINO LTDA | J91: Compromiso presupuestal | K91: 2022001321 | L91: 980000
B92: 2.1.2.02.02.008.004 | D92: 44804 | E92: Obligacion presupuestal | F92: 2022100852 | G92: ROSALES CAJIGAS ANDREA MARCELA | H92: 1085267598 | I92: REGISTRO FAC. NO.DSHM - 36, CORRESPONDIENTE A APOYO A LA GESTION CONTABLE EN EL DEPARTAMENTO FINANCIERO DEL 01 AL 31 DE AGOSTO DE 2022, OPERACION COMERCIAL HOTEL MORASURCO - TURNARINO LTDA | J92: Compromiso presupuestal | K92: 2022001319 | L92: 900000
B93: 2.1.2.02.02.008.004 | D93: 44804 | E93: Obligacion presupuestal | F93: 2022100853 | G93: CORTES LOMBANA RANDY NATHALIA | H93: 1087208524 | I93: REGISTRO FAC. NO.DSHM - 37, CORRESPONDIENTE A APOYO A LA GESTION CONTABLE EN EL DEPARTAMENTO FINANCIERO DEL 01 AL 31 DE AGOSTO DE 2022, OPERACION COMERCIAL HOTEL MORASURCO - TURNARINO LTDA | J93: Compromiso presupuestal | K93: 2022001320 | L93: 900000
B94: 2.1.2.02.02.008.004 | D94: 44816 | E94: Obligacion presupuestal | F94: 2022101012 | G94: DIRECCIONAMIENTO EMPRESARIAL SAS | H94: 901005205 | I94: REGISTRO FAC. NO.FEDE 435, CORRESPONDIENTE A CONEXION SIIGO REMOTO (CLOUD COMPUTING) PARA GENERACION DEL SISTEMA DE FACTURACION ELECTRONICA DE LOS HOTELES MORASURCO Y SINDAMANOY, OPERACION COMERCIAL TURNARINO LTDA | J94: Compromiso presupuestal | K94: 2022001483 | L94: 300000
B95: 2.1.2.02.02.008.004 | D95: 44834 | E95: Obligacion presupuestal | F95: 2022101139 | G95: DE LA CRUZ LOPEZ KATHERINE | H95: 1085315713 | I95: REGISTRO FAC. NO.DSHM - 230, CORRESPONDIENTE A APOYO A LA GESTION CONTABLE EN EL DEPARTAMENTO FINANCIERO DEL 01 AL 30 DE SEPTIEMBRE DE 2022, OPERACION COMERCIAL HOTEL MORASURCO - TURNARINO LTDA. | J95: Compromiso presupuestal | K95: 2022001394 | L95: 2000000
B96: 2.1.2.02.02.008.004 | D96: 44834 | E96: Obligacion presupuestal | F96: 2022101140 | G96: ROSALES CAJIGAS ANDREA MARCELA | H96: 1085267598 | I96: REGISTRO FAC. NO.DSHM - 231, CORRESPONDIENTE A APOYO A LA GESTION CONTABLE EN EL DEPARTAMENTO FINANCIERO DEL 01 AL 30 DE SEPTIEMBRE DE 2022, OPERACION COMERCIAL HOTEL MORASURCO - TURNARINO LTDA | J96: Compromiso presupuestal | K96: 2022001393 | L96: 1800000
B97: 2.1.2.02.02.008.004 | D97: 44834 | E97: Obligacion presupuestal | F97: 2022101156 | G97: ACTIVOS CONTADORES Y ASESORES S.A.S | H97: 814003232 | I97: REGISTRO FAC. No.FE - 243, CORRESPONDIENTE A CONTRATO No.2022032, EQUIVALENTE AL 40% TOMA DE INVENTARIO DE ACTIVOS FIJOS, CUENTA DE COBRO PRIMERA, OPERACION COMERCIAL TURNARIÑO LTDA. | J97: Compromiso presupuestal | K97: 2022001082 | L97: 10136000
B98: SUMA | L98: =SUM(L88:L97) -> 19406000
B100: JULIO A SEPTIEMBRE HONORARIOS OPERATIVO
B101: Cuenta | C101: Fuente | D101: Fecha | E101: Comprobante | F101: Numero | G101: Tercero | H101: Identificacion | I101: Detalle | J101: Doc Afectado | K101: Numero | L101: Credito
B102: 2.4.5.02.08.001 | D102: 44768 | E102: Obligacion presupuestal | F102: 2022100728 | G102: CORAL GONZALEZ CLAUDIA MARCELA | H102: 1085261996 | I102: REGISTRO FAC. No.P 001-8, CORRESPONDE A SERVICIOS DE OPERACION LOGISTICA Y PRESTAR SERVICIOS DE APOYO A LA GESTION EN EL AREA COMERCIAL, PARA LA EJECUCION , PLANEACION Y FACTURACION CON EL FIN DE GARANTIZAR LA EFICIENCIA Y CELERIDAD EN LA ATENCION EN LA EJECUCION DE LOS CONTRATOS INTERADMINISTRATIVOS, CORRESPONDE AL MES DE JULIO DE 2022 - OPERACION COMERCIAL HOTEL MORASURCO - PROMOTORA DE TURISMO DE NARINO | J102: Compromiso presupuestal | K102: 2022001085 | L102: 1750000
B103: 2.4.5.02.08.001 | D103: 44768 | E103: Obligacion presupuestal | F103: 2022100729 | G103: YANDAR GUERRERO MARY ISABEL | H103: 1085244143 | I103: REGISTRO FAC. No.P 0017, CORRESPONDE A SERVICIOS DE OPERACION LOGISTICA Y PRESTAR SERVICIOS DE APOYO A LA GESTION EN EL AREA COMERCIAL, PARA LA EJECUCION , PLANEACION Y FACTURACION CON EL FIN DE GARANTIZAR LA EFICIENCIA Y CELERIDAD EN LA ATENCION EN EL CONTRATO INTERADMINISTRATIVO DE LA SECRETARIA DE PLANEACION No.GN1211-2021, GOBERNACION DE NARINO, CORRESPONDE AL MES DE JUNIO DE 2022 - OPERACION COMERCIAL HOTEL MORASURCO - PROMOTORA DE TURISMO DE NARINO | J103: Compromiso presupuestal | K103: 2022001097 | L103: 1750000
B104: 2.4.5.02.08.001 | D104: 44773 | E104: Obligacion presupuestal | F104: 2022100747 | G104: BASTIDAS GUERRERO DIANA DEL PILAR | H104: 37084904 | I104: REGISTRO FAC. No.1962 CORRESPONDIENTE A CAPACITACION PARA EL PERSONAL, ENFOQUE HACIA LA PROMOCION DE LIDERAZGO Y FORTALECIMIENTO INSTITUCIONAL, ATENCION AL USUARIO, PROMOCION DE LA IMAGEN CORPORATIVA, PORTAFOLI | J104: Compromiso presupuestal | K104: 2022001162 | L104: 4500000
B105: 2.4.5.02.08.001 | D105: 44804 | E105: Obligacion presupuestal | F105: 2022100848 | G105: CORAL GONZALEZ CLAUDIA MARCELA | H105: 1085261996 | I105: REGISTRO FAC. No.DSHM - 41, CORRESPONDE A SERVICIOS DE OPERACION LOGISTICA Y PRESTAR SERVICIOS DE APOYO A LA GESTION EN EL AREA COMERCIAL, PARA LA EJECUCION , PLANEACION Y FACTURACION CON EL FIN DE GARANTIZAR LA EFICIENCIA Y CELERIDAD EN LA ATENCION EN LA EJECUCION DE LOS CONTRATOS INTERADMINISTRATIVOS, CORRESPONDE AL MES DE AGOSTO DE 2022 - OPERACION COMERCIAL HOTEL MORASURCO - PROMOTORA DE TURISMO DE NARINO | J105: Compromiso presupuestal | K105: 2022001085 | L105: 1750000
B106: 2.4.5.02.08.001 | D106: 44804 | E106: Obligacion presupuestal | F106: 2022100849 | G106: YANDAR GUERRERO MARY ISABEL | H106: 1085244143 | I106: REGISTRO FAC. No.DSHM-42, CORRESPONDE A SERVICIOS DE OPERACION LOGISTICA Y PRESTAR SERVICIOS DE APOYO A LA GESTION EN EL AREA COMERCIAL, PARA LA EJECUCION , PLANEACION Y FACTURACION CON EL FIN DE GARANTIZAR LA EFICIENCIA Y CELERIDAD EN LA ATENCION EN EL CONTRATO INTERADMINISTRATIVO DE LA SECRETARIA DE PLANEACION Y DIRECCION ADMINISTRATIVA DE CULTURA, GOBERNACION DE NARINO, CORRESPONDE AL MES DE AGOSTO DE 2022 - OPERACION COMERCIAL HOTEL MORASURCO - PROMOTORA DE TURISMO DE NARINO | J106: Compromiso presupuestal | K106: 2022001097 | L106: 1750000
B107: 2.4.5.02.08.001 | D107: 44832 | E107: Obligacion presupuestal | F107: 2022101089 | G107: YANDAR GUERRERO MARY ISABEL | H107: 1085244143 | I107: REGISTRO FAC. No.DSHM-220, CORRESPONDE A SERVICIOS DE OPERACION LOGISTICA Y PRESTAR SERVICIOS DE APOYO A LA GESTION EN EL AREA COMERCIAL, PARA LA EJECUCION , PLANEACION Y FACTURACION CON EL FIN DE GARANTIZAR LA EFICIENCIA Y CELERIDAD EN LA ATENCION EN EL CONTRATO INTERADMINISTRATIVO DE LA SECRETARIA DE PLANEACION Y DIRECCION ADMINISTRATIVA DE CULTURA, GOBERNACION DE NARINO, CORRESPONDE AL MES DE SEPTIEMBRE DE 2022 - OPERACION COMERCIAL HOTEL MORASURCO - PROMOTORA DE TURISMO DE NARINO | J107: Compromiso presupuestal | K107: 2022001097 | L107: 1750000
B108: 2.4.5.02.08.001 | D108: 44832 | E108: Obligacion presupuestal | F108: 2022101090 | G108: CORAL GONZALEZ CLAUDIA MARCELA | H108: 1085261996 | I108: REGISTRO FAC. No.DSHM - 219, CORRESPONDE A SERVICIOS DE OPERACION LOGISTICA Y PRESTAR SERVICIOS DE APOYO A LA GESTION EN EL AREA COMERCIAL, PARA LA EJECUCION , PLANEACION Y FACTURACION CON EL FIN DE GARANTIZAR LA EFICIENCIA Y CELERIDAD EN LA ATENCION EN LA EJECUCION DE LOS CONTRATOS INTERADMINISTRATIVOS, CORRESPONDE AL MES DE SEPTIEMBRE DE 2022 - OPERACION COMERCIAL HOTEL MORASURCO - PROMOTORA DE TURISMO DE NARINO | J108: Compromiso presupuestal | K108: 2022001085 | L108: 1750000
K109: SUMAS | L109: =SUM(L102:L108) -> 15000000
I110: TOTAL HONORARIOS | L110: =+L86+L98+L109 -> 48054600
A111: PAPELERIA Y UTILES | B111: JULIO A SEPTIEMBRE PAPELERIA Y UTILES MORASURCO
B112: Cuenta | C112: Fuente | D112: Fecha | E112: Comprobante | F112: Numero | G112: Tercero | H112: Identificacion | I112: Detalle | J112: Doc Afectado | K112: Numero | L112: Credito
B113: 2.4.5.01.03.005 | D113: 44749 | E113: Obligacion presupuestal suministros | F113: 2022000102 | G113: LOPEZ VELA JORGE ANDRES | H113: 1085904098 | I113: COMPRA DE TARJETAS DE PRESENTACIÓN PARA OPERACIÓN COMERCIAL HM, SEGÚN FACTURA No. 1593 - Orden de compra Hotel Morasurco 2022000101 | J113: Compromiso presupuestal | K113: 2022001089 | L113: 125000
B114: 2.4.5.01.03.005 | D114: 44813 | E114: Obligacion presupuestal suministros | F114: 2022000216 | G114: PRISMA IMPRESORES | H114: 12960520 | I114: COMPRA DE CARTULINAS RESTAURANTE HM, PARA OPERACIÓN COMERCIAL HM, SEGÚN FACTURA No. P-377 - Orden de compra Hotel Morasurco 2022000218 | J114: Compromiso presupuestal | K114: 2022001505 | L114: 264000
B115: 2.4.5.01.03.005 | D115: 44813 | E115: Obligacion presupuestal suministros | F115: 2022000218 | G115: ESCOBAR GAITAN EDUARDO | H115: 12966703 | I115: COMPRA DE ELEMENTOS DE PAPELERIA, PARA OPERACIÓN COMERCIAL HM, SEGÚN FACTURA No. FE 58721 - Orden de compra Hotel Morasurco 2022000220 | J115: Compromiso presupuestal | K115: 2022001507 | L115: 1860146
...

Sheet OCTUBRE -  DICIEMBRE  2022 
B1: INFORME AUSTERIDAD DEL GASTO
A2: ENERGIA | B2: OTUBRE- DICIEMBRE 2022 ENERGIA HOTEL MORASURCO
B3: Cuenta | C3: Fuente | D3: Fecha | E3: Comprobante | F3: Numero | G3: Tercero | H3: Identificacion | I3: Detalle | J3: Doc Afectado | K3: Numero | L3: Credito
B4: 2.4.5.02.06.007 | D4: 44842 | E4: Obligacion presupuestal | F4: 2022101251 | G4: CENTRALES ELECTRICAS DE NARINO S.A. E.S.P | H4: 891200200 | I4: REGISTRO DE FACTURA NO.41787421 CODIGO INTERNO CE-215954 PERIODO DEL 23 DE AGOSTO A 22 DESEPTIEMBRE DE 2022, REFERENCIA DE PAGO NO.90952366 PARA OPERACIÓN CCIAL HOTEL MORASURCO DE PROPIEDAD DE TURNARIÑO LTDA | J4: Compromiso presupuestal | K4: 2022000012 | L4: 4085650
B5: 2.4.5.02.06.007 | D5: 44870 | E5: Obligacion presupuestal | F5: 2022101621 | G5: CENTRALES ELECTRICAS DE NARINO S.A. E.S.P | H5: 891200200 | I5: REGISTRO DE FACTURA NO.42328397 CODIGO INTERNO CE-215954 PERIODO DEL 22 DE SEPTIEMBRE A 22 DE OCTUBRE DE 2022, REFERENCIA DE PAGO NO.90287490 PARA OPERACIÓN CCIAL HOTEL MORASURCO DE PROPIEDAD DE TURNARIÑO LTDA, | J5: Compromiso presupuestal | K5: 2022000012 | L5: 4749660
B6: 2.4.5.02.06.007 | D6: 44904 | E6: Obligacion presupuestal | F6: 2022102030 | G6: CENTRALES ELECTRICAS DE NARINO S.A. E.S.P | H6: 891200200 | I6: REGISTRO DE FACTURA NO.42864371 CODIGO INTERNO CE-215954 PERIODO DEL 23 DE OCTUBRE A 22 DE NOVIEMBRE DE 2022, REFERENCIA DE PAGO NO.92187509 PARA OPERACIÓN CCIAL HOTEL MORASURCO DE PROPIEDAD DE TURNARIÑO LTDA | J6: Compromiso presupuestal | K6: 2022002150 | L6: 60590
B7: 2.4.5.02.06.007 | D7: 44904 | E7: Obligacion presupuestal | F7: 2022102030 | G7: CENTRALES ELECTRICAS DE NARINO S.A. E.S.P | H7: 891200200 | I7: REGISTRO DE FACTURA NO.42864371 CODIGO INTERNO CE-215954 PERIODO DEL 23 DE OCTUBRE A 22 DE NOVIEMBRE DE 2022, REFERENCIA DE PAGO NO.92187509 PARA OPERACIÓN CCIAL HOTEL MORASURCO DE PROPIEDAD DE TURNARIÑO LTDA | J7: Compromiso presupuestal | K7: 2022000012 | L7: 4757200
B8: 2.4.5.02.06.007 | D8: 44926 | E8: Obligacion presupuestal | F8: 2022102745 | G8: CENTRALES ELECTRICAS DE NARINO S.A. E.S.P | H8: 891200200 | I8: REGISTRO DE FACTURA NO.43665541 CODIGO INTERNO CE-215954 PERIODO DEL 22 DE NOVIEMBRE A 22 DE DICIEMBRE DE 2022, REFERENCIA DE PAGO NO.92873013 PARA OPERACIÓN CCIAL HOTEL MORASURCO DE PROPIEDAD DE TURNARIÑO LTDA, | J8: Compromiso presupuestal | K8: 2022002492 | L8: 496351
B9: 2.4.5.02.06.007 | D9: 44926 | E9: Obligacion presupuestal | F9: 2022102745 | G9: CENTRALES ELECTRICAS DE NARINO S.A. E.S.P | H9: 891200200 | I9: REGISTRO DE FACTURA NO.43665541 CODIGO INTERNO CE-215954 PERIODO DEL 22 DE NOVIEMBRE A 22 DE DICIEMBRE DE 2022, REFERENCIA DE PAGO NO.92873013 PARA OPERACIÓN CCIAL HOTEL MORASURCO DE PROPIEDAD DE TURNARIÑO LTDA, | J9: Compromiso presupuestal | K9: 2022002150 | L9: 4634518.7
B10: 2.4.5.02.06.007 | D10: 44873 | E10: Obligacion presupuestal | F10: 2022590248 | G10: CENTRALES ELECTRICAS DE NARINO S.A. E.S.P | H10: 891200200 | I10: REGISTRO DE FACTURA NO.42039581, CODIGO INTERNO CE-1071403 PERIODO DEL 07 DE OCTUBRE A 07 DE NOVIEMBRE DE 2022, REFERENCIA DE PAGO NO.91252769 PARA OPERACIÓN CCIAL HOTEL SINDAMANOY DE PROPIEDAD DE TURNARIÑO LTDA. | J10: Compromiso presupuestal | K10: 2022000012 | L10: 734000
B11: 2.4.5.02.06.007 | D11: 44898 | E11: Obligacion presupuestal | F11: 2022590275 | G11: CENTRALES ELECTRICAS DE NARINO S.A. E.S.P | H11: 891200200 | I11: REGISTRO DE FACTURA NO.42603178, CODIGO INTERNO CE-1071403 PERIODO DEL 07 DE NOVIEMBRE A 07 DE DICIEMBRE DE 2022, REFERENCIA DE PAGO NO.91252769 PARA OPERACIÓN CCIAL HOTEL SINDAMANOY DE PROPIEDAD DE TURNARIÑO LTDA. | J11: Compromiso presupuestal | K11: 2022002150 | L11: 1934450
B12: ENERGIA HOTEL SINDAMANOY | L12: =SUM(L4:L11) -> 21452420
B13: Cuenta | C13: Fuente | D13: Fecha | E13: Comprobante | F13: Numero | G13: Tercero | H13: Identificacion | I13: Detalle | J13: Doc Afectado | K13: Numero | L13: Credito
B14: 2.4.5.02.06.008 | D14: 44835 | E14: Obligacion presupuestal | F14: 2022590204 | G14: CENTRALES ELECTRICAS DE NARINO S.A. E.S.P | H14: 891200200 | I14: REGISTRO DE FACTURA NO.41413260 CODIGO INTERNO CE-1071403 PERIODO DEL 07 DE SEPTIEMB RE A 06 DE OCTUBRE DE 2022, REFERENCIA DE PAGO NO.90620290 PARA OPERACIÓN CCIAL HOTEL SINDAMANOY DE PROPIEDAD DE TURNARIÑO LTDA. | J14: Compromiso presupuestal | K14: 2022000012 | L14: 2292700
B15: 2.4.5.02.06.008 | D15: 44873 | E15: Obligacion presupuestal | F15: 2022590248 | G15: CENTRALES ELECTRICAS DE NARINO S.A. E.S.P | H15: 891200200 | I15: REGISTRO DE FACTURA NO.42039581, CODIGO INTERNO CE-1071403 PERIODO DEL 07 DE OCTUBRE A 07 DE NOVIEMBRE DE 2022, REFERENCIA DE PAGO NO.91252769 PARA OPERACIÓN CCIAL HOTEL SINDAMANOY DE PROPIEDAD DE TURNARIÑO LTDA. | J15: Compromiso presupuestal | K15: 2022000012 | L15: 2425500
B16: 2.4.5.02.06.008 | D16: 44898 | E16: Obligacion presupuestal | F16: 2022590275 | G16: CENTRALES ELECTRICAS DE NARINO S.A. E.S.P | H16: 891200200 | I16: REGISTRO DE FACTURA NO.42603178, CODIGO INTERNO CE-1071403 PERIODO DEL 07 DE NOVIEMBRE A 07 DE DICIEMBRE DE 2022, REFERENCIA DE PAGO NO.91252769 PARA OPERACIÓN CCIAL HOTEL SINDAMANOY DE PROPIEDAD DE TURNARIÑO LTDA. | J16: Compromiso presupuestal | K16: 2022002150 | L16: 1302140
B17: 2.4.5.02.06.008 | D17: 44926 | E17: Obligacion presupuestal | F17: 2022590305 | G17: CENTRALES ELECTRICAS DE NARINO S.A. E.S.P | H17: 891200200 | I17: REGISTRO DE FACTURA NO.43236063, CODIGO INTERNO CE-1071403 PERIODO DEL 07 DE DICIEMBRE A 07 DE ENERO DE 2023, REFERENCIA DE PAGO NO.91252769 PARA OPERACIÓN CCIAL HOTEL SINDAMANOY DE PROPIEDAD DE TURNARIÑO LTDA. | J17: Compromiso presupuestal | K17: 2022002492 | L17: 3333250
B18: ACUEDUCTO HOTEL MORASURCO | K18: SUMAS | L18: 9353590
K19: TOTAL | L19: =+L12+L18 -> 30806010
A20: ACUEDUCTO | B20: Cuenta | C20: Fuente | D20: Fecha | E20: Comprobante | F20: Numero | G20: Tercero | H20: Identificacion | I20: Detalle | J20: Doc Afectado | K20: Numero | L20: Credito
B21: 2.4.5.02.06.005 | D21: 44844 | E21: Obligacion presupuestal | F21: 2022101257 | G21: EMPRESA DE OBRAS SANITARIAS DE PASTO EMPOPASTO S.A. E.S.P. | H21: 891200686 | I21: REGISTRO FAC. 21701956 DEL MES DE OCTUBRE DE 2022, SERVICIO DE SUMINISTRO AGUA PERIODO 02 DE SEPTIEMBRE DE 2022-01 DE OCTUBRE DE 2022, CODIGO 2607 - OPERACION HOTEL MORASURCO - TURNARINO LTDA | J21: Compromiso presupuestal | K21: 2022000011 | L21: 2664650
B22: 2.4.5.02.06.005 | D22: 44870 | E22: Obligacion presupuestal | F22: 2022101618 | G22: EMPRESA DE OBRAS SANITARIAS DE PASTO EMPOPASTO S.A. E.S.P. | H22: 891200686 | I22: REGISTRO FAC. 21804682 DEL MES DE NOVIEMBRE DE 2022, SERVICIO DE SUMINISTRO AGUA PERIODO 02 DE OCTUBRE DE 2022-01 DE NOVIEMBRE DE 2022, CODIGO 2607 - OPERACION HOTEL MORASURCO - TURNARINO LTDA, | J22: Compromiso presupuestal | K22: 2022000011 | L22: 2074580
B23: 2.4.5.02.06.005 | D23: 44904 | E23: Obligacion presupuestal | F23: 2022102025 | G23: EMPRESA DE OBRAS SANITARIAS DE PASTO EMPOPASTO S.A. E.S.P. | H23: 891200686 | I23: REGISTRO FAC. 21907594 DEL MES DE DICIEMBRE DE 2022, SERVICIO DE SUMINISTRO AGUA PERIODO 02 DE NOVIEMBRE DE 2022-01 DE DICIEMBRE DE 2022, CODIGO 2607 - OPERACION HOTEL MORASURCO - TURNARINO LTDA, | J23: Compromiso presupuestal | K23: 2022000011 | L23: 3185070
B24: 2.4.5.02.06.005 | D24: 44926 | E24: Obligacion presupuestal | F24: 2022102746 | G24: EMPRESA DE OBRAS SANITARIAS DE PASTO EMPOPASTO S.A. E.S.P. | H24: 891200686 | I24: REGISTRO FAC. 22010599 DEL MES DE DICIEMBRE DE 2022, SERVICIO DE SUMINISTRO AGUA PERIODO 02 DE DICIEMBRE DE 2022-02 DE ENERO DE 2022, CODIGO 2607 - OPERACION HOTEL MORASURCO - TURNARINO LTDA, | J24: Compromiso presupuestal | K24: 2022000011 | L24: 3353300
B25: CELULARES E INTERNET HOTEL MORASURCO | L25: =SUM(L21:L24) -> 11277600
A26: LINEAS CELULARES TELEFONO E INTERNET | B26: Cuenta | C26: Fuente | D26: Fecha | E26: Comprobante | F26: Numero | G26: Tercero | H26: Identificacion | I26: Detalle | J26: Doc Afectado | K26: Numero | L26: Credito
B27: 2.4.5.02.08.008 | D27: 44870 | E27: Obligacion presupuestal | F27: 2022101613 | G27: COLOMBIA TELECOMUNICACIONES S.A. E.S.P. | H27: 830122566 | I27: SERVICIOS DE TELEFONIA FIJA, CELULAR E INTERNET AÑO 2022 OPERACIÓN CCIAL HOTEL MORASURCO Y HOTEL SINDAMANOY | J27: Compromiso presupuestal | K27: 2022000010 | L27: 90480
B28: 2.4.5.02.08.008 | D28: 44870 | E28: Obligacion presupuestal | F28: 2022101661 | G28: COLOMBIA TELECOMUNICACIONES S.A. E.S.P. | H28: 830122566 | I28: REGISTRO FAC NO.5808-00000030895860, SERVICIO DE INTERNET CORRESPONDIENTE AL MES DE OCTUBRE 01 DE 2022 A OCTUBRE 31 DE 2022, PERIDODO SEPTIEMBRE, REF. DE PAGO NO.181162110 - OPERACION COMERCIAL HOTEL MORASURCO | J28: Compromiso presupuestal | K28: 2022000010 | L28: 414935
B29: 2.4.5.02.08.008 | D29: 44878 | E29: Obligacion presupuestal | F29: 2022101681 | G29: COLOMBIA TELECOMUNICACIONES S.A. E.S.P. | H29: 830122566 | I29: REGISTRO FACTURA N0. EC - 250337034 POR CONCEPTO TELEFONIA MOVIL 3156531121 PERIODO 13 DE NOVIEMBRE DE 2022 A 12 DE DICIEMBRE DE 2022, REFERENCIA PARA PAGOS 10214494 - OPERACION COMERCIAL HOTEL MORASURCO | J29: Compromiso presupuestal | K29: 2022000010 | L29: 71188
B30: 2.4.5.02.08.008 | D30: 44893 | E30: Obligacion presupuestal | F30: 2022101858 | G30: COLOMBIA TELECOMUNICACIONES S.A. E.S.P. | H30: 830122566 | I30: REGISTRO FACTURA N0. EC - 250400204 POR CONCEPTO TELEFONIA MOVIL 3128279082, 3128277797 Y 3176582550, PERIODO 27 DE NOVIEMBRE A 26 DE DICIEMBRE DE 2022, REFERENCIA PARA PAGOS 43200001 - OPERACION COMERCIAL HOTEL MORASURCO | J30: Compromiso presupuestal | K30: 2022000010 | L30: 89941
B31: 2.4.5.02.08.008 | D31: 44898 | E31: Obligacion presupuestal | F31: 2022101989 | G31: COLOMBIA TELECOMUNICACIONES S.A. E.S.P. | H31: 830122566 | I31: SERVICIOS DE TELEFONIA FIJA, CELULAR E INTERNET AÑO 2022 OPERACIÓN CCIAL HOTEL MORASURCO Y HOTEL SINDAMANOY | J31: Compromiso presupuestal | K31: 2022000010 | L31: 100558
B32: 2.4.5.02.08.008 | D32: 44908 | E32: Obligacion presupuestal | F32: 2022102031 | G32: COLOMBIA TELECOMUNICACIONES S.A. E.S.P. | H32: 830122566 | I32: REGISTRO FACTURA N0. EC - 250454141 POR CONCEPTO TELEFONIA MOVIL 3156531121 PERIODO 13 DE DICIEMBRE DE 2022 A 12 DE ENERO DE 2022, REFERENCIA PARA PAGOS 10214494 - OPERACION COMERCIAL HOTEL MORASURCO | J32: Compromiso presupuestal | K32: 2022000010 | L32: 30847
B33: CELULARES E INTERNET HOTEL SINDAMANOY | L33: =SUM(L27:L32) -> 797949
B35: Cuenta | C35: Fuente | D35: Fecha | E35: Comprobante | F35: Numero | G35: Tercero | H35: Identificacion | I35: Detalle | J35: Doc Afectado | K35: Numero | L35: Credito
B36: 2.4.5.02.08.009 | D36: 44887 | E36: Obligacion presupuestal | F36: 2022590251 | G36: SISTEMAS, TELECOMUNICACIONES Y BIOMEDICOS DE COLOMBIA SAS | H36: 901028579 | I36: REGISTRO FAC. NO.A-800 POR CONCEPTO DE SERVICIOS DE INTERNET CORRESPONDE AL MES DE NOVIEMBRE DE 2022 - OPERACION HOTEL SINDAMANOY - TURNARINO LTDA | J36: Compromiso presupuestal | K36: 2022000184 | L36: 168067
B37: 2.4.5.02.08.009 | D37: 44887 | E37: Obligacion presupuestal | F37: 2022590252 | G37: SISTEMAS, TELECOMUNICACIONES Y BIOMEDICOS DE COLOMBIA SAS | H37: 901028579 | I37: REGISTRO FAC. NO.A-767 POR CONCEPTO DE SERVICIOS DE INTERNET CORRESPONDE AL MES DE OCTUBRE DE 2022 - OPERACION HOTEL SINDAMANOY - TURNARINO LTDA | J37: Compromiso presupuestal | K37: 2022000184 | L37: 168067
L38: =SUM(L36:L37) -> 336134
B40: T,.V CABLE HOTEL SINDAMANOY
B41: Cuenta | C41: Fuente | D41: Fecha | E41: Comprobante | F41: Numero | G41: Tercero | H41: Identificacion | I41: Detalle | J41: Doc Afectado | K41: Numero | L41: Credito
A42: CABLE SINDAMANOY | B42: 2.4.5.02.08.007 | D42: 44836 | E42: Obligacion presupuestal | F42: 2022590206 | G42: COMUNICACION CELULAR S.A COMCEL S.A | H42: 800153993 | I42: REGISTRO FACTURA NO. R 993370004 SERVICIO DE TELEVISION, PERIODO DEL 01 AL 31 DE OCTUBRE DE 2022, REFERENCIA DE PAGO NO.34503078, PARA OPERACION CCIAL HOTEL SINDAMANOY - TURNARINO LTDA. | J42: Compromiso presupuestal | K42: 2022000009 | L42: 36503
B43: 2.4.5.02.08.007 | D43: 44836 | E43: Obligacion presupuestal | F43: 2022590207 | G43: COMUNICACION CELULAR S.A COMCEL S.A | H43: 800153993 | I43: REGISTRO FACTURA NO. R 993370023 SERVICIO DE TELEVISION, PERIODO DEL 1 AL 31 DE OCTUBRE DE 2022, REFERENCIA DE PAGO NO.34503235, PARA OPERACION CCIAL HOTEL SINDAMANOY - TURNARINO LTDA. | J43: Compromiso presupuestal | K43: 2022000009 | L43: 36503
B44: 2.4.5.02.08.007 | D44: 44836 | E44: Obligacion presupuestal | F44: 2022590208 | G44: COMUNICACION CELULAR S.A COMCEL S.A | H44: 800153993 | I44: REGISTRO FACTURA NO. R 993370045 SERVICIO DE TELEVISION, PERIODO DEL 1 AL 31 DE OCTUBRE DE 2022, REFERENCIA DE PAGO NO.34503417, PARA OPERACION CCIAL HOTEL SINDAMANOY - TURNARINO LTDA. | J44: Compromiso presupuestal | K44: 2022000009 | L44: 36503
B45: 2.4.5.02.08.007 | D45: 44836 | E45: Obligacion presupuestal | F45: 2022590209 | G45: COMUNICACION CELULAR S.A COMCEL S.A | H45: 800153993 | I45: REGISTRO FACTURA NO. R 993370036 SERVICIO DE TELEVISION, PERIODO DEL 1 AL 31 DE OCTUBRE DE 2022, REFERENCIA DE PAGO NO.34503342, PARA OPERACION CCIAL HOTEL SINDAMANOY - TURNARINO LTDA., | J45: Compromiso presupuestal | K45: 2022000009 | L45: 36503
B46: 2.4.5.02.08.007 | D46: 44836 | E46: Obligacion presupuestal | F46: 2022590210 | G46: COMUNICACION CELULAR S.A COMCEL S.A | H46: 800153993 | I46: REGISTRO FACTURA NO. R 993370014 SERVICIO DE TELEVISION, PERIODO DEL 1 AL 31 DE OCTUBRE DE 2022, REFERENCIA DE PAGO NO.34503219, PARA OPERACION CCIAL HOTEL SINDAMANOY - TURNARINO LTDA., | J46: Compromiso presupuestal | K46: 2022000009 | L46: 36503
B47: 2.4.5.02.08.007 | D47: 44836 | E47: Obligacion presupuestal | F47: 2022590211 | G47: COMUNICACION CELULAR S.A COMCEL S.A | H47: 800153993 | I47: REGISTRO FACTURA NO. R 993369990 SERVICIO DE TELEVISION, PERIODO DEL 1 AL 31 DE OCTUBRE DE 2022, REFERENCIA DE PAGO NO.345024799, PARA OPERACION CCIAL HOTEL SINDAMANOY - TURNARINO LTDA., | J47: Compromiso presupuestal | K47: 2022000009 | L47: 36503
B48: 2.4.5.02.08.007 | D48: 44867 | E48: Obligacion presupuestal | F48: 2022590236 | G48: COMUNICACION CELULAR S.A COMCEL S.A | H48: 800153993 | I48: REGISTRO FACTURA NO. R 996861698 SERVICIO DE TELEVISION, PERIODO DEL 01 AL 30 DE NOVIEMBRE DE 2022, REFERENCIA DE PAGO NO.34503078, PARA OPERACION CCIAL HOTEL SINDAMANOY - TURNARINO LTDA. | J48: Compromiso presupuestal | K48: 2022000009 | L48: 36503
B49: 2.4.5.02.08.007 | D49: 44867 | E49: Obligacion presupuestal | F49: 2022590237 | G49: COMUNICACION CELULAR S.A COMCEL S.A | H49: 800153993 | I49: REGISTRO FACTURA NO. R 9968611721 SERVICIO DE TELEVISION, PERIODO DEL 1 AL 30 DE NOVIEMBRE DE 2022, REFERENCIA DE PAGO NO.34503235, PARA OPERACION CCIAL HOTEL SINDAMANOY - TURNARINO LTDA. | J49: Compromiso presupuestal | K49: 2022000009 | L49: 36503
B50: 2.4.5.02.08.007 | D50: 44867 | E50: Obligacion presupuestal | F50: 2022590238 | G50: COMUNICACION CELULAR S.A COMCEL S.A | H50: 800153993 | I50: REGISTRO FACTURA NO. R 993370045 SERVICIO DE TELEVISION, PERIODO DEL 1 AL 30 DE NOVIEMBRE DE 2022, REFERENCIA DE PAGO NO.34503417, PARA OPERACION CCIAL HOTEL SINDAMANOY - TURNARINO LTDA. | J50: Compromiso presupuestal | K50: 2022000009 | L50: 36503
B51: 2.4.5.02.08.007 | D51: 44867 | E51: Obligacion presupuestal | F51: 2022590239 | G51: COMUNICACION CELULAR S.A COMCEL S.A | H51: 800153993 | I51: REGISTRO FACTURA NO. R 996861733 SERVICIO DE TELEVISION, PERIODO DEL 1 AL 30 DE NOVIEMBRE DE 2022, REFERENCIA DE PAGO NO.34503342, PARA OPERACION CCIAL HOTEL SINDAMANOY - TURNARINO LTDA., | J51: Compromiso presupuestal | K51: 2022000009 | L51: 36503
B52: 2.4.5.02.08.007 | D52: 44867 | E52: Obligacion presupuestal | F52: 2022590240 | G52: COMUNICACION CELULAR S.A COMCEL S.A | H52: 800153993 | I52: REGISTRO FACTURA NO. R9896861712 SERVICIO DE TELEVISION, PERIODO DEL 1 AL 30 DE NOVIEMBRE DE 2022, REFERENCIA DE PAGO NO.34503219, PARA OPERACION CCIAL HOTEL SINDAMANOY - TURNARINO LTDA. | J52: Compromiso presupuestal | K52: 2022000009 | L52: 36503
B53: 2.4.5.02.08.007 | D53: 44867 | E53: Obligacion presupuestal | F53: 2022590241 | G53: COMUNICACION CELULAR S.A COMCEL S.A | H53: 800153993 | I53: REGISTRO FACTURA NO. R996861680 SERVICIO DE TELEVISION, PERIODO DEL 1 AL 30 DE NOVIEMBRE DE 2022, REFERENCIA DE PAGO NO.34502799, PARA OPERACION CCIAL HOTEL SINDAMANOY - TURNARINO LTDA., | J53: Compromiso presupuestal | K53: 2022000009 | L53: 36503
B54: 2.4.5.02.08.007 | D54: 44898 | E54: Obligacion presupuestal | F54: 2022590266 | G54: COMUNICACION CELULAR S.A COMCEL S.A | H54: 800153993 | I54: REGISTRO FACTURA NO. R 1000373475 SERVICIO DE TELEVISION, PERIODO DEL 01 AL 31 DE DICIEMBRE DE 2022, REFERENCIA DE PAGO NO.34503078, PARA OPERACION CCIAL HOTEL SINDAMANOY - TURNARINO LTDA. | J54: Compromiso presupuestal | K54: 2022000009 | L54: 36503
... B59: 2.4.5.02.08.007 | D59: 44898 | E59: Obligacion presupuestal | F59: 2022590271 | G59: COMUNICACION CELULAR S.A COMCEL S.A | H59: 800153993 | I59: REGISTRO FACTURA NO. R 1000373488 SERVICIO DE TELEVISION, PERIODO DEL 01 AL 31 DE DICIEMBRE DE 2022, REFERENCIA DE PAGO NO.34503219, PARA OPERACION CCIAL HOTEL SINDAMANOY - TURNARINO LTDA. | J59: Compromiso presupuestal | K59: 2022000009 | L59: 36503
L60: =SUM(L42:L59) -> 657054
A61: GAS | B61: GAS HOTEL MORASURCO | L61: =+L33+L38+L60 -> 1791137
B65: Cuenta | C65: Fuente | D65: Fecha | E65: Comprobante | F65: Numero | G65: Tercero | H65: Identificacion | I65: Detalle | J65: Doc Afectado
B66: Cuenta | C66: Fuente | D66: Fecha | E66: Comprobante | F66: Numero | G66: Tercero | H66: Identificacion | I66: Detalle | J66: Doc Afectado | K66: Numero | L66: Credito
B67: 2.4.5.02.06.003 | D67: 44895 | E67: Obligacion presupuestal | F67: 2022000239 | G67: SUPERGAS DE NARIÑO S.A. E.S.P | H67: 814003050 | I67: COMPRA GAS PARA OPERACION CCIAL HM SEGUN FACTURAM NUMERO FEVEP 70731 | J67: Compromiso presupuestal | K67: 2022001877 | L67: 1660975
B68: 2.4.5.02.06.003 | D68: 44865 | E68: Obligacion presupuestal | F68: 2022000241 | G68: SUPERGAS DE NARIÑO S.A. E.S.P | H68: 814003050 | I68: COMPRA GAS PARA OPERACION CCIAL HOTEL MORASURCO SEGUN FACTURA NUMERO FEVP 54559 | J68: Compromiso presupuestal | K68: 2022000197 | L68: 695567.4
B69: 2.4.5.02.06.003 | D69: 44865 | E69: Obligacion presupuestal | F69: 2022000241 | G69: SUPERGAS DE NARIÑO S.A. E.S.P | H69: 814003050 | I69: COMPRA GAS PARA OPERACION CCIAL HOTEL MORASURCO SEGUN FACTURA NUMERO FEVP 54559 | J69: Compromiso presupuestal | K69: 2022001877 | L69: 699912.6
B70: 2.4.5.02.06.003 | D70: 44865 | E70: Obligacion presupuestal | F70: 2022000242 | G70: SUPERGAS DE NARIÑO S.A. E.S.P | H70: 814003050 | I70: COMPRA GAS PARA PARA OPERACION CCIAL HM SEGUN FACTURA NUMERO FEVP-64207 | J70: Compromiso presupuestal | K70: 2022001877 | L70: 1624240
B71: 2.4.5.02.06.003 | D71: 44865 | E71: Obligacion presupuestal | F71: 2022000243 | G71: SUPERGAS DE NARIÑO S.A. E.S.P | H71: 814003050 | I71: COMPRA GAS PARA OPERACION CCIAL HM SEGUN FACTURA NUMERO FEVP 67436 | J71: Compromiso presupuestal | K71: 2022001877 | L71: 1666900
B72: 2.4.5.02.06.003 | D72: 44841 | E72: Obligacion presupuestal suministros | F72: 2022000265 | G72: SUPERGAS DE NARIÑO S.A. E.S.P | H72: 814003050 | I72: COMPRA DE GAS PARA OPERACIÓN COMERCIAL HM, SEGÚN FAC No. FEVP-65087- Orden de compra Hotel Morasurco 2022000274 | J72: Compromiso presupuestal | K72: 2022000197 | L72: 2520495
B73: 2.4.5.02.06.003 | D73: 44849 | E73: Obligacion presupuestal suministros | F73: 2022000281 | G73: SUPERGAS DE NARIÑO S.A. E.S.P | H73: 814003050 | I73: COMPRA DE GAS PARA OPERACIÓN COMERCIAL HM, SEGÚN FAC No. FEVP-67434 - Orden de compra Hotel Morasurco 2022000290 | J73: Compromiso presupuestal | K73: 2022000197 | L73: 2531555
B74: 2.4.5.02.06.003 | D74: 44859 | E74: Obligacion presupuestal suministros | F74: 2022000288 | G74: SUPERGAS DE NARIÑO S.A. E.S.P | H74: 814003050 | I74: COMPRA DE GAS PARA OPERACIÓN COMERCIAL HM, SEGÚN FAC No. FEVP-67646 - Orden de compra Hotel Morasurco 2022000300 | J74: Compromiso presupuestal | K74: 2022000197 | L74: 2245014
B75: 2.4.5.02.06.003 | D75: 44880 | E75: Obligacion presupuestal suministros | F75: 2022000329 | G75: SUPERGAS DE NARIÑO S.A. E.S.P | H75: 814003050 | I75: COMPRA DE GAS PARA OPERACIÓN COMERCIAL HM, SEGÚN FAC No. FEVP-70684 - Orden de compra Hotel Morasurco 2022000340 | J75: Compromiso presupuestal | K75: 2022000197 | L75: 3427020
B76: 2.4.5.02.06.003 | D76: 44886 | E76: Obligacion presupuestal suministros | F76: 2022000337 | G76: SUPERGAS DE NARIÑO S.A. E.S.P | H76: 814003050 | I76: COMPRA DE GAS PARA OPERACIÓN COMERCIAL HM, SEGÚN FAC No. FEVP-70838- Orden de compra Hotel Morasurco 2022000347 | J76: Compromiso presupuestal | K76: 2022000197 | L76: 2171315
B77: 2.4.5.02.06.003 | D77: 44886 | E77: Obligacion presupuestal suministros | F77: 2022000338 | G77: SUPERGAS DE NARIÑO S.A. E.S.P | H77: 814003050 | I77: COMPRA DE GAS PARA OPERACIÓN COMERCIAL HM, SEGÚN FAC No. FEVP-70837 - Orden de compra Hotel Morasurco 2022000348 | J77: Compromiso presupuestal | K77: 2022000197 | L77: 733515
B78: 2.4.5.02.06.003 | D78: 44898 | E78: Obligacion presupuestal suministros | F78: 2022000374 | G78: SUPERGAS DE NARIÑO S.A. E.S.P | H78: 814003050 | I78: COMPRA DE GAS PARA OPERACIÓN COMERCIAL HM, SEGÚN FAC No. FEVP-71650- Orden de compra Hotel Morasurco 2022000383 | J78: Compromiso presupuestal | K78: 2022000197 | L78: 2950639
... B80: 2.4.5.02.06.003 | D80: 44921 | E80: Obligacion presupuestal suministros | F80: 2022000455 | G80: SUPERGAS DE NARIÑO S.A. E.S.P | H80: 814003050 | I80: COMPRA DE GAS PARA OPERACIÓN COMERCIAL HM, SEGÚN FAC No. FEVP-74817- Orden de compra Hotel Morasurco 2022000463 | J80: Compromiso presupuestal | K80: 2022001877 | L80: 3166715
L81: =SUM(L67:L80) -> 29532338
B82: GAS HOTEL SINDAMANOY
B83: Cuenta | C83: Fuente | D83: Fecha | E83: Comprobante | F83: Numero | G83: Tercero | H83: Identificacion | I83: Detalle | J83: Doc Afectado | K83: Numero | L83: Credito
B84: 2.4.5.02.06.004 | D84: 44925 | E84: Obligacion presupuestal Sindamanoy | F84: 2022000267 | G84: SUPERGAS DE NARIÑO S.A. E.S.P | H84: 814003050 | I84: COMPRA DE GAS PARA OPERACIÓN COMERCIAL HS, SEGÚN FAC No. 4011- Orden de compra Hotel Sindamanoy 2022000270 | J84: Compromiso presupuestal | K84: 2022000197 | L84: 1686255
B85: 2.4.5.02.06.004 | D85: 44865 | E85: Obligacion presupuestal | F85: 2022500652 | G85: SUPERGAS DE NARIÑO S.A. E.S.P | H85: 814003050 | I85: COMPRA GAS PARA OPERACION CCIAL HOTEL SINDAMANOY SEGUN FACTURA NUMERO FEVP 60988 | J85: Compromiso presupuestal | K85: 2022000197 | L85: 1164060
B86: 2.4.5.02.06.004 | D86: 44865 | E86: Obligacion presupuestal | F86: 2022500653 | G86: SUPERGAS DE NARIÑO S.A. E.S.P | H86: 814003050 | I86: COMPRA GAS PARA OPERACION CCIAL HOTEL SINDAMANOY SEGUN FACTURA NUMERO FEVP 68170 | J86: Compromiso presupuestal | K86: 2022000197 | L86: 80200
B87: 2.4.5.02.06.004 | D87: 44865 | E87: Obligacion presupuestal | F87: 2022500654 | G87: SUPERGAS DE NARIÑO S.A. E.S.P | H87: 814003050 | I87: COMPRA GAS PARA OPERACION CCIAL HOTEL SINDAMANOY SEGUN FACTURA NUMERO FEVP 68171 | J87: Compromiso presupuestal | K87: 2022000197 | L87: 80200
B88: 2.4.5.02.06.004 | D88: 44865 | E88: Obligacion presupuestal | F88: 2022500655 | G88: SUPERGAS DE NARIÑO S.A. E.S.P | H88: 814003050 | I88: COMPRA GAS PARA OPERACION CCIAL HOTEL SINAMANOY SEGUN FACTURA NUMERO FEVP 68303 | J88: Compromiso presupuestal | K88: 2022000197 | L88: 80200
L89: =SUM(L84:L88) -> 3090915
B90: OCTUBRE A DICIEMBRE DE 2023 MORASURCO HONORARIOS ADMINISTRATIVOS | L90: =+L81+L89 -> 32623253
B92: Cuenta | C92: Fuente | D92: Fecha | E92: Comprobante | F92: Numero | G92: Tercero | H92: Identificacion | I92: Detalle | J92: Doc Afectado | K92: Numero | L92: Credito
B93: Cuenta | C93: Fuente | D93: Fecha | E93: Comprobante | F93: Numero | G93: Tercero | H93: Identificacion | I93: Detalle | J93: Doc Afectado | K93: Numero | L93: Credito
B94: 2.1.2.02.02.008.003 | D94: 44836 | E94: Obligacion presupuestal | F94: 2022101195 | G94: GOMEZ PORTILLA DANIELA ELIZABETH | H94: 1085338629 | I94: REGISTRO FAC. No.DSHM - 337, CORRESPONDIENTE A PRESTACION DE SERVICIOS PARA LA REVISION DETALLADA DE EXPEDIENTES JUDICIALES QUE CURSAN EN CONTRA DE LOS ESTABLECIMIENTOS DE COMERCIO HOTELES MORASURCO Y SINDAMANOY - TURNARINO LTDA. | J94: Compromiso presupuestal | K94: 2022001739 | L94: 1000000
B95: 2.1.2.02.02.008.003 | D95: 44841 | E95: Obligacion presupuestal | F95: 2022101229 | G95: MORILLO QUIROZ SOFIA JULIETH | H95: 1087673650 | I95: REGISTRO FAC. No.DSHM - 249 CORRESPONDE SERVICIOS PROFESIONALES COMO REVISOR FISCAL DURANTE EL MES DE JULIO DE 2022 - ESTABLECIMIENTOS COMERCIALES HOTEL MORASURCO Y HOTEL SINDAMANOY - OPERACION COMERCIAL TURNARINO LTDA, | J95: Compromiso presupuestal | K95: 2022000514 | L95: 2300000
B96: 2.1.2.02.02.008.003 | D96: 44841 | E96: Obligacion presupuestal | F96: 2022101230 | G96: MORILLO QUIROZ SOFIA JULIETH | H96: 1087673650 | I96: REGISTRO FAC. No.DSHM - 250 CORRESPONDE SERVICIOS PROFESIONALES COMO REVISOR FISCAL DURANTE EL MES DE AGOSTO DE 2022 - ESTABLECIMIENTOS COMERCIALES HOTEL MORASURCO Y HOTEL SINDAMANOY - OPERACION COMERCIAL TURNARINO LTDA, | J96: Compromiso presupuestal | K96: 2022000514 | L96: 2300000
B97: 2.1.2.02.02.008.003 | D97: 44841 | E97: Obligacion presupuestal | F97: 2022101231 | G97: MORILLO QUIROZ SOFIA JULIETH | H97: 1087673650 | I97: LA CONTRATISTA , SE OBLIGA CON TURNARINO LTDA, A PRESTAR SUS SERVICIOS PROFESIONALES COMO CONTADOR PUBLICO EJERCIENDO FUNCIONES DE REVISORIA FISCAL EN LAS ENTIDADES ESTABLECIDAS POR LAS DISPOSICIONES GENERALES SOBRE LA MATERIA, EN ESPECIAL LAS DISPUESTAS EN LOS ESTATUTOS SOCIALE, EN EL COLEGIO DE COMERCIO Y DEMAS NORMAS CONCORDANTES , DURACION HASTA EL 31 DE DICIEMBRE DE 2022 | J97: Compromiso presupuestal | K97: 2022000514 | L97: 2300000
B98: 2.1.2.02.02.008.003 | D98: 44864 | E98: Obligacion presupuestal | F98: 2022101441 | G98: MUÑOZ MAZUERA MAURICIO FERNANDO | H98: 1085257386 | I98: REGISTRO FAC. NO.DSHM - 482, CORRESPONDIENTE A PRESTACION DE SERVICIOS PROFESIONALES DE APOYO A AL GESTION, PARA DISEÑO E IMPLEMENTACION DE ESTRATEGIAS DE COMUNICACION, ASI COMO APOYO A LAS AREAS DE ADMINISTRACION COMERCIAL EN LOS DIFERENTES EVENTOS DE PROMOCION Y DIFUSION DE LOS SERVICIOS DE LOS ESTABLECIMIENTOS COMERCIALES DE LA ENTIDAD, CORRESPONDIENTE AL MES DE OCTUBRE DE 2022, OPERACION COMERCIAL TURNARINO LTDA. | J98: Compromiso presupuestal | K98: 2022001145 | L98: 1500000
B99: 2.1.2.02.02.008.003 | D99: 44864 | E99: Obligacion presupuestal | F99: 2022101444 | G99: VITERI SANTANDER INGRID ESTEFANIA | H99: 1085332996 | I99: REGISTRO FAC. NO.DSHM - 453, POR CONCEPTO DE SERVICIOS DE APOYO A LA GESTION EN LAS DIFERENTES ACTIVIDADES DE GERENCIA; CORRESPONDIENTE AL MES DE OCTUBRE DE 2022 - OPERACION TURNARIÑO LTDA., | J99: Compromiso presupuestal | K99: 2022001761 | L99: 1800000
B100: 2.1.2.02.02.008.003 | D100: 44864 | E100: Obligacion presupuestal | F100: 2022101445 | G100: FLOREZ BENAVIDES JOSE SANTIAGO | H100: 1085341520 | I100: REGISTRO FAC. NO.DSHM - 454, POR CONCEPTO DE SERVICIOS PROFESIONALES DE APOYO AL AREA JURÍDICA Y AL DESARROLLO DE LAS ACTIVIDADES LEGALES DE LA ENTIDAD; CORRESPONDIENTE AL MES DE OCTUBRE DE 2022 - OPERACION TURNARIÑO LTDA. | J100: Compromiso presupuestal | K100: 2022001084 | L100: 1560000
B101: 2.1.2.02.02.008.003 | D101: 44870 | E101: Obligacion presupuestal | F101: 2022101658 | G101: MONTERO MONTENEGRO JOSE LUIS | H101: 87452354 | I101: REGISTRO FAC. No.DSHM - 505, CORRESPONDIENTE A SERVICIOS PROFESIONALES PARA EL LEVANTAMIENTO GEOREFERENCIADO DEL PREDIO COFRADIA PARADOR TURISTICO DE LAS LAJAS EN EL MUNICIPIO DE IPIALES, DEPARTAMENTO DE NARINO, OPERACION COMERCIAL HOTEL MORASURCO - TURNARINO LTDA. | J101: Compromiso presupuestal | K101: 2022001930 | L101: 1600000
A102: CONTRATACION SERVICIOS PERSONALES | B102: 2.1.2.02.02.008.003 | D102: 44877 | E102: Obligacion presupuestal | F102: 2022101676 | G102: MORILLO QUIROZ SOFIA JULIETH | H102: 1087673650 | I102: REGISTRO FAC. No.DSHM - 553 CORRESPONDE SERVICIOS PROFESIONALES COMO REVISOR FISCAL DURANTE EL MES DE OCTUBRE DE 2022 - ESTABLECIMIENTOS COMERCIALES HOTEL MORASURCO Y HOTEL SINDAMANOY - OPERACION COMERCIAL TURNARINO LTDA, | J102: Compromiso presupuestal | K102: 2022000514 | L102: 2300000
B103: 2.1.2.02.02.008.003 | D103: 44891 | E103: Obligacion presupuestal | F103: 2022101793 | G103: MORILLO QUIROZ SOFIA JULIETH | H103: 1087673650 | I103: REGISTRO FAC. No.DSHM - 714, CORRESPONDE SERVICIOS PROFESIONALES COMO REVISOR FISCAL DURANTE EL MES DE NOVIEMBRE DE 2022 - ESTABLECIMIENTOS COMERCIALES HOTEL MORASURCO Y HOTEL SINDAMANOY - OPERACION COMERCIAL TURNARINO LTDA, | J103: Compromiso presupuestal | K103: 2022000514 | L103: 2300000
B104: 2.1.2.02.02.008.003 | D104: 44891 | E104: Obligacion presupuestal | F104: 2022101798 | G104: VITERI SANTANDER INGRID ESTEFANIA | H104: 1085332996 | I104: REGISTRO FAC. NO.DSHM - 713, POR CONCEPTO DE SERVICIOS DE APOYO A LA GESTION EN LAS DIFERENTES ACTIVIDADES DE GERENCIA; CORRESPONDIENTE AL MES DE NOVIEMBRE DE 2022 - OPERACION TURNARIÑO LTDA., | J104: Compromiso presupuestal | K104: 2022001761 | L104: 1800000
B105: 2.1.2.02.02.008.003 | D105: 44891 | E105: Obligacion presupuestal | F105: 2022101799 | G105: FLOREZ BENAVIDES JOSE SANTIAGO | H105: 1085341520 | I105: REGISTRO FAC. NO.DSHM - 709, POR CONCEPTO DE SERVICIOS PROFESIONALES DE APOYO AL AREA JURÍDICA Y AL DESARROLLO DE LAS ACTIVIDADES LEGALES DE LA ENTIDAD; CORRESPONDIENTE AL MES DE NOVIEMBRE DE 2022 - OPERACION TURNARIÑO LTDA. | J105: Compromiso presupuestal | K105: 2022001992 | L105: 1560000
B106: 2.1.2.02.02.008.003 | D106: 44895 | E106: Obligacion presupuestal | F106: 2022101923 | G106: ACHICANOY BASTIDAS RUBEN ALEXANDER | H106: 1085273145 | I106: REGISTRO FAC. No.DSHM - 733, CORRESPONDIENTE A SERVICIOS PROFESIONALES PARA LA RESTAURACION E IMPERBEALIZACION DE LA REPLICA DEL SANTURARIO DE LAS LAJAS UBICADA EN LA PARTE EXTERIOR DEL HOTEL MORASURCO, OPERACION COMERCIAL HOTEL MORASURCO - TURNARINO LTDA | J106: Compromiso presupuestal | K106: 2022002001 | L106: 700000
B107: 2.1.2.02.02.008.003 | D107: 44901 | E107: Obligacion presupuestal | F107: 2022102001 | G107: ROJAS TIMARAN JORGE GIRALDO | H107: 98385472 | I107: REGISTRO FAC. NO.FV253, CORRESPONDE A SERVICIO DE TRANSMISION VIA STREAMIG CON DOS CAMARAS CON IMPRESOSRA FUNCIONAL, EVENTO PRIVADO No.3295 DE LA DIRECCION NACIONAL DE DERECHOS DE AUTOR, OPERACION COMERCIAL HOTEL MORASURCO - OPERACION COMERCIAL HOTEL MORASURCO - TURNARINO LTDA | J107: Compromiso presupuestal | K107: 2022002154 | L107: 1534537
B108: 2.1.2.02.02.008.003 | D108: 44902 | E108: Obligacion presupuestal | F108: 2022102006 | G108: MUÑOZ MAZUERA MAURICIO FERNANDO | H108: 1085257386 | I108: REGISTRO FAC. NO.DSHM - 797, CORRESPONDIENTE A PRESTACION DE SERVICIOS PROFESIONALES DE APOYO A AL GESTION, PARA DISEÑO E IMPLEMENTACION DE ESTRATEGIAS DE COMUNICACION, ASI COMO APOYO A LAS AREAS DE ADMINISTRACION COMERCIAL EN LOS DIFERENTES EVENTOS DE PROMOCION Y DIFUSION DE LOS SERVICIOS DE LOS ESTABLECIMIENTOS COMERCIALES DE LA ENTIDAD, CORRESPONDIENTE AL MES DE NOVIEMBRE DE 2022, OPERACION COMERCIAL TURNARINO LTDA. | J108: Compromiso presupuestal | K108: 2022001145 | L108: 1500000
B109: 2.1.2.02.02.008.003 | D109: 44904 | E109: Obligacion presupuestal | F109: 2022102021 | G109: COMPUCONTA SOFWARE ASESORES SAS | H109: 900274678 | I109: REGISTRO FAC. No.FE - 2147, CONTRATO NO.202200005 POR PRESTACION DE SERVICIOS PARA LOS SERVICIOS DE CAPACITACION, SOPORTE TECNICO Y ACTUALIZACION PERIODO 2022, EN EL SOFTWARE COMPUCONTA DE CONFORMIDAD CON EL ALCANCE , LAS OBLIGACIONES ESPECIFICAS, CUOTA 3 DE 3, OPERACION CONTABLE HOTEL MORASURCO - TURNARINO LTDA | J109: Compromiso presupuestal | K109: 2022000005 | L109: 3536134
B110: 2.1.2.02.02.008.003 | D110: 44916 | E110: Obligacion presupuestal | F110: 2022102110 | G110: IPS OCUPSALUD SST SAS | H110: 901390540 | I110: REGISTRO FAC. NO.2672, CORRESPONDIENTE A SERVICIOS DE EVALUACION MEDICO OCUPACIONAL, OPERACION COMERCIAL HOTEL MORASURCO, TURNARINO LTDA. | J110: Compromiso presupuestal | K110: 2022002200 | L110: 104000
B111: 2.1.2.02.02.008.003 | D111: 44918 | E111: Obligacion presupuestal | F111: 2022102189 | G111: LOPEZ CHAVEZ JUAN MANUEL | H111: 98384148 | I111: REGISTRO FAC. NO.928, CORRESPONDIENTE A CONSULTORIA E IMPLEMENTACION Y MANTENIMIENTO DEL SISTEMA DE GESTION DE SEGURIDAD Y SALUD EN EL TRABAJO OPERACION COMERCIAL TURNARINO LTDA | J111: Compromiso presupuestal | K111: 2022002381 | L111: 1000000
...

Sheet ENERO -  MARZO   2023
B1: INFORME AUSTERIDAD DEL GASTO
B2: ENERGIA HOTEL MORASURCO ENERO A MARZO 2023
A3: ENERGIA | B3: Cuenta | C3: Fuente | D3: Fecha | E3: Comprobante | F3: Numero | G3: Tercero | H3: Identificacion | I3: Detalle | J3: Doc Afectado | K3: Numero | L3: Credito
B4: 2.4.5.02.06.007 | D4: 44966 | E4: Obligacion presupuestal | F4: 2023100138 | G4: CENTRALES ELECTRICAS DE NARINO S.A. E.S.P | H4: 891200200 | I4: REGISTRO DE FACTURA NO.44077212 CODIGO INTERNO CE-215954 PERIODO DEL 22 DE DICIEMBRE A 23 DE ENERO DE 2023, REFERENCIA DE PAGO NO.92873013 PARA OPERACIÓN CCIAL HOTEL MORASURCO DE PROPIEDAD DE TURNARIÑO LTDA, | J4: Compromiso presupuestal | K4: 2023000005 | L4: 4745250
B5: 2.4.5.02.06.007 | D5: 44993 | E5: Obligacion presupuestal | F5: 2023100290 | G5: CENTRALES ELECTRICAS DE NARINO S.A. E.S.P | H5: 891200200 | I5: REGISTRO DE FACTURA NO.44690417 CODIGO INTERNO CE-215954 PERIODO DEL 23 DE ENERO DE 2023 A 20 DE FEBRERO DE 2023, REFERENCIA DE PAGO NO.94140816 PARA OPERACIÓN CCIAL HOTEL MORASURCO DE PROPIEDAD DE TURNARIÑO LTDA. | J5: Compromiso presupuestal | K5: 2023000005 | L5: 4026820
B6: 2.4.5.02.06.007 | D6: 45020 | E6: Obligacion presupuestal | F6: 2023100475 | G6: CENTRALES ELECTRICAS DE NARINO S.A. E.S.P | H6: 891200200 | I6: REGISTRO DE FACTURA NO.45146702 CODIGO INTERNO CE-215954 PERIODO DEL 20 DE FEBRERO DE 2023 A 23 DE MARZO DE 2023, REFERENCIA DE PAGO NO.94658471 PARA OPERACIÓN CCIAL HOTEL MORASURCO DE PROPIEDAD DE TURNARIÑO LTDA. | J6: Compromiso presupuestal | K6: 2023000005 | L6: 4767230
B7: TOTAL | I7: TOTAL | L7: =SUM(L4+L5+L6) -> 13539300
B8: ENERGIA HOTEL SINDAMANOY ENERO A MARZO DE 2023
B9: Cuenta | C9: Fuente | D9: Fecha | E9: Comprobante | F9: Numero | G9: Tercero | H9: Identificacion | I9: Detalle | J9: Doc Afectado | K9: Numero | L9: Credito
B10: 2.4.5.02.06.008 | D10: 44959 | E10: Obligacion presupuestal | F10: 2023590031 | G10: CENTRALES ELECTRICAS DE NARINO S.A. E.S.P | H10: 891200200 | I10: REGISTRO DE FACTURA NO.43749458, CODIGO INTERNO CE-1071403 PERIODO DEL 05 DE ENERO A 07 DE FEBRERO DE 2023, REFERENCIA DE PAGO NO.93222917 PARA OPERACIÓN CCIAL HOTEL SINDAMANOY DE PROPIEDAD DE TURNARIÑO LTDA. | J10: Compromiso presupuestal | K10: 2023000005 | L10: 3577210
I11: FACTURA PENDIENTE PERIODO DEL 08 DE FEBERO AL 08 DE MARZO DE 2023 | L11: 2995120
I12: FACTURA PENDIENTE PERIODO DEL 8 DE MARZO AL 8 DE ABRIL DE 2023 | L12: 3528350
K13: SUMAS | L13: =SUM(L10:L12) -> 10100680
K14: TOTAL | L14: =+L7+L13 -> 23639980
B15: ACUEDUCTO HOTEL MORASURCO ENERO A MARZO DE 2023
A16: ACUEDUCTO | B16: Cuenta | C16: Fuente | D16: Fecha | E16: Comprobante | F16: Numero | G16: Tercero | H16: Identificacion | I16: Detalle | J16: Doc Afectado | K16: Numero | L16: Credito
B17: 2.4.5.02.06.005 | D17: 44964 | E17: Obligacion presupuestal | F17: 2023100133 | G17: EMPRESA DE OBRAS SANITARIAS DE PASTO EMPOPASTO S.A. E.S.P. | H17: 891200686 | I17: REGISTRO FAC. 22113692 DEL MES DE ENERO DE 2023, SERVICIO DE SUMINISTRO AGUA PERIODO 03 DE ENERO DE 2023-01 DE FEBRERO DE 2023, CODIGO 2607 - OPERACION HOTEL MORASURCO - TURNARINO LTDA, | J17: Compromiso presupuestal | K17: 2023000004 | L17: 1983040
B18: 2.4.5.02.06.005 | D18: 44994 | E18: Obligacion presupuestal | F18: 2023100291 | G18: EMPRESA DE OBRAS SANITARIAS DE PASTO EMPOPASTO S.A. E.S.P. | H18: 891200686 | I18: REGISTRO FAC. 22217005 DEL MES DE FEBRERO DE 2023, SERVICIO DE SUMINISTRO AGUA PERIODO 02 DE FEBRERO DE 2023-02 DE MARZO DE 2023, CODIGO 2607 - OPERACION HOTEL MORASURCO - TURNARINO LTDA, | J18: Compromiso presupuestal | K18: 2023000004 | L18: 1482000
B19: 2.4.5.02.06.005 | D19: 45027 | E19: Obligacion presupuestal | F19: 2023100494 | G19: EMPRESA DE OBRAS SANITARIAS DE PASTO EMPOPASTO S.A. E.S.P. | H19: 891200686 | I19: REGISTRO FAC. 22320443 DEL MES DE MARZO DE 2023, SERVICIO DE SUMINISTRO AGUA PERIODO 03 DE MARZO DE 2023-01 DE ABRIL DE 2023, CODIGO 2607 - OPERACION HOTEL MORASURCO - TURNARINO LTDA, | J19: Compromiso presupuestal | K19: 2023000004 | L19: 2145350
A20: LINEAS CELULARES TELEFONO E INTERNET | K20: TOTAL | L20: =SUM(L17:L19) -> 5610390
B21: LINEAS CELULARES, TELEFONO E INTERNET HOTEL MORASURCO ENERO A MARZO DE 2023
B22: Cuenta | C22: Fuente | D22: Fecha | E22: Comprobante | F22: Numero | G22: Tercero | H22: Identificacion | I22: Detalle | J22: Doc Afectado | K22: Numero | L22: Credito
B23: 2.4.5.02.08.008 | D23: 44939 | E23: Obligacion presupuestal | F23: 2023100031 | G23: COLOMBIA TELECOMUNICACIONES S.A. E.S.P. | H23: 830122566 | I23: REGISTRO FACTURA N0. EC - 250566838 POR CONCEPTO TELEFONIA MOVIL 3156531121 PERIODO 13 DE ENERO DE 2023 A 12 DE FEBRERO DE 2023, REFERENCIA PARA PAGOS 10214494 - OPERACION COMERCIAL HOTEL MORASURCO | J23: Compromiso presupuestal | K23: 2023000008 | L23: 24964.99
B24: 2.4.5.02.08.008 | D24: 44959 | E24: Obligacion presupuestal | F24: 2023100126 | G24: COMUNICACION CELULAR S.A COMCEL S.A | H24: 800153993 | I24: REGISTRO FAC.NO.R 1009195342 CORRESPONDIENTE A SERVICIO DE INTERNET Y TELEFONIA CORRESPONDIENTE A LOS MESES DE ENERO A FEBRERO DE 2023, OPERACION COMERCIAL HOTEL MORASURCO - TURNARINO LTDA. | J24: Compromiso presupuestal | K24: 2023000009 | L24: 240340
B25: 2.4.5.02.08.008 | D25: 44970 | E25: Obligacion presupuestal | F25: 2023100153 | G25: COLOMBIA TELECOMUNICACIONES S.A. E.S.P. | H25: 830122566 | I25: REGISTRO FACTURA N0. EC - 250687376 POR CONCEPTO TELEFONIA MOVIL 3156531121 PERIODO 13 DE FEBRERO DE 2023 A 12 DE MARZO DE 2023, REFERENCIA PARA PAGOS 10214494 - OPERACION COMERCIAL HOTEL MORASURCO-TURNARINO LTDA. | J25: Compromiso presupuestal | K25: 2023000008 | L25: 24965
B26: 2.4.5.02.08.008 | D26: 44974 | E26: Obligacion presupuestal | F26: 2023100167 | G26: SISTEMAS, TELECOMUNICACIONES Y BIOMEDICOS DE COLOMBIA SAS | H26: 901028579 | I26: REGISTRO FAC. NO.A-904 POR CONCEPTO DE SERVICIOS DE INSTALACION DE INTERNET PYMES 320M, IP PUBLICA - OPERACION COMERCIAL HOTEL MORASURCO - TURNARINO LTDA. | J26: Compromiso presupuestal | K26: 2023000007 | L26: 756302
B27: 2.4.5.02.08.008 | D27: 44984 | E27: Obligacion presupuestal | F27: 2023100247 | G27: SISTEMAS, TELECOMUNICACIONES Y BIOMEDICOS DE COLOMBIA SAS | H27: 901028579 | I27: REGISTRO FAC. NO.A-939 POR CONCEPTO DE SERVICIOS DE INSTALACION DE INTERNET PYMES 320M, IP PUBLICA, CORRESPONDIENTE AL MES DE FEBRERO DE 2023 - OPERACION COMERCIAL HOTEL MORASURCO - TURNARINO LTDA. | J27: Compromiso presupuestal | K27: 2023000007 | L27: 756302
B28: 2.4.5.02.08.008 | D28: 44988 | E28: Obligacion presupuestal | F28: 2023100278 | G28: COMUNICACION CELULAR S.A COMCEL S.A | H28: 800153993 | I28: REGISTRO FAC. NO.R 1012455644 CORRESPONDIENTE A SERVICIOS TELEFONIA E INTERNET CORRESPONDIENTE AL MES DE MARZO, PERIODO MARZO 02 A MARZO 31 DE 2023, REF. PARA PAGO 41761038 - OPERACION COMERCIAL HOTEL MORASURCO - PROMOTORA DE TURISMO DE NARINO | J28: Compromiso presupuestal | K28: 2023000009 | L28: 112721
B29: 2.4.5.02.08.008 | D29: 45008 | E29: Obligacion presupuestal | F29: 2023100335 | G29: SISTEMAS, TELECOMUNICACIONES Y BIOMEDICOS DE COLOMBIA SAS | H29: 901028579 | I29: REGISTRO FAC. NO.A-973 POR CONCEPTO DE SERVICIOS DE INSTALACION DE INTERNET PYMES 320M, IP PUBLICA, CORRESPONDE AL MES DE MARZO DE 2023 - OPERACION COMERCIAL HOTEL MORASURCO - TURNARINO LTDA. | J29: Compromiso presupuestal | K29: 2023000007 | L29: 756302
B30: 2.4.5.02.08.008 | D30: 45008 | E30: Obligacion presupuestal | F30: 2023100343 | G30: COLOMBIA TELECOMUNICACIONES S.A. E.S.P. | H30: 830122566 | I30: REGISTRO FACTURA N0. EC - 250797113 POR CONCEPTO TELEFONIA MOVIL 3156531121 PERIODO 13 DE MARZO DE 2023 A 12 DE ABRIL DE 2023, REFERENCIA PARA PAGOS 10214494 - OPERACION COMERCIAL HOTEL MORASURCO-TURNARINO LTDA. | J30: Compromiso presupuestal | K30: 2023000008 | L30: 24970
B31: 2.4.5.02.08.008 | D31: 45018 | E31: Obligacion presupuestal | F31: 2023100470 | G31: COMUNICACION CELULAR S.A COMCEL S.A | H31: 800153993 | I31: REGISTRO FAC. NO.R 1015891579 CORRESPONDIENTE A SERVICIOS TELEFONIA E INTERNET CORRESPONDIENTE AL MES DE ABRIL, PERIODO ABRIL 01 A ABRIL 30 DE 2023, REF. PARA PAGO 41761038 - OPERACION COMERCIAL HOTEL MORASURCO - PROMOTORA DE TURISMO DE NARINO | J31: Compromiso presupuestal | K31: 2023000009 | L31: 95468
B32: 2.4.5.02.08.008 | I32: FACTURA PENDIENTE, FACTURA NUMERO25086577 | L32: 199820
K33: SUMAS | L33: =SUM(L23:L32) -> 2992155
B34: LINEAS CELULARES, TELEFONO E INTERNET HOTEL SINDAMANOY ENERO A MARZO DE 2023
B35: Cuenta | C35: Fuente | D35: Fecha | E35: Comprobante | F35: Numero | G35: Tercero | H35: Identificacion | I35: Detalle | J35: Doc Afectado | K35: Numero | L35: Credito
B36: 2.4.5.02.08.009 | D36: 44946 | E36: Obligacion presupuestal | F36: 2023590004 | G36: SISTEMAS, TELECOMUNICACIONES Y BIOMEDICOS DE COLOMBIA SAS | H36: 901028579 | I36: REGISTRO FAC. NO.A-886 POR CONCEPTO DE SERVICIOS DE INTERNET CORRESPONDE AL MES DE ENERO DE 2023 - OPERACION HOTEL SINDAMANOY - TURNARINO LTDA | J36: Compromiso presupuestal | K36: 2023000007 | L36: 168067
B37: 2.4.5.02.08.009 | D37: 44980 | E37: Obligacion presupuestal | F37: 2023590041 | G37: SISTEMAS, TELECOMUNICACIONES Y BIOMEDICOS DE COLOMBIA SAS | H37: 901028579 | I37: REGISTRO FAC. NO.A-924 POR CONCEPTO DE SERVICIOS DE INTERNET CORRESPONDE AL MES DE FEBRERO DE 2023 - OPERACION HOTEL SINDAMANOY - TURNARINO LTDA | J37: Compromiso presupuestal | K37: 2023000007 | L37: 168067
B38: 2.4.5.02.08.009 | D38: 45008 | E38: Obligacion presupuestal | F38: 2023590074 | G38: SISTEMAS, TELECOMUNICACIONES Y BIOMEDICOS DE COLOMBIA SAS | H38: 901028579 | I38: REGISTRO FAC. NO.A-958 POR CONCEPTO DE SERVICIOS DE INTERNET CORRESPONDE AL MES DE MARZO DE 2023 - OPERACION HOTEL SINDAMANOY - TURNARINO LTDA | J38: Compromiso presupuestal | K38: 2023000007 | L38: 168067
K39: SUMAS | L39: =SUM(L36:L38) -> 504201
B40: CABLE HOTEL SINDAMANOY ENERO A MARZO DE 2023
A41: CABLE HOTEL SINDAMANOY | B41: Cuenta | C41: Fuente | D41: Fecha | E41: Comprobante | F41: Numero | G41: Tercero | H41: Identificacion | I41: Detalle | J41: Doc Afectado | K41: Numero | L41: Credito
B42: 2.4.5.02.08.007 | D42: 44928 | E42: Obligacion presupuestal | F42: 2023590001 | G42: COMUNICACION CELULAR S.A COMCEL S.A | H42: 800153993 | I42: REGISTRO FACTURA NO. R 1003859060 SERVICIO DE TELEVISION, PERIODO DEL 01 AL 31 DE ENERO DE 2023, REFERENCIA DE PAGO NO.34502799, PARA OPERACION CCIAL HOTEL SINDAMANOY - TURNARINO LTDA. | J42: Compromiso presupuestal | K42: 2023000006 | L42: 36503
B43: 2.4.5.02.08.007 | D43: 44928 | E43: Obligacion presupuestal | F43: 2023590002 | G43: COMUNICACION CELULAR S.A COMCEL S.A | H43: 800153993 | I43: REGISTRO FACTURA NO. R 1003859085 SERVICIO DE TELEVISION, PERIODO DEL 01 AL 31 DE ENERO DE 2023, REFERENCIA DE PAGO NO.34503219, PARA OPERACION CCIAL HOTEL SINDAMANOY - TURNARINO LTDA. | J43: Compromiso presupuestal | K43: 2023000006 | L43: 36503
B44: 2.4.5.02.08.007 | D44: 44959 | E44: Obligacion presupuestal | F44: 2023590025 | G44: COMUNICACION CELULAR S.A COMCEL S.A | H44: 800153993 | I44: REGISTRO FACTURA NO. R 1008037966 SERVICIO DE TELEVISION, PERIODO DEL 01 DE ENERO AL 28 DE FEBRERO DE 2023, REFERENCIA DE PAGO NO.34503078, PARA OPERACION CCIAL HOTEL SINDAMANOY - TURNARINO LTDA. | J44: Compromiso presupuestal | K44: 2023000006 | L44: 109507
B45: 2.4.5.02.08.007 | D45: 44959 | E45: Obligacion presupuestal | F45: 2023590026 | G45: COMUNICACION CELULAR S.A COMCEL S.A | H45: 800153993 | I45: REGISTRO FACTURA NO. R 1008037950 SERVICIO DE TELEVISION, PERIODO DEL 01 DE FEBRERO AL 28 DE FEBRERO DE 2023, REFERENCIA DE PAGO NO.34502799, PARA OPERACION CCIAL HOTEL SINDAMANOY - TURNARINO LTDA. | J45: Compromiso presupuestal | K45: 2023000006 | L45: 73004
B46: 2.4.5.02.08.007 | D46: 44959 | E46: Obligacion presupuestal | F46: 2023590027 | G46: COMUNICACION CELULAR S.A COMCEL S.A | H46: 800153993 | I46: REGISTRO FACTURA NO. R 1008038002 SERVICIO DE TELEVISION, PERIODO DEL 01 DE ENERO AL 28 DE FEBRERO DE 2023, REFERENCIA DE PAGO NO.34503342, PARA OPERACION CCIAL HOTEL SINDAMANOY - TURNARINO LTDA. | J46: Compromiso presupuestal | K46: 2023000006 | L46: 116444
B47: 2.4.5.02.08.007 | D47: 44959 | E47: Obligacion presupuestal | F47: 2023590028 | G47: COMUNICACION CELULAR S.A COMCEL S.A | H47: 800153993 | I47: REGISTRO FACTURA NO. R 1008038014 SERVICIO DE TELEVISION, PERIODO DEL 01 DE ENERO AL 28 DE FEBRERO DE 2023, REFERENCIA DE PAGO NO.34503417, PARA OPERACION CCIAL HOTEL SINDAMANOY - TURNARINO LTDA. | J47: Compromiso presupuestal | K47: 2023000006 | L47: 116444
B48: 2.4.5.02.08.007 | D48: 44959 | E48: Obligacion presupuestal | F48: 2023590029 | G48: COMUNICACION CELULAR S.A COMCEL S.A | H48: 800153993 | I48: REGISTRO FACTURA NO. R 1008037977 SERVICIO DE TELEVISION, PERIODO DEL 01 DE FEBRERO AL 28 DE FEBRERO DE 2023, REFERENCIA DE PAGO NO.34503219, PARA OPERACION CCIAL HOTEL SINDAMANOY - TURNARINO LTDA. | J48: Compromiso presupuestal | K48: 2023000006 | L48: 73004
B49: 2.4.5.02.08.007 | D49: 44959 | E49: Obligacion presupuestal | F49: 2023590030 | G49: COMUNICACION CELULAR S.A COMCEL S.A | H49: 800153993 | I49: REGISTRO FACTURA NO. R 1008037990 SERVICIO DE TELEVISION, PERIODO DEL 01 DE FEBRERO AL 28 DE FEBRERO DE 2023, REFERENCIA DE PAGO NO.34503235, PARA OPERACION CCIAL HOTEL SINDAMANOY - TURNARINO LTDA | J49: Compromiso presupuestal | K49: 2023000006 | L49: 116444
B50: 2.4.5.02.08.007 | D50: 44987 | E50: Obligacion presupuestal | F50: 2023590054 | G50: COMUNICACION CELULAR S.A COMCEL S.A | H50: 800153993 | I50: REGISTRO FACTURA NO. R 1011483687 SERVICIO DE TELEVISION, PERIODO DEL 01 DE MARZO AL 31 DE MARZO DE 2023, REFERENCIA DE PAGO NO.34503219, PARA OPERACION CCIAL HOTEL SINDAMANOY - TURNARINO LTDA. | J50: Compromiso presupuestal | K50: 2023000006 | L50: 73004
B51: 2.4.5.02.08.007 | D51: 44987 | E51: Obligacion presupuestal | F51: 2023590055 | G51: COMUNICACION CELULAR S.A COMCEL S.A | H51: 800153993 | I51: REGISTRO FACTURA NO. R 1011483709 SERVICIO DE TELEVISION, PERIODO DEL 01 DE MARZO AL 31 DE MARZO DE 2023, REFERENCIA DE PAGO NO.34503342, PARA OPERACION CCIAL HOTEL SINDAMANOY - TURNARINO LTDA.8 | J51: Compromiso presupuestal | K51: 2023000006 | L51: 73004
B52: 2.4.5.02.08.007 | D52: 44987 | E52: Obligacion presupuestal | F52: 2023590056 | G52: COMUNICACION CELULAR S.A COMCEL S.A | H52: 800153993 | I52: REGISTRO FACTURA NO. R 1011483720 SERVICIO DE TELEVISION, PERIODO DEL 01 DE MARZO AL 31 DE MARZO DE 2023, REFERENCIA DE PAGO NO.34503417, PARA OPERACION CCIAL HOTEL SINDAMANOY - TURNARINO LTDA. | J52: Compromiso presupuestal | K52: 2023000006 | L52: 73004
B53: 2.4.5.02.08.007 | D53: 44987 | E53: Obligacion presupuestal | F53: 2023590057 | G53: COMUNICACION CELULAR S.A COMCEL S.A | H53: 800153993 | I53: REGISTRO FACTURA NO. R 1011483673 SERVICIO DE TELEVISION, PERIODO DEL 01 DE MARZO AL 31 DE MARZO DE 2023, REFERENCIA DE PAGO NO.34503078, PARA OPERACION CCIAL HOTEL SINDAMANOY - TURNARINO LTDA. | J53: Compromiso presupuestal | K53: 2023000006 | L53: 73004
... B61: 2.4.5.02.08.007 | D61: 45017 | E61: Obligacion presupuestal | F61: 2023590089 | G61: COMUNICACION CELULAR S.A COMCEL S.A | H61: 800153993 | I61: REGISTRO FACTURA NO. R 1014929069 SERVICIO DE TELEVISION, PERIODO DEL 01 DE ABRIL AL 30 DE ABRIL DE 2023, REFERENCIA DE PAGO NO.34502799, PARA OPERACION CCIAL HOTEL SINDAMANOY - TURNARINO LTDA. | J61: Compromiso presupuestal | K61: 2023000006 | L61: 62054
K62: SUMAS | L62: =SUM(L42:L61) -> 1488201
K63: TOTAL | L63: =+L33+L39+L62 -> 4984557
B64: GAS HOTEL MORASURCO ENERO A MARZO DE 2023
B65: Cuenta | C65: Fuente | D65: Fecha | E65: Comprobante | F65: Numero | G65: Tercero | H65: Identificacion | I65: Detalle | J65: Doc Afectado | K65: Numero | L65: Credito
B66: 2.4.5.02.06.003 | D66: 44945 | E66: Obligacion presupuestal suministros | F66: 2023000005 | G66: SUPERGAS DE NARIÑO S.A. E.S.P | H66: 814003050 | I66: COMPRA DE GAS PARA OPERACIÓN COMERCIAL HM SEGÚN FACTURA FEVP-77189 | J66: Compromiso presupuestal | K66: 2023000081 | L66: 3114310
B67: 2.4.5.02.06.003 | D67: 44952 | E67: Obligacion presupuestal suministros | F67: 2023000012 | G67: SUPERGAS DE NARIÑO S.A. E.S.P | H67: 814003050 | I67: COMPRA DE GAS PARA OPERACIÓN COMERCIAL HM SEGÚN FACTURA FEVP-77385 - FECHA 18/01/2023 | J67: Compromiso presupuestal | K67: 2023000083 | L67: 4212710
A68: GAS | B68: 2.4.5.02.06.003 | D68: 44977 | E68: Obligacion presupuestal suministros | F68: 2023000058 | G68: SUPERGAS DE NARIÑO S.A. E.S.P | H68: 814003050 | I68: COMPRA DE GAS PARA OPERACIÓN COMERCIAL HM SEGÚN FACTURA FEVP-80467 FECHA 16/02/2023 | J68: Compromiso presupuestal | K68: 2023000226 | L68: 1587110
B69: 2.4.5.02.06.003 | D69: 44977 | E69: Obligacion presupuestal suministros | F69: 2023000059 | G69: SUPERGAS DE NARIÑO S.A. E.S.P | H69: 814003050 | I69: COMPRA DE GAS PARA OPERACION COMERCIAL HM SEGUN FACTURA No FEVP-80495 FECHA 16/02/2023 | J69: Compromiso presupuestal | K69: 2023000226 | L69: 3137470
B70: 2.4.5.02.06.003 | D70: 44994 | E70: Obligacion presupuestal suministros | F70: 2023000101 | G70: SUPERGAS DE NARIÑO S.A. E.S.P | H70: 814003050 | I70: COMPRA DE GAS PARA OPERACION COMERCIAL HM SEGUN FACTURA No FEVP-83369 FECHA 07/03/2023 | J70: Compromiso presupuestal | K70: 2023000405 | L70: 3818880
B71: 2.4.5.02.06.003 | D71: 45008 | E71: Obligacion presupuestal suministros | F71: 2023000124 | G71: SUPERGAS DE NARIÑO S.A. E.S.P | H71: 814003050 | I71: COMPRA DE GAS PARA OPERACION COMERCIAL HM SEGUN FACTURA No FEVP-83898 FECHA 21/03/2023 | J71: Compromiso presupuestal | K71: 2023000455 | L71: 1425120
B72: 2.4.5.02.06.003 | D72: 45008 | E72: Obligacion presupuestal suministros | F72: 2023000125 | G72: SUPERGAS DE NARIÑO S.A. E.S.P | H72: 814003050 | I72: COMPRA DE GAS PARA OPERACION COMERCIAL HM SEGUN FACTURA No FEVP-83897 FECHA 21/03/2023 | J72: Compromiso presupuestal | K72: 2023000455 | L72: 3274080
B73: GAS HOTEL SINDAMANOY ENERO A MARZO DE 2023 | K73: SUMAS | L73: =SUM(L66:L72) -> 20569680
B74: Cuenta | C74: Fuente | D74: Fecha | E74: Comprobante | F74: Numero | G74: Tercero | H74: Identificacion | I74: Detalle | J74: Doc Afectado | K74: Numero | L74: Credito
B75: 2.4.5.02.06.004 | D75: 44945 | E75: Obligacion presupuestal Sindamanoy | F75: 2023000004 | G75: SUPERGAS DE NARIÑO S.A. E.S.P | H75: 814003050 | I75: COMPRA DE GAS PARA OPERACIÓN COMERCIAL HM, SEGÚN FAC FEVP-77130 | J75: Compromiso presupuestal | K75: 2023000073 | L75: 1739580
B76: 2.4.5.02.06.004 | D76: 44952 | E76: Obligacion presupuestal Sindamanoy | F76: 2023000010 | G76: SUPERGAS DE NARIÑO S.A. E.S.P | H76: 814003050 | I76: COMPRA DE GAS PARA OPERACIÓN COMERCIAL HM SEGÚN FACTURA FEVP 78046 | J76: Compromiso presupuestal | K76: 2023000083 | L76: 983063
B77: 2.4.5.02.06.004 | D77: 44986 | E77: Obligacion presupuestal Sindamanoy | F77: 2023000041 | G77: SUPERGAS DE NARIÑO S.A. E.S.P | H77: 814003050 | I77: COMPRA DE GAS PARA OPERACION COMERCIAL HS SEGUN FACTURA No FEVP-81258 FECHA 22/02/2023 | J77: Compromiso presupuestal | K77: 2023000293 | L77: 1365135
B78: 2.4.5.02.06.004 | D78: 44994 | E78: Obligacion presupuestal Sindamanoy | F78: 2023000044 | G78: SUPERGAS DE NARIÑO S.A. E.S.P | H78: 814003050 | I78: COMPRA DE GAS PARA OPERACION COMERCIAL HS SEGUN FACTURA No FEVP-83371 FECHA 07/03/2023 | J78: Compromiso presupuestal | K78: 2023000404 | L78: 551520
B79: 2.4.5.02.06.004 | D79: 45007 | E79: Obligacion presupuestal Sindamanoy | F79: 2023000055 | G79: SUPERGAS DE NARIÑO S.A. E.S.P | H79: 814003050 | I79: COMPRA DE GAS PARA OPERACION COMERCIAL HS SEGUN FACTURA No FEVP-83771 FECHA 17/03/2023 | J79: Compromiso presupuestal | K79: 2023000454 | L79: 632006
B80: 2.4.5.02.06.004 | D80: 45019 | E80: Obligacion presupuestal Sindamanoy | F80: 2023000072 | G80: SUPERGAS DE NARIÑO S.A. E.S.P | H80: 814003050 | I80: COMPRA DE GAS PARA OPERACION COMERCIAL HS SEGUN FACTURA No FEVP 86219 FECHA DE DESCARGUE 01/02/2023 | J80: Compromiso presupuestal | K80: 2023000544 | L80: 743040
K81: SUMAS | L81: =SUM(L75:L80) -> 6014344
K82: TOTAL | L82: =+L73+L81 -> 26584024
B83: HONORARIOS PROFESIONALES Y TECNICOS - ADMINISTRATIVOS ENERO A MARZO DE 2023
B84: Cuenta | C84: Fuente | D84: Fecha | E84: Comprobante | F84: Numero | G84: Tercero | H84: Identificacion | I84: Detalle | J84: Doc Afectado | K84: Numero | L84: Credito
B85: 2.1.2.02.02.008.003 | D85: 44954 | E85: Obligacion presupuestal | F85: 2023100086 | G85: MUÑOZ MAZUERA MAURICIO FERNANDO | H85: 1085257386 | I85: REGISTRO FAC. NO.DSHM - 1484, CORRESPONDIENTE A PRESTACION DE SERVICIOS PROFESIONALES DE APOYO A AL GESTION, PARA DISEÑO E IMPLEMENTACION DE ESTRATEGIAS DE COMUNICACION, ASI COMO APOYO A LAS AREAS DE ADMINISTRACION COMERCIAL EN LOS DIFERENTES EVENTOS DE PROMOCION Y DIFUSION DE LOS SERVICIOS DE LOS ESTABLECIMIENTOS COMERCIALES DE LA ENTIDAD, CORRESPONDIENTE AL MES DE ENERO DE 2023 DEL 17 AL 31, OPERACION COMERCIAL TURNARINO LTDA. | J85: Compromiso presupuestal | K85: 2023000082 | L85: 850000
B86: 2.1.2.02.02.008.003 | D86: 44954 | E86: Obligacion presupuestal | F86: 2023100091 | G86: IPS OCUPSALUD SST SAS | H86: 901390540 | I86: REGISTRO FAC.NO.2818 CORRESPONDIENTE A REALIZACION DE EXAMENES MEDICOS OCUPACIONALES DE EGRESO Y DE INGRESO, OPERACION COMERCIAL HOTEL MORASURCO - TURNARINO LTDA. | J86: Compromiso presupuestal | K86: 2023000149 | L86: 78000
B87: 2.1.2.02.02.008.003 | D87: 44956 | E87: Obligacion presupuestal | F87: 2023100097 | G87: FLOREZ BENAVIDES JOSE SANTIAGO | H87: 1085341520 | I87: REGISTRO FAC. NO.DSHM - 1476, POR CONCEPTO DE SERVICIOS PROFESIONALES DE APOYO AL AREA JURÍDICA Y AL DESARROLLO DE LAS ACTIVIDADES LEGALES DE LA ENTIDAD; CORRESPONDIENTE AL MES DE ENERO DE 2023 - OPERACION TURNARIÑO LTDA. | J87: Compromiso presupuestal | K87: 2023000048 | L87: 1950000
B88: 2.1.2.02.02.008.003 | D88: 44956 | E88: Obligacion presupuestal | F88: 2023100101 | G88: VITERI SANTANDER INGRID ESTEFANIA | H88: 1085332996 | I88: REGISTRO FAC. NO.DSHM - 1479, POR CONCEPTO DE SERVICIOS DE APOYO A LA GESTION EN LAS DIFERENTES ACTIVIDADES DE GERENCIA; CORRESPONDIENTE AL MES DE ENERO DE 2023 - OPERACION TURNARIÑO LTDA., | J88: Compromiso presupuestal | K88: 2023000047 | L88: 1950000
B89: 2.1.2.02.02.008.003 | D89: 44956 | E89: Obligacion presupuestal | F89: 2023100102 | G89: PIANDA MEJIA HERMES ANDRES | H89: 5206610 | I89: REGISTRO FAC. No. 1474 POR CONCEPTO DE SERVICIOS PROFESIONALES INGENIERO DE SISTEMAS CORRESPONDIENTE AL MES DE ENERO DE 2023-OPERACION COMERCIAL HOTEL MORASURCO - TURNARINO LTDA. | J89: Compromiso presupuestal | K89: 2023000076 | L89: 823333
B90: 2.1.2.02.02.008.003 | D90: 44956 | E90: Obligacion presupuestal | F90: 2023100103 | G90: ESPAÑA TORRES JENIFFER TATIANA | H90: 1085261258 | I90: REGISTRO FAC. NO.DSHM - 1480, PRESTAR LOS SERVICIOS DE APOYO A LA GESTION A LAS AREAS DE AUDITORIA, REALIZANDO UNA REVISIÓN Y ANALISIS DETALLADO DE LOS MOVIMIENTOS DIARIOS DE LOS ESTABLECIMIENTOS DE COMERCIO HOTEL MORASURCO Y HOTEL SINDAMANOY CORRESPONDE AL MES DE ENERO DE 2023, OPERACION COMERCIAL TURNARINO LTDA | J90: Compromiso presupuestal | K90: 2023000051 | L90: 1700000
A91: HONORARIOS PROFESIONALES Y TECNICOS | B91: 2.1.2.02.02.008.003 | D91: 44959 | E91: Obligacion presupuestal | F91: 2023100125 | G91: MORILLO QUIROZ SOFIA JULIETH | H91: 1087673650 | I91: REGISTRO FAC. No.DSHM - 1503, CORRESPONDE SERVICIOS PROFESIONALES COMO REVISOR FISCAL DURANTE EL MES DE ENERO DE 2022 - ESTABLECIMIENTOS COMERCIALES HOTEL MORASURCO Y HOTEL SINDAMANOY - OPERACION COMERCIAL TURNARINO LTDA, | J91: Compromiso presupuestal | K91: 2023000046 | L91: 2500000
B92: 2.1.2.02.02.008.003 | D92: 44980 | E92: Obligacion presupuestal | F92: 2023100222 | G92: VITERI SANTANDER INGRID ESTEFANIA | H92: 1085332996 | I92: REGISTRO FAC. NO.DSHM - 1570 POR CONCEPTO DE SERVICIOS DE APOYO A LA GESTION EN LAS DIFERENTES ACTIVIDADES DE GERENCIA; CORRESPONDIENTE AL MES DE FEBRERO DE 2023 - OPERACION TURNARIÑO LTDA., | J92: Compromiso presupuestal | K92: 2023000047 | L92: 1950000
B93: 2.1.2.02.02.008.003 | D93: 44980 | E93: Obligacion presupuestal | F93: 2023100223 | G93: PIANDA MEJIA HERMES ANDRES | H93: 5206610 | I93: REGISTRO FAC. No.DSHM - 1575 POR CONCEPTO DE SERVICIOS PROFESIONALES INGENIERO DE SISTEMAS CORRESPONDIENTE AL MES DE FEBRERO DE 2023-OPERACION COMERCIAL HOTEL MORASURCO - TURNARINO LTDA. | J93: Compromiso presupuestal | K93: 2023000076 | L93: 1300000
B94: 2.1.2.02.02.008.003 | D94: 44980 | E94: Obligacion presupuestal | F94: 2023100224 | G94: FLOREZ BENAVIDES JOSE SANTIAGO | H94: 1085341520 | I94: REGISTRO FAC. NO.DSHM - 1574 POR CONCEPTO DE SERVICIOS PROFESIONALES DE APOYO AL AREA JURÍDICA Y AL DESARROLLO DE LAS ACTIVIDADES LEGALES DE LA ENTIDAD; CORRESPONDIENTE AL MES DE FEBRERO DE 2023 - OPERACION TURNARIÑO LTDA. | J94: Compromiso presupuestal | K94: 2023000048 | L94: 1950000
B95: 2.1.2.02.02.008.003 | D95: 44985 | E95: Obligacion presupuestal | F95: 2023100250 | G95: COMPUCONTA SOFWARE ASESORES SAS | H95: 900274678 | I95: REGISTRO FAC. NO.FE - 2259, CONTRATO DE PRESTACION DE SERVICIOS NO.012 - 2023 POR PRESTACION DE SERVICIOS PARA LOS SERVICIOS DE CAPACITACION, SOPORTE TECNICO Y ACTUALIZACION PERIODO 2023, EN EL SOFTWARE COMPUCONTA DE CONFORMIDAD CON EL ALCANCE , LAS OBLIGACIONES ESPECIFICAS, CUOTA 1 DE 3, OPERACION CONTABLE HOTEL MORASURCO - TURNARINO LTDA | J95: Compromiso presupuestal | K95: 2023000090 | L95: 3182521
B96: 2.1.2.02.02.008.003 | D96: 44995 | E96: Obligacion presupuestal | F96: 2023100296 | G96: IPS OCUPSALUD SST SAS | H96: 901390540 | I96: REGISTRO FAC. NO.2945, CORRESPONDIENTE A SERVICIOS DE EVALUACION MEDICO OCUPACIONAL, OPERACION COMERCIAL HOTEL MORASURCO, TURNARINO LTDA. | J96: Compromiso presupuestal | K96: 2023000414 | L96: 208000
B97: 2.1.2.02.02.008.003 | D97: 45008 | E97: Obligacion presupuestal | F97: 2023100333 | G97: MORILLO QUIROZ SOFIA JULIETH | H97: 1087673650 | I97: REGISTRO FAC. No.DSHM - 1653, CORRESPONDE SERVICIOS PROFESIONALES COMO REVISOR FISCAL DURANTE EL MES DE FEBRERO DE 2022 - ESTABLECIMIENTOS COMERCIALES HOTEL MORASURCO Y HOTEL SINDAMANOY - OPERACION COMERCIAL TURNARINO LTDA, | J97: Compromiso presupuestal | K97: 2023000046 | L97: 2500000
B98: 2.1.2.02.02.008.003 | D98: 45012 | E98: Obligacion presupuestal | F98: 2023100409 | G98: VITERI SANTANDER INGRID ESTEFANIA | H98: 1085332996 | I98: REGISTRO FAC. NO.DSHM - 1688 POR CONCEPTO DE SERVICIOS DE APOYO A LA GESTION EN LAS DIFERENTES ACTIVIDADES DE GERENCIA; CORRESPONDIENTE AL MES DE MARZO DE 2023 - OPERACION TURNARIÑO LTDA., | J98: Compromiso presupuestal | K98: 2023000047 | L98: 1950000
B99: 2.1.2.02.02.008.003 | D99: 45012 | E99: Obligacion presupuestal | F99: 2023100410 | G99: FLOREZ BENAVIDES JOSE SANTIAGO | H99: 1085341520 | I99: REGISTRO FAC. NO.DSHM - 1692 POR CONCEPTO DE SERVICIOS PROFESIONALES DE APOYO AL AREA JURÍDICA Y AL DESARROLLO DE LAS ACTIVIDADES LEGALES DE LA ENTIDAD; CORRESPONDIENTE AL MES DE MARZO DE 2023 - OPERACION TURNARIÑO LTDA. | J99: Compromiso presupuestal | K99: 2023000048 | L99: 1950000
B100: 2.1.2.02.02.008.003 | D100: 45012 | E100: Obligacion presupuestal | F100: 2023100411 | G100: PIANDA MEJIA HERMES ANDRES | H100: 5206610 | I100: REGISTRO FAC. No.DSHM - 1700 POR CONCEPTO DE SERVICIOS PROFESIONALES INGENIERO DE SISTEMAS CORRESPONDIENTE AL MES DE MARZO DE 2023-OPERACION COMERCIAL HOTEL MORASURCO - TURNARINO LTDA. | J100: Compromiso presupuestal | K100: 2023000076 | L100: 1300000
B101: 2.1.2.02.02.008.003 | D101: 45012 | E101: Obligacion presupuestal | F101: 2023100418 | G101: MORILLO QUIROZ SOFIA JULIETH | H101: 1087673650 | I101: REGISTRO FAC. No.DSHM - 1710, CORRESPONDE SERVICIOS PROFESIONALES COMO REVISOR FISCAL DURANTE EL MES DE MARZO DE 2022 - ESTABLECIMIENTOS COMERCIALES HOTEL MORASURCO Y HOTEL SINDAMANOY - OPERACION COMERCIAL TURNARINO LTDA, | J101: Compromiso presupuestal | K101: 2023000046 | L101: 2500000
K102: SUMAS | L102: =SUM(L85:L101) -> 28641854
B103: HONORARIOS POR CONSULTORIAS ENERO A MARZO DE 2023
A104: HONORARIOS PROFESIONALES Y TECNICOS | B104: Cuenta | C104: Fuente | D104: Fecha | E104: Comprobante | F104: Numero | G104: Tercero | H104: Identificacion | I104: Detalle | J104: Doc Afectado | K104: Numero | L104: Credito
B105: 2.1.2.02.02.008.004 | D105: 44930 | E105: Obligacion presupuestal | F105: 2023100012 | G105: RECALDE ERAZO FELIPE | H105: 98385714 | I105: REGISTRO FAC.NO.FERE 131 CORRESPONDIENTE A EMPLEMENTACION MODULO DE PEDIDOS Y FORMATOS EXCEL CON CAMPOS DIGITOS, PROGRAMADOR SIIGO, AREA RECEPCION , OPERACION COMERCIAL HOTEL MORASURCO - TURNARINO LTDA. | J105: Compromiso presupuestal | K105: 2023000064 | L105: 1000000
B106: 2.1.2.02.02.008.004 | D106: 44985 | E106: Obligacion presupuestal | F106: 2023100252 | G106: DIRECCIONAMIENTO EMPRESARIAL SAS | H106: 901005205 | I106: REGISTRO FAC. NO.FEDE 565, CORRESPONDIENTE A CONEXION SIIGO REMOTO (CLOUD COMPUTING) PARA GENERACION DEL SISTEMA DE FACTURACION ELECTRONICA DE LOS HOTELES MORASURCO Y SINDAMANOY, OPERACION COMERCIAL TURNARINO LTDA. | J106: Compromiso presupuestal | K106: 2023000276 | L106: 900000
B107: 2.1.2.02.02.008.004 | D107: 45020 | E107: Obligacion presupuestal | F107: 2023100471 | G107: RECALDE ERAZO FELIPE | H107: 98385714 | I107: REGISTRO FAC.NO.FERE 160 CORRESPONDIENTE A HONORARIOS, ASESORIA EN EL PROGRAMA SIIGO PYME CONSULTORIAS - ESTUDIOS, CORRESPONDIENTE A LOS MESES DE ENERO A MARZO DE 2023, OPERACION COMERCIAL TURNARINO LTDA. | J107: Compromiso presupuestal | K107: 2023000688 | L107: 500000
...

Sheet ABRIL -JUNIO 2023 CONSTANZA
B1: INFORME AUSTERIDAD DEL GASTO
B2: ENERGIA HOTEL MORASURCO ENERO A MARZO 2023
A3: ENERGIA | B3: Cuenta | C3: Fuente | D3: Fecha | E3: Comprobante | F3: Numero | G3: Tercero | H3: Identificacion | I3: Detalle | J3: Doc Afectado | K3: Numero | L3: Credito
B4: 2.4.5.02.06.007 | D4: 44966 | E4: Obligacion presupuestal | F4: 2023100138 | G4: CENTRALES ELECTRICAS DE NARINO S.A. E.S.P | H4: 891200200 | I4: REGISTRO DE FACTURA NO.44077212 CODIGO INTERNO CE-215954 PERIODO DEL 22 DE DICIEMBRE A 23 DE ENERO DE 2023, REFERENCIA DE PAGO NO.92873013 PARA OPERACIÓN CCIAL HOTEL MORASURCO DE PROPIEDAD DE TURNARIÑO LTDA, | J4: Compromiso presupuestal | K4: 2023000005 | L4: 4745250
B5: 2.4.5.02.06.007 | D5: 44993 | E5: Obligacion presupuestal | F5: 2023100290 | G5: CENTRALES ELECTRICAS DE NARINO S.A. E.S.P | H5: 891200200 | I5: REGISTRO DE FACTURA NO.44690417 CODIGO INTERNO CE-215954 PERIODO DEL 23 DE ENERO DE 2023 A 20 DE FEBRERO DE 2023, REFERENCIA DE PAGO NO.94140816 PARA OPERACIÓN CCIAL HOTEL MORASURCO DE PROPIEDAD DE TURNARIÑO LTDA. | J5: Compromiso presupuestal | K5: 2023000005 | L5: 4026820
B6: 2.4.5.02.06.007 | D6: 45020 | E6: Obligacion presupuestal | F6: 2023100475 | G6: CENTRALES ELECTRICAS DE NARINO S.A. E.S.P | H6: 891200200 | I6: REGISTRO DE FACTURA NO.45146702 CODIGO INTERNO CE-215954 PERIODO DEL 20 DE FEBRERO DE 2023 A 23 DE MARZO DE 2023, REFERENCIA DE PAGO NO.94658471 PARA OPERACIÓN CCIAL HOTEL MORASURCO DE PROPIEDAD DE TURNARIÑO LTDA. | J6: Compromiso presupuestal | K6: 2023000005 | L6: 4767230
B7: TOTAL | I7: TOTAL | L7: =SUM(L4+L5+L6) -> 13539300
B8: ENERGIA HOTEL SINDAMANOY ENERO A MARZO DE 2023
B9: Cuenta | C9: Fuente | D9: Fecha | E9: Comprobante | F9: Numero | G9: Tercero | H9: Identificacion | I9: Detalle | J9: Doc Afectado | K9: Numero | L9: Credito
B10: 2.4.5.02.06.008 | D10: 44959 | E10: Obligacion presupuestal | F10: 2023590031 | G10: CENTRALES ELECTRICAS DE NARINO S.A. E.S.P | H10: 891200200 | I10: REGISTRO DE FACTURA NO.43749458, CODIGO INTERNO CE-1071403 PERIODO DEL 05 DE ENERO A 07 DE FEBRERO DE 2023, REFERENCIA DE PAGO NO.93222917 PARA OPERACIÓN CCIAL HOTEL SINDAMANOY DE PROPIEDAD DE TURNARIÑO LTDA. | J10: Compromiso presupuestal | K10: 2023000005 | L10: 3577210
I11: FACTURA PENDIENTE PERIODO DEL 08 DE FEBERO AL 08 DE MARZO DE 2023 | L11: 2995120
I12: FACTURA PENDIENTE PERIODO DEL 8 DE MARZO AL 8 DE ABRIL DE 2023 | L12: 3528350
K13: SUMAS | L13: =SUM(L10:L12) -> 10100680
K14: TOTAL | L14: =+L7+L13 -> 23639980
B15: ACUEDUCTO HOTEL MORASURCO ENERO A MARZO DE 2023
A16: ACUEDUCTO | B16: Cuenta | C16: Fuente | D16: Fecha | E16: Comprobante | F16: Numero | G16: Tercero | H16: Identificacion | I16: Detalle | J16: Doc Afectado | K16: Numero | L16: Credito
B17: 2.4.5.02.06.005 | D17: 44964 | E17: Obligacion presupuestal | F17: 2023100133 | G17: EMPRESA DE OBRAS SANITARIAS DE PASTO EMPOPASTO S.A. E.S.P. | H17: 891200686 | I17: REGISTRO FAC. 22113692 DEL MES DE ENERO DE 2023, SERVICIO DE SUMINISTRO AGUA PERIODO 03 DE ENERO DE 2023-01 DE FEBRERO DE 2023, CODIGO 2607 - OPERACION HOTEL MORASURCO - TURNARINO LTDA, | J17: Compromiso presupuestal | K17: 2023000004 | L17: 1983040
B18: 2.4.5.02.06.005 | D18: 44994 | E18: Obligacion presupuestal | F18: 2023100291 | G18: EMPRESA DE OBRAS SANITARIAS DE PASTO EMPOPASTO S.A. E.S.P. | H18: 891200686 | I18: REGISTRO FAC. 22217005 DEL MES DE FEBRERO DE 2023, SERVICIO DE SUMINISTRO AGUA PERIODO 02 DE FEBRERO DE 2023-02 DE MARZO DE 2023, CODIGO 2607 - OPERACION HOTEL MORASURCO - TURNARINO LTDA, | J18: Compromiso presupuestal | K18: 2023000004 | L18: 1482000
B19: 2.4.5.02.06.005 | D19: 45027 | E19: Obligacion presupuestal | F19: 2023100494 | G19: EMPRESA DE OBRAS SANITARIAS DE PASTO EMPOPASTO S.A. E.S.P. | H19: 891200686 | I19: REGISTRO FAC. 22320443 DEL MES DE MARZO DE 2023, SERVICIO DE SUMINISTRO AGUA PERIODO 03 DE MARZO DE 2023-01 DE ABRIL DE 2023, CODIGO 2607 - OPERACION HOTEL MORASURCO - TURNARINO LTDA, | J19: Compromiso presupuestal | K19: 2023000004 | L19: 2145350
A20: LINEAS CELULARES TELEFONO E INTERNET | K20: TOTAL | L20: =SUM(L17:L19) -> 5610390
B21: LINEAS CELULARES, TELEFONO E INTERNET HOTEL MORASURCO ENERO A MARZO DE 2023
B22: Cuenta | C22: Fuente | D22: Fecha | E22: Comprobante | F22: Numero | G22: Tercero | H22: Identificacion | I22: Detalle | J22: Doc Afectado | K22: Numero | L22: Credito
B23: 2.4.5.02.08.008 | D23: 44939 | E23: Obligacion presupuestal | F23: 2023100031 | G23: COLOMBIA TELECOMUNICACIONES S.A. E.S.P. | H23: 830122566 | I23: REGISTRO FACTURA N0. EC - 250566838 POR CONCEPTO TELEFONIA MOVIL 3156531121 PERIODO 13 DE ENERO DE 2023 A 12 DE FEBRERO DE 2023, REFERENCIA PARA PAGOS 10214494 - OPERACION COMERCIAL HOTEL MORASURCO | J23: Compromiso presupuestal | K23: 2023000008 | L23: 24964.99
B24: 2.4.5.02.08.008 | D24: 44959 | E24: Obligacion presupuestal | F24: 2023100126 | G24: COMUNICACION CELULAR S.A COMCEL S.A | H24: 800153993 | I24: REGISTRO FAC.NO.R 1009195342 CORRESPONDIENTE A SERVICIO DE INTERNET Y TELEFONIA CORRESPONDIENTE A LOS MESES DE ENERO A FEBRERO DE 2023, OPERACION COMERCIAL HOTEL MORASURCO - TURNARINO LTDA. | J24: Compromiso presupuestal | K24: 2023000009 | L24: 240340
B25: 2.4.5.02.08.008 | D25: 44970 | E25: Obligacion presupuestal | F25: 2023100153 | G25: COLOMBIA TELECOMUNICACIONES S.A. E.S.P. | H25: 830122566 | I25: REGISTRO FACTURA N0. EC - 250687376 POR CONCEPTO TELEFONIA MOVIL 3156531121 PERIODO 13 DE FEBRERO DE 2023 A 12 DE MARZO DE 2023, REFERENCIA PARA PAGOS 10214494 - OPERACION COMERCIAL HOTEL MORASURCO-TURNARINO LTDA. | J25: Compromiso presupuestal | K25: 2023000008 | L25: 24965
B26: 2.4.5.02.08.008 | D26: 44974 | E26: Obligacion presupuestal | F26: 2023100167 | G26: SISTEMAS, TELECOMUNICACIONES Y BIOMEDICOS DE COLOMBIA SAS | H26: 901028579 | I26: REGISTRO FAC. NO.A-904 POR CONCEPTO DE SERVICIOS DE INSTALACION DE INTERNET PYMES 320M, IP PUBLICA - OPERACION COMERCIAL HOTEL MORASURCO - TURNARINO LTDA. | J26: Compromiso presupuestal | K26: 2023000007 | L26: 756302
B27: 2.4.5.02.08.008 | D27: 44984 | E27: Obligacion presupuestal | F27: 2023100247 | G27: SISTEMAS, TELECOMUNICACIONES Y BIOMEDICOS DE COLOMBIA SAS | H27: 901028579 | I27: REGISTRO FAC. NO.A-939 POR CONCEPTO DE SERVICIOS DE INSTALACION DE INTERNET PYMES 320M, IP PUBLICA, CORRESPONDIENTE AL MES DE FEBRERO DE 2023 - OPERACION COMERCIAL HOTEL MORASURCO - TURNARINO LTDA. | J27: Compromiso presupuestal | K27: 2023000007 | L27: 756302
B28: 2.4.5.02.08.008 | D28: 44988 | E28: Obligacion presupuestal | F28: 2023100278 | G28: COMUNICACION CELULAR S.A COMCEL S.A | H28: 800153993 | I28: REGISTRO FAC. NO.R 1012455644 CORRESPONDIENTE A SERVICIOS TELEFONIA E INTERNET CORRESPONDIENTE AL MES DE MARZO, PERIODO MARZO 02 A MARZO 31 DE 2023, REF. PARA PAGO 41761038 - OPERACION COMERCIAL HOTEL MORASURCO - PROMOTORA DE TURISMO DE NARINO | J28: Compromiso presupuestal | K28: 2023000009 | L28: 112721
B29: 2.4.5.02.08.008 | D29: 45008 | E29: Obligacion presupuestal | F29: 2023100335 | G29: SISTEMAS, TELECOMUNICACIONES Y BIOMEDICOS DE COLOMBIA SAS | H29: 901028579 | I29: REGISTRO FAC. NO.A-973 POR CONCEPTO DE SERVICIOS DE INSTALACION DE INTERNET PYMES 320M, IP PUBLICA, CORRESPONDE AL MES DE MARZO DE 2023 - OPERACION COMERCIAL HOTEL MORASURCO - TURNARINO LTDA. | J29: Compromiso presupuestal | K29: 2023000007 | L29: 756302
B30: 2.4.5.02.08.008 | D30: 45008 | E30: Obligacion presupuestal | F30: 2023100343 | G30: COLOMBIA TELECOMUNICACIONES S.A. E.S.P. | H30: 830122566 | I30: REGISTRO FACTURA N0. EC - 250797113 POR CONCEPTO TELEFONIA MOVIL 3156531121 PERIODO 13 DE MARZO DE 2023 A 12 DE ABRIL DE 2023, REFERENCIA PARA PAGOS 10214494 - OPERACION COMERCIAL HOTEL MORASURCO-TURNARINO LTDA. | J30: Compromiso presupuestal | K30: 2023000008 | L30: 24970
B31: 2.4.5.02.08.008 | D31: 45018 | E31: Obligacion presupuestal | F31: 2023100470 | G31: COMUNICACION CELULAR S.A COMCEL S.A | H31: 800153993 | I31: REGISTRO FAC. NO.R 1015891579 CORRESPONDIENTE A SERVICIOS TELEFONIA E INTERNET CORRESPONDIENTE AL MES DE ABRIL, PERIODO ABRIL 01 A ABRIL 30 DE 2023, REF. PARA PAGO 41761038 - OPERACION COMERCIAL HOTEL MORASURCO - PROMOTORA DE TURISMO DE NARINO | J31: Compromiso presupuestal | K31: 2023000009 | L31: 95468
B32: 2.4.5.02.08.008 | I32: FACTURA PENDIENTE, FACTURA NUMERO25086577 | L32: 199820
K33: SUMAS | L33: =SUM(L23:L32) -> 2992155
B34: LINEAS CELULARES, TELEFONO E INTERNET HOTEL SINDAMANOY ENERO A MARZO DE 2023
B35: Cuenta | C35: Fuente | D35: Fecha | E35: Comprobante | F35: Numero | G35: Tercero | H35: Identificacion | I35: Detalle | J35: Doc Afectado | K35: Numero | L35: Credito
B36: 2.4.5.02.08.009 | D36: 44946 | E36: Obligacion presupuestal | F36: 2023590004 | G36: SISTEMAS, TELECOMUNICACIONES Y BIOMEDICOS DE COLOMBIA SAS | H36: 901028579 | I36: REGISTRO FAC. NO.A-886 POR CONCEPTO DE SERVICIOS DE INTERNET CORRESPONDE AL MES DE ENERO DE 2023 - OPERACION HOTEL SINDAMANOY - TURNARINO LTDA | J36: Compromiso presupuestal | K36: 2023000007 | L36: 168067
B37: 2.4.5.02.08.009 | D37: 44980 | E37: Obligacion presupuestal | F37: 2023590041 | G37: SISTEMAS, TELECOMUNICACIONES Y BIOMEDICOS DE COLOMBIA SAS | H37: 901028579 | I37: REGISTRO FAC. NO.A-924 POR CONCEPTO DE SERVICIOS DE INTERNET CORRESPONDE AL MES DE FEBRERO DE 2023 - OPERACION HOTEL SINDAMANOY - TURNARINO LTDA | J37: Compromiso presupuestal | K37: 2023000007 | L37: 168067
B38: 2.4.5.02.08.009 | D38: 45008 | E38: Obligacion presupuestal | F38: 2023590074 | G38: SISTEMAS, TELECOMUNICACIONES Y BIOMEDICOS DE COLOMBIA SAS | H38: 901028579 | I38: REGISTRO FAC. NO.A-958 POR CONCEPTO DE SERVICIOS DE INTERNET CORRESPONDE AL MES DE MARZO DE 2023 - OPERACION HOTEL SINDAMANOY - TURNARINO LTDA | J38: Compromiso presupuestal | K38: 2023000007 | L38: 168067
K39: SUMAS | L39: =SUM(L36:L38) -> 504201
B40: CABLE HOTEL SINDAMANOY JULIO A SEPTIEMBRE DE 2023
B41: Cuenta | C41: Fuente | D41: Fecha | E41: Comprobante | F41: Numero | G41: Tercero | H41: Identificacion | I41: Detalle | J41: Doc Afectado | K41: Numero | L41: Credito
B42: 2.4.5.02.08.007 | D42: 45109 | E42: Obligacion presupuestal | F42: 2023590143 | G42: COMUNICACION CELULAR S.A COMCEL S.A | H42: 800153993 | I42: REGISTRO FACTURA NO. R 1025258648 SERVICIO DE TELEVISION, PERIODO DEL 01 DE JULIO AL 31 DE JULIO DE 2023, REFERENCIA DE PAGO NO.34503219, PARA OPERACION CCIAL HOTEL SINDAMANOY - TURNARINO LTDA. | J42: Compromiso presupuestal | K42: 2023000006 | L42: 62054
B43: 2.4.5.02.08.007 | D43: 45109 | E43: Obligacion presupuestal | F43: 2023590144 | G43: COMUNICACION CELULAR S.A COMCEL S.A | H43: 800153993 | I43: REGISTRO FACTURA NO. R 1025258684 SERVICIO DE TELEVISION, PERIODO DEL 01 DE JULIO AL 31 DE JULIO DE 2023, REFERENCIA DE PAGO NO.34503417, PARA OPERACION CCIAL HOTEL SINDAMANOY - TURNARINO LTDA. | J43: Compromiso presupuestal | K43: 2023000006 | L43: 62054
B44: 2.4.5.02.08.007 | D44: 45109 | E44: Obligacion presupuestal | F44: 2023590145 | G44: COMUNICACION CELULAR S.A COMCEL S.A | H44: 800153993 | I44: REGISTRO FACTURA NO. R 1025258637 SERVICIO DE TELEVISION, PERIODO DEL 01 DE JULIO AL 31 DE JULIO DE 2023, REFERENCIA DE PAGO NO.34503078, PARA OPERACION CCIAL HOTEL SINDAMANOY - TURNARINO LTDA. | J44: Compromiso presupuestal | K44: 2023000006 | L44: 62054
B45: 2.4.5.02.08.007 | D45: 45109 | E45: Obligacion presupuestal | F45: 2023590146 | G45: COMUNICACION CELULAR S.A COMCEL S.A | H45: 800153993 | I45: REGISTRO FACTURA NO. R 1025258659 SERVICIO DE TELEVISION, PERIODO DEL 01 DE JULIO AL 31 DE JULIO DE 2023, REFERENCIA DE PAGO NO.34503235, PARA OPERACION CCIAL HOTEL SINDAMANOY - TURNARINO LTDA. | J45: Compromiso presupuestal | K45: 2023000006 | L45: 62054
B46: 2.4.5.02.08.007 | D46: 45109 | E46: Obligacion presupuestal | F46: 2023590147 | G46: COMUNICACION CELULAR S.A COMCEL S.A | H46: 800153993 | I46: REGISTRO FACTURA NO. R 1025258622 SERVICIO DE TELEVISION, PERIODO DEL 01 DE JULIO AL 31 DE JULIO DE 2023, REFERENCIA DE PAGO NO.345022799, PARA OPERACION CCIAL HOTEL SINDAMANOY - TURNARINO LTDA. | J46: Compromiso presupuestal | K46: 2023000006 | L46: 62054
B47: 2.4.5.02.08.007 | D47: 45109 | E47: Obligacion presupuestal | F47: 2023590148 | G47: COMUNICACION CELULAR S.A COMCEL S.A | H47: 800153993 | I47: REGISTRO FACTURA NO. R 1025258671 SERVICIO DE TELEVISION, PERIODO DEL 01 DE JULIO AL 31 DE JULIO DE 2023, REFERENCIA DE PAGO NO.34503342, PARA OPERACION CCIAL HOTEL SINDAMANOY - TURNARINO LTDA. | J47: Compromiso presupuestal | K47: 2023000006 | L47: 62054
B48: 2.4.5.02.08.007 | D48: 45140 | E48: Obligacion presupuestal | F48: 2023590163 | G48: COMUNICACION CELULAR S.A COMCEL S.A | H48: 800153993 | I48: REGISTRO FACTURA NO. R 1028708024 SERVICIO DE TELEVISION, PERIODO DEL 01 DE AGOSTO AL 31 DE AGOSTO DE 2023, REFERENCIA DE PAGO NO.34503219, PARA OPERACION CCIAL HOTEL SINDAMANOY - TURNARINO LTDA. | J48: Compromiso presupuestal | K48: 2023000006 | L48: 62054
B49: 2.4.5.02.08.007 | D49: 45140 | E49: Obligacion presupuestal | F49: 2023590164 | G49: COMUNICACION CELULAR S.A COMCEL S.A | H49: 800153993 | I49: REGISTRO FACTURA NO. R 1028708061 SERVICIO DE TELEVISION, PERIODO DEL 01 DE AGOSTO AL 31 DE AGOSTO DE 2023, REFERENCIA DE PAGO NO.34503417, PARA OPERACION CCIAL HOTEL SINDAMANOY - TURNARINO LTDA. | J49: Compromiso presupuestal | K49: 2023000006 | L49: 62054
B50: 2.4.5.02.08.007 | D50: 45140 | E50: Obligacion presupuestal | F50: 2023590165 | G50: COMUNICACION CELULAR S.A COMCEL S.A | H50: 800153993 | I50: REGISTRO FACTURA NO. R 1028708036 SERVICIO DE TELEVISION, PERIODO DEL 01 DE AGOSTO AL 31 DE AGOSTO DE 2023, REFERENCIA DE PAGO NO.34503235, PARA OPERACION CCIAL HOTEL SINDAMANOY - TURNARINO LTDA. | J50: Compromiso presupuestal | K50: 2023000006 | L50: 62054
B51: 2.4.5.02.08.007 | D51: 45140 | E51: Obligacion presupuestal | F51: 2023590166 | G51: COMUNICACION CELULAR S.A COMCEL S.A | H51: 800153993 | I51: REGISTRO FACTURA NO. R 1028707997 SERVICIO DE TELEVISION, PERIODO DEL 01 DE AGOSTO AL 31 DE AHGOSTO DE 2023, REFERENCIA DE PAGO NO.345022799, PARA OPERACION CCIAL HOTEL SINDAMANOY - TURNARINO LTDA. | J51: Compromiso presupuestal | K51: 2023000006 | L51: 62054
B52: 2.4.5.02.08.007 | D52: 45140 | E52: Obligacion presupuestal | F52: 2023590167 | G52: COMUNICACION CELULAR S.A COMCEL S.A | H52: 800153993 | I52: REGISTRO FACTURA NO. R 1028708051 SERVICIO DE TELEVISION, PERIODO DEL 01 DE AGOSTO AL 31 DE AGOSTO DE 2023, REFERENCIA DE PAGO NO.34503342, PARA OPERACION CCIAL HOTEL SINDAMANOY - TURNARINO LTDA. | J52: Compromiso presupuestal | K52: 2023000006 | L52: 62054
B53: 2.4.5.02.08.007 | D53: 45140 | E53: Obligacion presupuestal | F53: 2023590168 | G53: COMUNICACION CELULAR S.A COMCEL S.A | H53: 800153993 | I53: REGISTRO FACTURA NO. R 1028708013 SERVICIO DE TELEVISION, PERIODO DEL 01 DE AGOSTO AL 31 DE AGOSTO DE 2023, REFERENCIA DE PAGO NO.34503078, PARA OPERACION CCIAL HOTEL SINDAMANOY - TURNARINO LTDA. | J53: Compromiso presupuestal | K53: 2023000006 | L53: 62054
... B59: 2.4.5.02.08.007 | D59: 45171 | E59: Obligacion presupuestal | F59: 2023590184 | G59: COMUNICACION CELULAR S.A COMCEL S.A | H59: 800153993 | I59: REGISTRO FACTURA NO. R 1032949796 SERVICIO DE TELEVISION, PERIODO DEL 01 DE SEPTIEMBRE AL 30 DE SEPTIEMBRE DE 2023, REFERENCIA DE PAGO NO.34503078, PARA OPERACION CCIAL HOTEL SINDAMANOY - TURNARINO LTDA | J59: Compromiso presupuestal | K59: 2023000006 | L59: 62054
K60: SUMAS | L60: =SUM(L42:L59) -> 1116972
B61: GAS HOTEL MORASURCO JULIO A SEPTIEMBRE DE 2023
B62: Cuenta | C62: Fuente | D62: Fecha | E62: Comprobante | F62: Numero | G62: Tercero | H62: Identificacion | I62: Detalle | J62: Doc Afectado | K62: Numero | L62: Credito
B63: 2.4.5.02.06.003 | D63: 45120 | E63: Obligacion presupuestal suministros | F63: 2023000412 | G63: SUPERGAS DE NARIÑO S.A. E.S.P | H63: 814003050 | I63: COMPRA DE GAS PROPANO PARA OPERACION HM SEGUN FACTURA No FEVP-96785 | J63: Compromiso presupuestal | K63: 2023001021 | L63: 1516082
B64: 2.4.5.02.06.003 | D64: 45120 | E64: Obligacion presupuestal suministros | F64: 2023000413 | G64: SUPERGAS DE NARIÑO S.A. E.S.P | H64: 814003050 | I64: COMPRA DE GAS PROPANO PARA OPERACION HM SEGUN FACTURA No FEVP-96786 | J64: Compromiso presupuestal | K64: 2023001021 | L64: 2796800
A65: GAS | B65: 2.4.5.02.06.003 | D65: 45132 | E65: Obligacion presupuestal suministros | F65: 2023000434 | G65: SUPERGAS DE NARIÑO S.A. E.S.P | H65: 814003050 | I65: COMPRA DE GAS PARA OPERACION HM SEGUN FACTURA No FEVP-97931 FECHA 25/07/2023 | J65: Compromiso presupuestal | K65: 2023001021 | L65: 2427970
B66: 2.4.5.02.06.003 | D66: 45132 | E66: Obligacion presupuestal suministros | F66: 2023000435 | G66: SUPERGAS DE NARIÑO S.A. E.S.P | H66: 814003050 | I66: COMPRA DE GAS PARA OPERACION HM SEGUN FACTURA No FEVP-98079 FECHA 25/07/2023 | J66: Compromiso presupuestal | K66: 2023001021 | L66: 1317082
B67: 2.4.5.02.06.003 | D67: 45147 | E67: Obligacion presupuestal suministros | F67: 2023000463 | G67: SUPERGAS DE NARIÑO S.A. E.S.P | H67: 814003050 | I67: COMPRA DE GAS PARA OPERACION HM SEGUN FACTURA No FEVP-100088 FECHA 09/08/2023 | J67: Compromiso presupuestal | K67: 2023001021 | L67: 725674
B68: 2.4.5.02.06.003 | D68: 45147 | E68: Obligacion presupuestal suministros | F68: 2023000464 | G68: SUPERGAS DE NARIÑO S.A. E.S.P | H68: 814003050 | I68: COMPRA DE GAS PARA OPERACION HM SEGUN FACTURA No FEVP-100089 FECHA 09/08/2023 | J68: Compromiso presupuestal | K68: 2023001021 | L68: 1653145
B69: 2.4.5.02.06.003 | D69: 45156 | E69: Obligacion presupuestal suministros | F69: 2023000476 | G69: SUPERGAS DE NARIÑO S.A. E.S.P | H69: 814003050 | I69: COMPRA DE GAS PARA OPERACION HM SEGUN FACTURA No FEVP-100875 FECHA 18/08/2023 | J69: Compromiso presupuestal | K69: 2023001021 | L69: 3659937
B70: 2.4.5.02.06.003 | D70: 45179 | E70: Obligacion presupuestal suministros | F70: 2023000524 | G70: SUPERGAS DE NARIÑO S.A. E.S.P | H70: 814003050 | I70: COMPRA DE GAS PARA OPERACION HM SEGUN FACTURA No FEVP-103284 FECHA 10/09/2023 | J70: Compromiso presupuestal | K70: 2023001021 | L70: 1206392
B71: 2.4.5.02.06.003 | D71: 45179 | E71: Obligacion presupuestal suministros | F71: 2023000525 | G71: SUPERGAS DE NARIÑO S.A. E.S.P | H71: 814003050 | I71: COMPRA DE GAS PARA OPERACION HM SEGUN FACTURA No FEVP-103285 FECHA 10/09/2023 | J71: Compromiso presupuestal | K71: 2023001021 | L71: 2837959
K72: SUMAS | L72: 18141041
B73: GAS HOTEL SINDAMANOY JULIO A SEPTIEMBRE DE 2023
B74: Cuenta | C74: Fuente | D74: Fecha | E74: Comprobante | F74: Numero | G74: Tercero | H74: Identificacion | I74: Detalle | J74: Doc Afectado | K74: Numero | L74: Credito
B75: 2.4.5.02.06.004 | D75: 44945 | E75: Obligacion presupuestal Sindamanoy | F75: 2023000004 | G75: SUPERGAS DE NARIÑO S.A. E.S.P | H75: 814003050 | I75: COMPRA DE GAS PARA OPERACIÓN COMERCIAL HM, SEGÚN FAC FEVP-77130 | J75: Compromiso presupuestal | K75: 2023000073 | L75: 1739580
B76: 2.4.5.02.06.004 | D76: 44952 | E76: Obligacion presupuestal Sindamanoy | F76: 2023000010 | G76: SUPERGAS DE NARIÑO S.A. E.S.P | H76: 814003050 | I76: COMPRA DE GAS PARA OPERACIÓN COMERCIAL HM SEGÚN FACTURA FEVP 78046 | J76: Compromiso presupuestal | K76: 2023000083 | L76: 983063
B77: 2.4.5.02.06.004 | D77: 44986 | E77: Obligacion presupuestal Sindamanoy | F77: 2023000041 | G77: SUPERGAS DE NARIÑO S.A. E.S.P | H77: 814003050 | I77: COMPRA DE GAS PARA OPERACION COMERCIAL HS SEGUN FACTURA No FEVP-81258 FECHA 22/02/2023 | J77: Compromiso presupuestal | K77: 2023000293 | L77: 1365135
B78: 2.4.5.02.06.004 | D78: 44994 | E78: Obligacion presupuestal Sindamanoy | F78: 2023000044 | G78: SUPERGAS DE NARIÑO S.A. E.S.P | H78: 814003050 | I78: COMPRA DE GAS PARA OPERACION COMERCIAL HS SEGUN FACTURA No FEVP-83371 FECHA 07/03/2023 | J78: Compromiso presupuestal | K78: 2023000404 | L78: 551520
B79: 2.4.5.02.06.004 | D79: 45007 | E79: Obligacion presupuestal Sindamanoy | F79: 2023000055 | G79: SUPERGAS DE NARIÑO S.A. E.S.P | H79: 814003050 | I79: COMPRA DE GAS PARA OPERACION COMERCIAL HS SEGUN FACTURA No FEVP-83771 FECHA 17/03/2023 | J79: Compromiso presupuestal | K79: 2023000454 | L79: 632006
B80: 2.4.5.02.06.004 | D80: 45019 | E80: Obligacion presupuestal Sindamanoy | F80: 2023000072 | G80: SUPERGAS DE NARIÑO S.A. E.S.P | H80: 814003050 | I80: COMPRA DE GAS PARA OPERACION COMERCIAL HS SEGUN FACTURA No FEVP 86219 FECHA DE DESCARGUE 01/02/2023 | J80: Compromiso presupuestal | K80: 2023000544 | L80: 743040
B81: 2.4.5.02.06.004 | D81: 45034 | E81: Obligacion presupuestal Sindamanoy | F81: 2023000084 | G81: SUPERGAS DE NARIÑO S.A. E.S.P | H81: 814003050 | I81: COMPRA DE GAS PARA OPERACION COMERCIAL HS SEGUN FACTURA No FEVP-87028 FECHA 14/04/2023 | J81: Compromiso presupuestal | K81: 2023000710 | L81: 814334
B82: 2.4.5.02.06.004 | D82: 45049 | E82: Obligacion presupuestal Sindamanoy | F82: 2023000104 | G82: SUPERGAS DE NARIÑO S.A. E.S.P | H82: 814003050 | I82: COMPRA DE GAS PARA OPERACION COMERCIAL HS SEGUN FACTURA No FEVP-89058 FECHA 30/04/2023 | J82: Compromiso presupuestal | K82: 2023000782 | L82: 655930
B83: 2.4.5.02.06.004 | D83: 45078 | E83: Obligacion presupuestal Sindamanoy | F83: 2023000137 | G83: SUPERGAS DE NARIÑO S.A. E.S.P | H83: 814003050 | I83: COMPRA DE GAS PROPANO PARA OPERACIÓN COMERCIAL HS SEGÚN FAC No. FEVP-93031 FECHA 31/05/2023 | J83: Compromiso presupuestal | K83: 2023001021 | L83: 620330
B84: 2.4.5.02.06.004 | D84: 45078 | E84: Obligacion presupuestal Sindamanoy | F84: 2023000138 | G84: SUPERGAS DE NARIÑO S.A. E.S.P | H84: 814003050 | I84: COMPRA DE GAS PROPANO PARA OPERACIÓN COMERCIAL HS SEGÚN FAC No. FEVP-93036 FECHA 31/05/2023 | J84: Compromiso presupuestal | K84: 2023001021 | L84: 620330
B85: 2.4.5.02.06.004 | D85: 45089 | E85: Obligacion presupuestal Sindamanoy | F85: 2023000152 | G85: SUPERGAS DE NARIÑO S.A. E.S.P | H85: 814003050 | I85: COMPRA DE GAS PARA OPERACION COMERCIAL HM SEGUN FACTURA No FEVP-93656 FECHA 12/06/2023 | J85: Compromiso presupuestal | K85: 2023001021 | L85: 711450
B86: 2.4.5.02.06.004 | D86: 45102 | E86: Obligacion presupuestal Sindamanoy | F86: 2023000163 | G86: SUPERGAS DE NARIÑO S.A. E.S.P | H86: 814003050 | I86: COMPRA DE GAS PARA OPERACION HM SEGUN FACTURA No FEVP-95029 FECHA 25/06/2023 | J86: Compromiso presupuestal | K86: 2023001021 | L86: 627372
... B92: 2.4.5.02.06.004 | D92: 45186 | E92: Obligacion presupuestal Sindamanoy | F92: 2023000248 | G92: SUPERGAS DE NARIÑO S.A. E.S.P | H92: 814003050 | I92: COMPRA DE GAS PARA OPERACION HS SEGUN FACTURA No FEVP-103534 FECHA 17/09/2023 | J92: Compromiso presupuestal | K92: 2023001021 | L92: 596785
K93: SUMAS | L93: =SUM(L75:L92) -> 14436296
K94: TOTAL | L94: =+L72+L93 -> 32577337
B96: Cuenta | C96: Fuente | D96: Fecha | E96: Comprobante | F96: Numero | G96: Tercero | H96: Identificacion | I96: Detalle | J96: Doc Afectado | K96: Numero | L96: Credito | M96: Contra Credito
B97: 2.1.2.02.02.008.003 | D97: 45108 | E97: Disminucion a obligacion presupuest | F97: 2023000001 | G97: COMPUCONTA SOFWARE ASESORES SAS | H97: 900274678 | I97: REGISTRO FAC. NO.FE - 2379, CONTRATO DE PRESTACION DE SERVICIOS NO.TN-012 - 2023 POR PRESTACION DE SERVICIOS PARA LOS SERVICIOS DE CAPACITACION, SOPORTE TECNICO Y ACTUALIZACION PERIODO 2023, EN EL SOFTWARE COMPUCONTA DE CONFORMIDAD CON EL ALCANCE , LAS OBLIGACIONES ESPECIFICAS, CUOTA 2 DE 3, OPERACION CONTABLE HOTEL MORASURCO - TURNARINO LTDA | J97: Obligacion presupuestal | K97: 2023100588 | L97: 0 | M97: 604679
B98: 2.1.2.02.02.008.003 | D98: 45110 | E98: Obligacion presupuestal | F98: 2023100853 | G98: MORILLO QUIROZ SOFIA JULIETH | H98: 1087673650 | I98: REGISTRO FAC. No.DSHM - 1981, CORRESPONDE SERVICIOS PROFESIONALES COMO REVISOR FISCAL DURANTE EL MES DE JUNIO DE 2023 - ESTABLECIMIENTOS COMERCIALES HOTEL MORASURCO Y HOTEL SINDAMANOY - OPERACION COMERCIAL TURNARINO LTDA | J98: Compromiso presupuestal | K98: 2023000690 | L98: 2500000 | M98: 0
B99: 2.1.2.02.02.008.003 | D99: 45127 | E99: Obligacion presupuestal | F99: 2023100932 | G99: VELAZQUEZ ORDOÑEZ RAY ESTEBAN | H99: 1085288499 | I99: REGISTRO FAC.NO.DSHM - 2041 CORRESPONDIENTE A SERVICIOS PROFESIONALES PARA ADELANTAR TRAMITES Y LA ENTREGA DE RESOLUCION POR PERMISO DE VERTIMIENTOS DE AGUA PARA HOTEL SINDAMANOY - OPERACION COMERCIAL TURNARINO LTDA. APOYO LOGISTICO EN EJECUCION DEL CONVENIO INTERADMINISTRATIVO SUSCRITO CON LA SECRETARIA DE GOBIERNO NO.GN3191-2023, GOBERNACION DE NARINO, SERVICIO DE HOSPEDAJE Y ALIMENTACION EVENTO DE ATENCION POR CASO DE RIESGO, OPERACION COMERCIAL HOTEL MORASURCO - TURNARINO LTDA. | J99: Compromiso presupuestal | K99: 2023001352 | L99: 6500000 | M99: 0
B100: 2.1.2.02.02.008.003 | D100: 45133 | E100: Obligacion presupuestal | F100: 2023100942 | G100: ERAZO DIAZ KEVIN GIOVANNY | H100: 1007254071 | I100: REGISTRO FAC.NO.DSHM - 2055 PARA PRESTAR LOS SERVICIOS DE SERVICIOS DE APOYO A LA GESTION DE COBROS Y DEPURACION DE CARTERA DE LA ENTIDAD, OPERACION COMERCIAL HOTEL MORASURCO Y HOTEL SINDAMANOY , CORRESPONDE AL MES DE JULIO DE 2023, OPERACION COMERCIAL TURNARINO LTDA | J100: Compromiso presupuestal | K100: 2023001134 | L100: 1300000 | M100: 0
B101: 2.1.2.02.02.008.003 | D101: 45133 | E101: Obligacion presupuestal | F101: 2023100943 | G101: VITERI SANTANDER INGRID ESTEFANIA | H101: 1085332996 | I101: REGISTRO FAC. NO.DSHM - 2050, POR CONCEPTO DE SERVICIOS DE APOYO A LA GESTION EN LAS DIFERENTES ACTIVIDADES DE GERENCIA; CORRESPONDIENTE AL MES DE JULIO DE 2023 - OPERACION TURNARIÑO LTDA. | J101: Compromiso presupuestal | K101: 2023001316 | L101: 1950000 | M101: 0
B102: 2.1.2.02.02.008.003 | D102: 45133 | E102: Obligacion presupuestal | F102: 2023100948 | G102: FLOREZ BENAVIDES JOSE SANTIAGO | H102: 1085341520 | I102: REGISTRO FAC. NO.DSHM - 2058 POR CONCEPTO DE SERVICIOS PROFESIONALES DE APOYO AL AREA JURÍDICA Y AL DESARROLLO DE LAS ACTIVIDADES LEGALES DE LA ENTIDAD; CORRESPONDIENTE AL MES DE JULIO DE 2023 - OPERACION TURNARIÑO LTDA. | J102: Compromiso presupuestal | K102: 2023001339 | L102: 2000000 | M102: 0
B103: 2.1.2.02.02.008.003 | D103: 45133 | E103: Obligacion presupuestal | F103: 2023100950 | G103: MORILLO QUIROZ SOFIA JULIETH | H103: 1087673650 | I103: REGISTRO FAC. No.DSHM - 2059, CORRESPONDE SERVICIOS PROFESIONALES COMO REVISOR FISCAL DURANTE EL MES DE JULIO DE 2023 - ESTABLECIMIENTOS COMERCIALES HOTEL MORASURCO Y HOTEL SINDAMANOY - OPERACION COMERCIAL TURNARINO LTDA | J103: Compromiso presupuestal | K103: 2023000690 | L103: 2500000 | M103: 0
B104: 2.1.2.02.02.008.003 | D104: 45136 | E104: Obligacion presupuestal | F104: 2023100974 | G104: PIANDA MEJIA HERMES ANDRES | H104: 5206610 | I104: REGISTRO FAC. No.DSHM - 2065 POR CONCEPTO DE SERVICIOS PROFESIONALES INGENIERO DE SISTEMAS CORRESPONDIENTE AL MES DE JULIO DE 2023-OPERACION COMERCIAL HOTEL MORASURCO - TURNARINO LTDA., | J104: Compromiso presupuestal | K104: 2023001203 | L104: 1300000 | M104: 0
B105: 2.1.2.02.02.008.003 | D105: 45138 | E105: Obligacion presupuestal | F105: 2023100984 | G105: COMPUCONTA SOFWARE ASESORES SAS | H105: 900274678 | I105: REGISTRO FAC. NO.FE - 2499, CONTRATO DE PRESTACION DE SERVICIOS NO.012 - 2023 POR PRESTACION DE SERVICIOS PARA LOS SERVICIOS DE CAPACITACION, SOPORTE TECNICO Y ACTUALIZACION PERIODO 2023, EN EL SOFTWARE COMPUCONTA DE CONFORMIDAD CON EL ALCANCE , LAS OBLIGACIONES ESPECIFICAS, CUOTA 3 DE 3, OPERACION CONTABLE HOTEL MORASURCO - TURNARINO LTDA | J105: Compromiso presupuestal | K105: 2023000090 | L105: 4243361 | M105: 0
B106: 2.1.2.02.02.008.003 | D106: 45164 | E106: Obligacion presupuestal | F106: 2023101110 | G106: PIANDA MEJIA HERMES ANDRES | H106: 5206610 | I106: REGISTRO FAC. No.DSHM - 2151 POR CONCEPTO DE SERVICIOS PROFESIONALES INGENIERO DE SISTEMAS CORRESPONDIENTE AL MES DE AGOSTO DE 2023-OPERACION COMERCIAL HOTEL MORASURCO - TURNARINO LTDA. | J106: Compromiso presupuestal | K106: 2023001203 | L106: 1300000 | M106: 0
B107: 2.1.2.02.02.008.003 | D107: 45164 | E107: Obligacion presupuestal | F107: 2023101111 | G107: VITERI SANTANDER INGRID ESTEFANIA | H107: 1085332996 | I107: REGISTRO FAC. NO.DSHM - 2149, POR CONCEPTO DE SERVICIOS DE APOYO A LA GESTION EN LAS DIFERENTES ACTIVIDADES DE GERENCIA; CORRESPONDIENTE AL MES DE AGOSTO DE 2023 - OPERACION TURNARIÑO LTDA. | J107: Compromiso presupuestal | K107: 2023001316 | L107: 1950000 | M107: 0
B108: 2.1.2.02.02.008.003 | D108: 45164 | E108: Obligacion presupuestal | F108: 2023101114 | G108: FLOREZ BENAVIDES JOSE SANTIAGO | H108: 1085341520 | I108: REGISTRO FAC. NO.DSHM - 2148 POR CONCEPTO DE SERVICIOS PROFESIONALES DE APOYO AL AREA JURÍDICA Y AL DESARROLLO DE LAS ACTIVIDADES LEGALES DE LA ENTIDAD; CORRESPONDIENTE AL MES DE AGOSTO DE 2023 - OPERACION TURNARIÑO LTDA. | J108: Compromiso presupuestal | K108: 2023001339 | L108: 2000000 | M108: 0
... B116: 2.1.2.02.02.008.003 | D116: 45195 | E116: Obligacion presupuestal | F116: 2023101375 | G116: CORDOBA MUÑOZ JOHNSON EDGARDO | H116: 87070246 | I116: REGISTRO FAC. NO.DSHM - 2343, PRESTAR LOS SERVICIOS DE APOYO A LA GESTION A LAS AREAS DE AUDITORIA, REALIZANDO UNA REVISIÓN Y ANALISIS DETALLADO DE LOS MOVIMIENTOS DIARIOS DE LOS ESTABLECIMIENTOS DE COMERCIO HOTEL MORASURCO Y HOTEL SINDAMANOY CORRESPONDE AL MES DE AGOSTO DE 2023, OPERACION COMERCIAL TURNARINO LTDA | J116: Compromiso presupuestal | K116: 2023001206 | L116: 1950000 | M116: 0
A117: PAPELERIA | B117: 2.1.2.02.02.008.003 | D117: 45197 | E117: Obligacion presupuestal | F117: 2023101404 | G117: ERAZO DIAZ KEVIN GIOVANNY | H117: 1007254071 | I117: REGISTRO FAC. NO.DSHM - 2150 PARA PRESTAR LOS SERVICIOS DE APOYO A LA GESTION DE COBROS Y DEPURACION DE CARTERA DE LA ENTIDAD, OPERACION COMERCIAL HOTEL MORASURCO Y HOTEL SINDAMANOY CORRESPONDE AL MES DE AGOSTO DE 2023 - TURNARINO LTDA | J117: Compromiso presupuestal | K117: 2023001134 | L117: 1300000 | M117: 0
B118: 2.1.2.02.02.008.003 | D118: 45197 | E118: Obligacion presupuestal | F118: 2023101405 | G118: DE LA CRUZ LOPEZ KATHERINE | H118: 1085315713 | I118: REGISTRO FAC. NO.DSHM - 2301 CORRESPONDIENTE A APOYO A LA GESTION CONTABLE EN EL DEPARTAMENTO FINANCIERO EN ACTIVIDADES ENCAMINADAS A LA EJECUCION Y CONTROL DE PROCESOS DE DEPURACION CONTABLE DEL 01 AL 31 DE AGOSTO DE 2023, OPERACION COMERCIAL HOTEL MORASURCO - TURNARINO LTDA | J118: Compromiso presupuestal | K118: 2023001199 | L118: 2000000 | M118: 0
...

Sheet JULIO- SEPTIEMBRE 2023 
B1: INFORME AUSTERIDAD DEL GASTO
B2: ENERGIA HOTEL MORASURCO JULIO - SEPTIEMBRE 2023
A3: ENERGIA | B3: Cuenta | C3: Fuente | D3: Fecha | E3: Comprobante | F3: Numero | G3: Tercero | H3: Identificacion | I3: Detalle | J3: Doc Afectado | K3: Numero | L3: Credito
B4: 2.4.5.02.06.007 | D4: 45114 | E4: Obligacion presupuestal | F4: 2023100868 | G4: CENTRALES ELECTRICAS DE NARINO S.A. E.S.P | H4: 891200200 | I4: REGISTRO DE FACTURA NO.46839409 CODIGO INTERNO CE-215954 PERIODO DEL 23 DE MAYO DE 2023 A 22 DE JUNIO DE 2023, REFERENCIA DE PAGO NO.95576769 PARA OPERACIÓN CCIAL HOTEL MORASURCO DE PROPIEDAD DE TURNARIÑO LTDA. | J4: Compromiso presupuestal | K4: 2023000005 | L4: 5121250
B5: 2.4.5.02.06.007 | D5: 45146 | E5: Obligacion presupuestal | F5: 2023101021 | G5: CENTRALES ELECTRICAS DE NARINO S.A. E.S.P | H5: 891200200 | I5: REGISTRO DE FACTURA NO.47467906 CODIGO INTERNO CE-215954 PERIODO DEL 22 DE JUNIO DE 2023 A 22 DE JULIO DE 2023, REFERENCIA DE PAGO NO.97375703 PARA OPERACIÓN CCIAL HOTEL MORASURCO DE PROPIEDAD DE TURNARIÑO LTDA. | J5: Compromiso presupuestal | K5: 2023000005 | L5: 5802480
B6: 2.4.5.02.06.007 | D6: 45176 | E6: Obligacion presupuestal | F6: 2023101242 | G6: CENTRALES ELECTRICAS DE NARINO S.A. E.S.P | H6: 891200200 | I6: REGISTRO DE FACTURA NO.48021020 CODIGO INTERNO CE-215954 PERIODO DEL 22 DE JULIO DE 2023 A 23 DE AGOSTO DE 2023, REFERENCIA DE PAGO NO.97985469 PARA OPERACIÓN CCIAL HOTEL MORASURCO DE PROPIEDAD DE TURNARIÑO LTDA. | J6: Compromiso presupuestal | K6: 2023000005 | L6: 5861250
I7: TOTAL ENERGIA HOTEL MORASURCO | L7: =SUM(L4:L6) -> 16784980
B8: Cuenta | C8: Fuente | D8: Fecha | E8: Comprobante | F8: Numero | G8: Tercero | H8: Identificacion | I8: Detalle | J8: Doc Afectado | K8: Numero | L8: Credito
B9: 2.4.5.02.06.008 | D9: 45110 | E9: Obligacion presupuestal | F9: 2023590149 | G9: CENTRALES ELECTRICAS DE NARINO S.A. E.S.P | H9: 891200200 | I9: REGISTRO DE FACTURA NO.46607548 CODIGO INTERNO CE-1071403 PERIODO DEL 06 DE JUNIO DE 2023 A 06 DE JULIO DE 2023, REFERENCIA DE PAGO NO.94450999 PARA OPERACIÓN CCIAL HOTEL SINDAMANOY DE PROPIEDAD DE TURNARIÑO LTDA. | J9: Compromiso presupuestal | K9: 2023000005 | L9: 3170680
B10: 2.4.5.02.06.008 | D10: 45139 | E10: Obligacion presupuestal | F10: 2023590162 | G10: CENTRALES ELECTRICAS DE NARINO S.A. E.S.P | H10: 891200200 | I10: REGISTRO DE FACTURA NO.47178354 CODIGO INTERNO CE-1071403 PERIODO DEL 07 DE JULIO DE 2023 A 05 DE AGOSTO DE 2023, REFERENCIA DE PAGO NO.97056137 PARA OPERACIÓN CCIAL HOTEL SINDAMANOY DE PROPIEDAD DE TURNARIÑO LTDA. | J10: Compromiso presupuestal | K10: 2023000005 | L10: 3399420
